Workbook

Sheet START HERE
A1: Cells contained in this worksheet may contain cells with dropdown lists as well as autopopulated formulas.
A2: HECVAT™ Solution Provider Response - Start Here | F2: ='Auto Responses'!$A$36
A3: Date Completed | C3: 46317
A4: Instructions for Solution Providers
A5: =HLOOKUP($A$4,'Auto Responses'!$D$2:$D$8,2,0)&""
A6: =HLOOKUP($A$4,'Auto Responses'!$D$2:$D$8,3,0)&""
A7: =HLOOKUP($A$4,'Auto Responses'!$D$2:$D$8,4,0)&"" -> 3. Guidance in column E may change based on your answers to prompt details in "Additional Information." If leaving an answer blank, you must also state why in "Additional Information".
A8: =HLOOKUP($A$4,'Auto Responses'!$D$2:$D$8,5,0)&""
A9: =HLOOKUP($A$4,'Auto Responses'!$D$2:$D$8,6,0)&""
A10: =HLOOKUP($A$4,'Auto Responses'!$D$2:$D$8,7,0)&""
A11: =HLOOKUP($A$4,'Auto Responses'!$D$2:$D$9,8,0)&""
A12: =VLOOKUP(LEFT($A13,4),'Auto Responses'!$N$4:$O$38,2,0)&"" -> General Information
A13: GNRL-01 | B13: =VLOOKUP($A13,Questions!$A$2:$X$333,2,0)&"" | C13: BLOOM EDTECH
A14: GNRL-02 | B14: =VLOOKUP($A14,Questions!$A$2:$X$333,2,0)&"" | C14: Edugator
A15: GNRL-03 | B15: =VLOOKUP($A15,Questions!$A$2:$X$333,2,0)&"" | C15: Edugator is a web-based (SaaS) platform for computing education. Instructors author programming problems, lessons and timed exams; students write and run code in the browser with automated test-case grading; instructors get a gradebook and analytics. Integrates with Canvas via LTI 1.3 (launch, roster, grade passback) and includes optional AI features (an AI tutor for students and AI-assisted authoring for instructors) powered by OpenAI.
A16: GNRL-04 | B16: =VLOOKUP($A16,Questions!$A$2:$X$333,2,0)&"" | C16: Marc Diaz
A17: GNRL-05 | B17: =VLOOKUP($A17,Questions!$A$2:$X$333,2,0)&"" | C17: Founder
A18: GNRL-06 | B18: =VLOOKUP($A18,Questions!$A$2:$X$333,2,0)&"" | C18: marc@edugator.app
A19: GNRL-07 | B19: =VLOOKUP($A19,Questions!$A$2:$X$333,2,0)&"" | C19: 352-281-4587
A20: GNRL-08 | B20: =VLOOKUP($A20,Questions!$A$2:$X$333,2,0)&"" | C20: United States
A21: GNRL-09 | B21: =VLOOKUP($A21,Questions!$A$2:$X$333,2,0)&"" | C21: Remote US
A22: =VLOOKUP(LEFT($A23,4),'Auto Responses'!$N$4:$O$38,2,0)&"" -> Company Information | C22: Answer | D22: Additional Information | E22: Guidance | F22: Analyst Notes
A23: COMP-01 | B23: =VLOOKUP($A23,Questions!$A$2:$X$333,2,0)&"" | C23: Yes | D23: Small in-house engineering team responsible for development, operations and support. | E23: =IF($C23='Auto Responses'!$J$3,VLOOKUP($A23,Questions!$A$2:$X$333,17,0)&"",IF($C23='Auto Responses'!$J$4,VLOOKUP($A23,Questions!$A$2:$X$333,16,0)&"",IF($C23='Auto Responses'!$J$5,VLOOKUP($A23,Questions!$A$2:$X$333,18,0)&"",VLOOKUP($A23,Questions!$A$2:$X$333,15,0)&""))) | F23: =VLOOKUP($A23,'Institution Evaluation'!$A$56:$F$345,6,0)&""
A24: COMP-02 | B24: =VLOOKUP($A24,Questions!$A$2:$X$333,2,0)&"" | C24: CONFIRM: [Describe legal entity, ownership, any parent/subsidiary relationships.] Edugator has no offshore operations; all staff and systems are in the United States. | E24: =IF($C24='Auto Responses'!$J$3,VLOOKUP($A24,Questions!$A$2:$X$333,17,0)&"",IF($C24='Auto Responses'!$J$4,VLOOKUP($A24,Questions!$A$2:$X$333,16,0)&"",VLOOKUP($A24,Questions!$A$2:$X$333,15,0)&"")) | F24: =VLOOKUP($A24,'Institution Evaluation'!$A$56:$F$345,6,0)&""
A25: COMP-03 | B25: =VLOOKUP($A25,Questions!$A$2:$X$333,2,0)&"" | C25: Yes | D25: No unplanned disruptions to the solution in the past 12 months. | E25: =IF($C25='Auto Responses'!$J$3,VLOOKUP($A25,Questions!$A$2:$X$333,17,0)&"",IF($C25='Auto Responses'!$J$4,VLOOKUP($A25,Questions!$A$2:$X$333,16,0)&"",VLOOKUP($A25,Questions!$A$2:$X$333,15,0)&"")) | F25: =VLOOKUP($A25,'Institution Evaluation'!$A$56:$F$345,6,0)&""
A26: COMP-04 | B26: =VLOOKUP($A26,Questions!$A$2:$X$333,2,0)&"" | C26: No | D26: Security is handled by the engineering team; there is no dedicated security staff or office. | E26: =IF($C26='Auto Responses'!$J$3,VLOOKUP($A26,Questions!$A$2:$X$333,17,0)&"",IF($C26='Auto Responses'!$J$4,VLOOKUP($A26,Questions!$A$2:$X$333,16,0)&"",VLOOKUP($A26,Questions!$A$2:$X$333,15,0)&"")) | F26: =VLOOKUP($A26,'Institution Evaluation'!$A$56:$F$345,6,0)&""
A27: COMP-05 | B27: =VLOOKUP($A27,Questions!$A$2:$X$333,2,0)&"" | C27: Edugator runs on AWS (us-east-1): containers on Amazon ECS behind an Application Load Balancer with TLS 1.2/1.3, Amazon RDS PostgreSQL, Amazon S3 (SSE-AES256) for assets, DynamoDB for caches, SSM Parameter Store for secrets. The frontend is a static Next.js site on S3/CloudFront. Authentication is delegated to Clerk (email/password and SAML SSO) and LTI 1.3 from Canvas. Infrastructure is managed as code with Terraform; deployments run through GitHub Actions with OIDC-based AWS roles after automated tests pass. Application code uses parameterized SQL (sqlc) and role-based authorization (instructor / TA / student / platform admin). | E27: =IF($C27='Auto Responses'!$J$3,VLOOKUP($A27,Questions!$A$2:$X$333,17,0)&"",IF($C27='Auto Responses'!$J$4,VLOOKUP($A27,Questions!$A$2:$X$333,16,0)&"",VLOOKUP($A27,Questions!$A$2:$X$333,15,0)&"")) | F27: =VLOOKUP($A27,'Institution Evaluation'!$A$56:$F$345,6,0)&"" | G27: End Table Data
A28: =VLOOKUP(LEFT($A29,4),'Auto Responses'!$N$4:$O$38,2,0)&"" -> Required Questions | C28: Answer | D28: Additional Information | E28: Guidance | F28: Analyst Notes
A29: REQU-01 | B29: =VLOOKUP($A29,Questions!$A$2:$X$333,2,0)&"" | C29: Yes | E29: =IF($C29='Auto Responses'!$J$3,VLOOKUP($A29,Questions!$A$2:$X$333,17,0)&"",IF($C29='Auto Responses'!$J$4,VLOOKUP($A29,Questions!$A$2:$X$333,16,0)&"",VLOOKUP($A29,Questions!$A$2:$X$333,15,0)&"")) | F29: =VLOOKUP($A29,'Institution Evaluation'!$A$56:$F$345,6,0)&""
A30: REQU-02 | B30: =VLOOKUP($A30,Questions!$A$2:$X$333,2,0)&"" | C30: Yes | E30: =IF($C30='Auto Responses'!$J$3,VLOOKUP($A30,Questions!$A$2:$X$333,17,0)&"",IF($C30='Auto Responses'!$J$4,VLOOKUP($A30,Questions!$A$2:$X$333,16,0)&"",VLOOKUP($A30,Questions!$A$2:$X$333,15,0)&"")) | F30: =VLOOKUP($A30,'Institution Evaluation'!$A$56:$F$345,6,0)&""
A31: REQU-03 | B31: =VLOOKUP($A31,Questions!$A$2:$X$333,2,0)&"" | C31: No | E31: =IF($C31='Auto Responses'!$J$3,VLOOKUP($A31,Questions!$A$2:$X$333,17,0)&"",IF($C31='Auto Responses'!$J$4,VLOOKUP($A31,Questions!$A$2:$X$333,16,0)&"",VLOOKUP($A31,Questions!$A$2:$X$333,15,0)&"")) | F31: =VLOOKUP($A31,'Institution Evaluation'!$A$56:$F$345,6,0)&""
A32: REQU-04 | B32: =VLOOKUP($A32,Questions!$A$2:$X$333,2,0)&"" | C32: Yes | D32: AI tutor chat and AI-assisted authoring powered by OpenAI. See AI tab. | E32: =IF($C32='Auto Responses'!$J$3,VLOOKUP($A32,Questions!$A$2:$X$333,17,0)&"",IF($C32='Auto Responses'!$J$4,VLOOKUP($A32,Questions!$A$2:$X$333,16,0)&"",VLOOKUP($A32,Questions!$A$2:$X$333,15,0)&"")) | F32: =VLOOKUP($A32,'Institution Evaluation'!$A$56:$F$345,6,0)&""
A33: REQU-05 | B33: =VLOOKUP($A33,Questions!$A$2:$X$333,2,0)&"" | C33: No | E33: =IF($C33='Auto Responses'!$J$3,VLOOKUP($A33,Questions!$A$2:$X$333,17,0)&"",IF($C33='Auto Responses'!$J$4,VLOOKUP($A33,Questions!$A$2:$X$333,16,0)&"",VLOOKUP($A33,Questions!$A$2:$X$333,15,0)&"")) | F33: =VLOOKUP($A33,'Institution Evaluation'!$A$56:$F$345,6,0)&""
A34: REQU-06 | B34: =VLOOKUP($A34,Questions!$A$2:$X$333,2,0)&"" | C34: Yes | D34: Optional student access fees are paid through Stripe-hosted Checkout. Card data is entered on Stripe's pages and never reaches Edugator systems. | E34: =IF($C34='Auto Responses'!$J$3,VLOOKUP($A34,Questions!$A$2:$X$333,17,0)&"",IF($C34='Auto Responses'!$J$4,VLOOKUP($A34,Questions!$A$2:$X$333,16,0)&"",VLOOKUP($A34,Questions!$A$2:$X$333,15,0)&"")) | F34: =VLOOKUP($A34,'Institution Evaluation'!$A$56:$F$345,6,0)&""
A35: REQU-07 | B35: =VLOOKUP($A35,Questions!$A$2:$X$333,2,0)&"" | C35: No | E35: =IF($C35='Auto Responses'!$J$3,VLOOKUP($A35,Questions!$A$2:$X$333,17,0)&"",IF($C35='Auto Responses'!$J$4,VLOOKUP($A35,Questions!$A$2:$X$333,16,0)&"",VLOOKUP($A35,Questions!$A$2:$X$333,15,0)&"")) | F35: =VLOOKUP($A35,'Institution Evaluation'!$A$56:$F$345,6,0)&""
A36: REQU-08 | B36: =VLOOKUP($A36,Questions!$A$2:$X$333,2,0)&"" | C36: Yes | D36: Student names, emails, code submissions, and AI chat history. | E36: =IF($C36='Auto Responses'!$J$3,VLOOKUP($A36,Questions!$A$2:$X$333,17,0)&"",IF($C36='Auto Responses'!$J$4,VLOOKUP($A36,Questions!$A$2:$X$333,16,0)&"",VLOOKUP($A36,Questions!$A$2:$X$333,15,0)&"")) | F36: =VLOOKUP($A36,'Institution Evaluation'!$A$56:$F$345,6,0)&"" | G36: End Table Data
A37: Note: The "Organization" tab is required for ALL products and services.
A38: Copyright © 2025 EDUCAUSE

Sheet Organization
A1: Cells contained in this worksheet may contain cells with dropdown lists as well as autopopulated formulas.
A2: HECVAT Solution Provider Response - Organization | F2: ='Auto Responses'!$A$36
A3: Date Completed | C3: ='START HERE'!$C$3
A4: Instructions for Solution Providers
A5: =HLOOKUP($A$4,'Auto Responses'!$D$2:$D$8,2,0)&""
A6: =HLOOKUP($A$4,'Auto Responses'!$D$2:$D$8,3,0)&""
A7: =HLOOKUP($A$4,'Auto Responses'!$D$2:$D$8,4,0)&"" -> 3. Guidance in column E may change based on your answers to prompt details in "Additional Information." If leaving an answer blank, you must also state why in "Additional Information".
A8: =HLOOKUP($A$4,'Auto Responses'!$D$2:$D$8,5,0)&""
A9: =HLOOKUP($A$4,'Auto Responses'!$D$2:$D$8,6,0)&""
A10: =HLOOKUP($A$4,'Auto Responses'!$D$2:$D$8,7,0)&""
A11: =HLOOKUP($A$4,'Auto Responses'!$D$2:$D$9,8,0)&""
A12: =VLOOKUP(LEFT($A13,4),'Auto Responses'!$N$4:$O$38,2,0)&"" -> General Information | C12: Answer
A13: GNRL-01 | B13: =VLOOKUP($A13,Questions!$A$2:$X$333,2,0)&"" | C13: =VLOOKUP($A13,'START HERE'!$A$13:$C$21,3,0)&""
A14: GNRL-02 | B14: =VLOOKUP($A14,Questions!$A$2:$X$333,2,0)&"" | C14: =VLOOKUP($A14,'START HERE'!$A$13:$C$21,3,0)&""
A15: GNRL-03 | B15: =VLOOKUP($A15,Questions!$A$2:$X$333,2,0)&"" | C15: =VLOOKUP($A15,'START HERE'!$A$13:$C$21,3,0)&""
A16: GNRL-04 | B16: =VLOOKUP($A16,Questions!$A$2:$X$333,2,0)&"" | C16: =VLOOKUP($A16,'START HERE'!$A$13:$C$21,3,0)&""
A17: GNRL-05 | B17: =VLOOKUP($A17,Questions!$A$2:$X$333,2,0)&"" | C17: =VLOOKUP($A17,'START HERE'!$A$13:$C$21,3,0)&""
A18: GNRL-06 | B18: =VLOOKUP($A18,Questions!$A$2:$X$333,2,0)&"" | C18: =VLOOKUP($A18,'START HERE'!$A$13:$C$21,3,0)&""
A19: GNRL-07 | B19: =VLOOKUP($A19,Questions!$A$2:$X$333,2,0)&"" | C19: =VLOOKUP($A19,'START HERE'!$A$13:$C$21,3,0)&""
A20: GNRL-08 | B20: =VLOOKUP($A20,Questions!$A$2:$X$333,2,0)&"" | C20: =VLOOKUP($A20,'START HERE'!$A$13:$C$21,3,0)&""
A21: =VLOOKUP(LEFT($A22,4),'Auto Responses'!$N$4:$O$38,2,0)&"" -> Documentation | C21: Answer | D21: Additional Information | E21: Guidance | F21: Analyst Notes
A22: DOCU-01 | B22: =VLOOKUP($A22,Questions!$A$2:$X$333,2,0) | C22: Yes | D22: Edugator internal policies (available on request): Business Continuity and Disaster Recovery Plan, owned by Marc Diaz (Founder), tested annually (point-in-time database restore and release redeploy). | E22: =IF($C22='Auto Responses'!$J$3,VLOOKUP($A22,Questions!$A$2:$X$333,17,0)&"",IF($C22='Auto Responses'!$J$4,VLOOKUP($A22,Questions!$A$2:$X$333,16,0)&"",VLOOKUP($A22,Questions!$A$2:$X$333,15,0)&"")) | F22: =VLOOKUP($A22,'Institution Evaluation'!$A$56:$F$345,6,0)&""
A23: DOCU-02 | B23: =VLOOKUP($A23,Questions!$A$2:$X$333,2,0) | C23: Yes | D23: Edugator internal policies (available on request): Business Continuity and Disaster Recovery Plan, owned by Marc Diaz (Founder). RDS point-in-time restore (7-day retention), last known good release redeployable in minutes, infrastructure rebuildable from Terraform. RTO 4 hours / RPO 5 minutes for database loss. Tested annually. | E23: =IF($C23='Auto Responses'!$J$3,VLOOKUP($A23,Questions!$A$2:$X$333,17,0)&"",IF($C23='Auto Responses'!$J$4,VLOOKUP($A23,Questions!$A$2:$X$333,16,0)&"",VLOOKUP($A23,Questions!$A$2:$X$333,15,0)&"")) | F23: =VLOOKUP($A23,'Institution Evaluation'!$A$56:$F$345,6,0)&""
A24: DOCU-03 | B24: =VLOOKUP($A24,Questions!$A$2:$X$333,2,0) | C24: No | D24: No SOC 2 audit has been performed. Hosting provider (AWS) is SOC 2 Type 2. | E24: =IF($C24='Auto Responses'!$J$3,VLOOKUP($A24,Questions!$A$2:$X$333,17,0)&"",IF($C24='Auto Responses'!$J$4,VLOOKUP($A24,Questions!$A$2:$X$333,16,0)&"",VLOOKUP($A24,Questions!$A$2:$X$333,15,0)&"")) | F24: =VLOOKUP($A24,'Institution Evaluation'!$A$56:$F$345,6,0)&""
A25: DOCU-04 | B25: =VLOOKUP($A25,Questions!$A$2:$X$333,2,0) | C25: No | D25: No formal certification. Edugator's policies are aligned with the CIS Critical Security Controls, Implementation Group 1. | E25: =IF($C25='Auto Responses'!$J$3,VLOOKUP($A25,Questions!$A$2:$X$333,17,0)&"",IF($C25='Auto Responses'!$J$4,VLOOKUP($A25,Questions!$A$2:$X$333,16,0)&"",VLOOKUP($A25,Questions!$A$2:$X$333,15,0)&"")) | F25: =VLOOKUP($A25,'Institution Evaluation'!$A$56:$F$345,6,0)&""
A26: DOCU-05 | B26: =VLOOKUP($A26,Questions!$A$2:$X$333,2,0) | C26: Yes | D26: Architecture and data-flow descriptions can be provided on request. | E26: =IF($C26='Auto Responses'!$J$3,VLOOKUP($A26,Questions!$A$2:$X$333,17,0)&"",IF($C26='Auto Responses'!$J$4,VLOOKUP($A26,Questions!$A$2:$X$333,16,0)&"",VLOOKUP($A26,Questions!$A$2:$X$333,15,0)&"")) | F26: =VLOOKUP($A26,'Institution Evaluation'!$A$56:$F$345,6,0)&""
A27: DOCU-06 | B27: =VLOOKUP($A27,Questions!$A$2:$X$333,2,0) | C27: Yes | D27: https://edugator.app/privacypolicy and FERPA Addendum https://edugator.app/ferpa | E27: =IF($C27='Auto Responses'!$J$3,VLOOKUP($A27,Questions!$A$2:$X$333,17,0)&"",IF($C27='Auto Responses'!$J$4,VLOOKUP($A27,Questions!$A$2:$X$333,16,0)&"",VLOOKUP($A27,Questions!$A$2:$X$333,15,0)&"")) | F27: =VLOOKUP($A27,'Institution Evaluation'!$A$56:$F$345,6,0)&""
A28: DOCU-07 | B28: =VLOOKUP($A28,Questions!$A$2:$X$333,2,0) | C28: Yes | D28: Edugator internal policies (available on request): Information Security Policy §9 covers onboarding (agreements, training, least-privilege access) and offboarding (access removal, secret rotation, data return). | E28: =IF($C28='Auto Responses'!$J$3,VLOOKUP($A28,Questions!$A$2:$X$333,17,0)&"",IF($C28='Auto Responses'!$J$4,VLOOKUP($A28,Questions!$A$2:$X$333,16,0)&"",VLOOKUP($A28,Questions!$A$2:$X$333,15,0)&"")) | F28: =VLOOKUP($A28,'Institution Evaluation'!$A$56:$F$345,6,0)&"" | G28: End Table Data
A29: =VLOOKUP(LEFT($A30,4),'Auto Responses'!$N$4:$O$38,2,0)&"" -> Assessment of Third Parties | C29: Answer | D29: Additional Information | E29: Guidance | F29: Analyst Notes
A30: THRD-01 | B30: =VLOOKUP($A30,Questions!$A$2:$X$333,2,0) | C30: Yes | D30: Edugator internal policies (available on request): Vendor Management policy: security evidence (SOC 2 / ISO 27001), DPA and privacy review before onboarding, and annual review of every vendor. | E30: =IF($C30='Auto Responses'!$J$3,VLOOKUP($A30,Questions!$A$2:$X$333,17,0)&"",IF($C30='Auto Responses'!$J$4,VLOOKUP($A30,Questions!$A$2:$X$333,16,0)&"",IF($C30='Auto Responses'!$J$5,VLOOKUP($A30,Questions!$A$2:$X$333,18,0)&"",VLOOKUP($A30,Questions!$A$2:$X$333,15,0)&""))) | F30: =VLOOKUP($A30,'Institution Evaluation'!$A$56:$F$345,6,0)&""
A31: THRD-02 | B31: =VLOOKUP($A31,Questions!$A$2:$X$333,2,0) | C31: Yes | D31: CONFIRM each agreement is executed. Amazon Web Services - hosting (ECS, RDS PostgreSQL, S3, DynamoDB cache), transactional email (SES), secrets (SSM); Clerk - authentication and user directory (names, emails, credentials); OpenAI - AI tutor and authoring features (student code, questions, problem text; no names/emails sent); Stripe - payment processing (email, internal account/invitation IDs; no card data reaches Edugator); PostHog - product analytics and feature flags (user ID, name, email, usage events); Sentry - error monitoring for the backend (request diagnostics); Instructure Canvas - LTI 1.3 roster sync and grade passback at the institution's direction. | E31: =IF($C31='Auto Responses'!$J$3,VLOOKUP($A31,Questions!$A$2:$X$333,17,0)&"",IF($C31='Auto Responses'!$J$4,VLOOKUP($A31,Questions!$A$2:$X$333,16,0)&"",IF($C31='Auto Responses'!$J$5,VLOOKUP($A31,Questions!$A$2:$X$333,18,0)&"",VLOOKUP($A31,Questions!$A$2:$X$333,15,0)&""))) | F31: =VLOOKUP($A31,'Institution Evaluation'!$A$56:$F$345,6,0)&""
A32: THRD-03 | B32: =VLOOKUP($A32,Questions!$A$2:$X$333,2,0) | C32: No | D32: Third-party liability is governed by each provider's standard terms; no negotiated breach-liability clauses. | E32: =IF($C32='Auto Responses'!$J$3,VLOOKUP($A32,Questions!$A$2:$X$333,17,0)&"",IF($C32='Auto Responses'!$J$4,VLOOKUP($A32,Questions!$A$2:$X$333,16,0)&"",IF($C32='Auto Responses'!$J$5,VLOOKUP($A32,Questions!$A$2:$X$333,18,0)&"",VLOOKUP($A32,Questions!$A$2:$X$333,15,0)&""))) | F32: =VLOOKUP($A32,'Institution Evaluation'!$A$56:$F$345,6,0)&""
A33: THRD-04 | B33: =VLOOKUP($A33,Questions!$A$2:$X$333,2,0) | C33: Yes | D33: Edugator internal policies (available on request): Vendor Management policy with a maintained vendor list recording each vendor's purpose, data received, region, security evidence and DPA status. | E33: =IF($C33='Auto Responses'!$J$3,VLOOKUP($A33,Questions!$A$2:$X$333,17,0)&"",IF($C33='Auto Responses'!$J$4,VLOOKUP($A33,Questions!$A$2:$X$333,16,0)&"",IF($C33='Auto Responses'!$J$5,VLOOKUP($A33,Questions!$A$2:$X$333,18,0)&"",VLOOKUP($A33,Questions!$A$2:$X$333,15,0)&""))) | F33: =VLOOKUP($A33,'Institution Evaluation'!$A$56:$F$345,6,0)&""
A34: THRD-05 | B34: =VLOOKUP($A34,Questions!$A$2:$X$333,2,0) | C34: N/A | D34: Edugator operates no hardware of its own; all infrastructure is cloud-hosted on AWS. | E34: =IF($C34='Auto Responses'!$J$3,VLOOKUP($A34,Questions!$A$2:$X$333,17,0)&"",IF($C34='Auto Responses'!$J$4,VLOOKUP($A34,Questions!$A$2:$X$333,16,0)&"",VLOOKUP($A34,Questions!$A$2:$X$333,15,0)&"")) | F34: =VLOOKUP($A34,'Institution Evaluation'!$A$56:$F$345,6,0)&"" | G34: End Table Data
A35: =VLOOKUP(LEFT($A36,4),'Auto Responses'!$N$4:$O$38,2,0)&"" -> Change Management | C35: Answer | D35: Additional Information | E35: Guidance | F35: Analyst Notes
A36: CHNG-01 | B36: =VLOOKUP($A36,Questions!$A$2:$X$333,2,0) | C36: Yes | D36: Institutions will be notified of major changes affecting their security posture. | E36: =IF($C36='Auto Responses'!$J$3,VLOOKUP($A36,Questions!$A$2:$X$333,17,0)&"",IF($C36='Auto Responses'!$J$4,VLOOKUP($A36,Questions!$A$2:$X$333,16,0)&"",VLOOKUP($A36,Questions!$A$2:$X$333,15,0)&"")) | F36: =VLOOKUP($A36,'Institution Evaluation'!$A$56:$F$345,6,0)&""
A37: CHNG-02 | B37: =VLOOKUP($A37,Questions!$A$2:$X$333,2,0) | C37: Yes | D37: Course- and organization-level settings persist across releases (multi-tenant SaaS, single code line). | E37: =IF($C37='Auto Responses'!$J$3,VLOOKUP($A37,Questions!$A$2:$X$333,17,0)&"",IF($C37='Auto Responses'!$J$4,VLOOKUP($A37,Questions!$A$2:$X$333,16,0)&"",IF($C37='Auto Responses'!$J$5,VLOOKUP($A37,Questions!$A$2:$X$333,18,0)&"",VLOOKUP($A37,Questions!$A$2:$X$333,15,0)&""))) | F37: =VLOOKUP($A37,'Institution Evaluation'!$A$56:$F$345,6,0)&""
A38: CHNG-03 | B38: =VLOOKUP($A38,Questions!$A$2:$X$333,2,0) | C38: Yes | D38: Infrastructure defined in Terraform; container images built reproducibly in CI; hosts use AWS ECS-optimized Amazon Linux AMIs with IMDSv2 required. | E38: =IF($C38='Auto Responses'!$J$3,VLOOKUP($A38,Questions!$A$2:$X$333,17,0)&"",IF($C38='Auto Responses'!$J$4,VLOOKUP($A38,Questions!$A$2:$X$333,16,0)&"",IF($C38='Auto Responses'!$J$5,VLOOKUP($A38,Questions!$A$2:$X$333,18,0)&"",VLOOKUP($A38,Questions!$A$2:$X$333,15,0)&""))) | F38: =VLOOKUP($A38,'Institution Evaluation'!$A$56:$F$345,6,0)&""
A39: CHNG-04 | B39: =VLOOKUP($A39,Questions!$A$2:$X$333,2,0) | C39: Yes | D39: Changes go through CI (lint, unit and integration tests) and tagged releases with changes | E39: =IF($C39='Auto Responses'!$J$3,VLOOKUP($A39,Questions!$A$2:$X$333,17,0)&"",IF($C39='Auto Responses'!$J$4,VLOOKUP($A39,Questions!$A$2:$X$333,16,0)&"",VLOOKUP($A39,Questions!$A$2:$X$333,15,0)&"")) | F39: =VLOOKUP($A39,'Institution Evaluation'!$A$56:$F$345,6,0)&""
A40: CHNG-05 | B40: =VLOOKUP($A40,Questions!$A$2:$X$333,2,0) | C40: Yes | D40: Testing and validation happen in CI and a beta environment before production releases with manual testing | E40: =IF($C40='Auto Responses'!$J$3,VLOOKUP($A40,Questions!$A$2:$X$333,17,0)&"",IF($C40='Auto Responses'!$J$4,VLOOKUP($A40,Questions!$A$2:$X$333,16,0)&"",VLOOKUP($A40,Questions!$A$2:$X$333,15,0)&"")) | F40: =VLOOKUP($A40,'Institution Evaluation'!$A$56:$F$345,6,0)&""
A41: CHNG-06 | B41: =VLOOKUP($A41,Questions!$A$2:$X$333,2,0) | C41: Yes | D41: No formal dependency support review per change. | E41: =IF($C41='Auto Responses'!$J$3,VLOOKUP($A41,Questions!$A$2:$X$333,17,0)&"",IF($C41='Auto Responses'!$J$4,VLOOKUP($A41,Questions!$A$2:$X$333,16,0)&"",VLOOKUP($A41,Questions!$A$2:$X$333,15,0)&"")) | F41: =VLOOKUP($A41,'Institution Evaluation'!$A$56:$F$345,6,0)&""
A42: CHNG-07 | B42: =VLOOKUP($A42,Questions!$A$2:$X$333,2,0) | C42: Yes | D42: Edugator internal policies (available on request): Change and Patch Management §5: critical/high vulnerabilities (CVSS 7.0+ or actively exploited) patched within 7 days for dependencies and images, 14 days for managed services and devices; monthly advisory review. | E42: =IF($C42='Auto Responses'!$J$3,VLOOKUP($A42,Questions!$A$2:$X$333,17,0)&"",IF($C42='Auto Responses'!$J$4,VLOOKUP($A42,Questions!$A$2:$X$333,16,0)&"",VLOOKUP($A42,Questions!$A$2:$X$333,15,0)&"")) | F42: =VLOOKUP($A42,'Institution Evaluation'!$A$56:$F$345,6,0)&""
A43: CHNG-08 | B43: =VLOOKUP($A43,Questions!$A$2:$X$333,2,0) | C43: Yes | D43: Edugator internal policies (available on request): Change and Patch Management §6: documented interim mitigations (disable feature, tighten network/IAM, input blocking, credential rotation, increased monitoring) with a tracked expiry until patched. | E43: =IF($C43='Auto Responses'!$J$3,VLOOKUP($A43,Questions!$A$2:$X$333,17,0)&"",IF($C43='Auto Responses'!$J$4,VLOOKUP($A43,Questions!$A$2:$X$333,16,0)&"",VLOOKUP($A43,Questions!$A$2:$X$333,15,0)&"")) | F43: =VLOOKUP($A43,'Institution Evaluation'!$A$56:$F$345,6,0)&""
A44: CHNG-09 | B44: =VLOOKUP($A44,Questions!$A$2:$X$333,2,0) | C44: No | D44: Single multi-tenant SaaS version; all customers receive updates. | E44: =IF($C44='Auto Responses'!$J$3,VLOOKUP($A44,Questions!$A$2:$X$333,17,0)&"",IF($C44='Auto Responses'!$J$4,VLOOKUP($A44,Questions!$A$2:$X$333,16,0)&"",IF($C44='Auto Responses'!$J$5,VLOOKUP($A44,Questions!$A$2:$X$333,18,0)&"",VLOOKUP($A44,Questions!$A$2:$X$333,15,0)&""))) | F44: =VLOOKUP($A44,'Institution Evaluation'!$A$56:$F$345,6,0)&""
A45: CHNG-10 | B45: =VLOOKUP($A45,Questions!$A$2:$X$333,2,0) | C45: N/A | D45: Edugator is SaaS with a single supported version used by 100% of customers. | E45: =IF($C45='Auto Responses'!$J$3,VLOOKUP($A45,Questions!$A$2:$X$333,17,0)&"",IF($C45='Auto Responses'!$J$4,VLOOKUP($A45,Questions!$A$2:$X$333,16,0)&"",IF($C45='Auto Responses'!$J$5,VLOOKUP($A45,Questions!$A$2:$X$333,18,0)&"",VLOOKUP($A45,Questions!$A$2:$X$333,15,0)&""))) | F45: =VLOOKUP($A45,'Institution Evaluation'!$A$56:$F$345,6,0)&""
A46: CHNG-11 | B46: =VLOOKUP($A46,Questions!$A$2:$X$333,2,0) | C46: Yes | D46: Production releases ship at most once a week, as tagged GitHub releases that trigger an automated deploy. Releases are avoided during known exam periods. | E46: =IF($C46='Auto Responses'!$J$3,VLOOKUP($A46,Questions!$A$2:$X$333,17,0)&"",IF($C46='Auto Responses'!$J$4,VLOOKUP($A46,Questions!$A$2:$X$333,16,0)&"",IF($C46='Auto Responses'!$J$5,VLOOKUP($A46,Questions!$A$2:$X$333,18,0)&"",VLOOKUP($A46,Questions!$A$2:$X$333,15,0)&""))) | F46: =VLOOKUP($A46,'Institution Evaluation'!$A$56:$F$345,6,0)&""
A47: CHNG-12 | B47: =VLOOKUP($A47,Questions!$A$2:$X$333,2,0) | C47: No | D47: CONFIRM: no published two-year roadmap. | E47: =IF($C47='Auto Responses'!$J$3,VLOOKUP($A47,Questions!$A$2:$X$333,17,0)&"",IF($C47='Auto Responses'!$J$4,VLOOKUP($A47,Questions!$A$2:$X$333,16,0)&"",IF($C47='Auto Responses'!$J$5,VLOOKUP($A47,Questions!$A$2:$X$333,18,0)&"",VLOOKUP($A47,Questions!$A$2:$X$333,15,0)&""))) | F47: =VLOOKUP($A47,'Institution Evaluation'!$A$56:$F$345,6,0)&""
A48: CHNG-13 | B48: =VLOOKUP($A48,Questions!$A$2:$X$333,2,0) | C48: Yes | D48: Updates are deployed centrally with no institutional involvement. | E48: =IF($C48='Auto Responses'!$J$3,VLOOKUP($A48,Questions!$A$2:$X$333,17,0)&"",IF($C48='Auto Responses'!$J$4,VLOOKUP($A48,Questions!$A$2:$X$333,16,0)&"",VLOOKUP($A48,Questions!$A$2:$X$333,15,0)&"")) | F48: =VLOOKUP($A48,'Institution Evaluation'!$A$56:$F$345,6,0)&""
A49: CHNG-14 | B49: =VLOOKUP($A49,Questions!$A$2:$X$333,2,0) | C49: Yes | D49: Rolling container deployments on ECS avoid downtime. | E49: =IF($C49='Auto Responses'!$J$3,VLOOKUP($A49,Questions!$A$2:$X$333,17,0)&"",IF($C49='Auto Responses'!$J$4,VLOOKUP($A49,Questions!$A$2:$X$333,16,0)&"",VLOOKUP($A49,Questions!$A$2:$X$333,15,0)&"")) | F49: =VLOOKUP($A49,'Institution Evaluation'!$A$56:$F$345,6,0)&""
A50: CHNG-15 | B50: =VLOOKUP($A50,Questions!$A$2:$X$333,2,0) | C50: Yes | D50: Edugator internal policies (available on request): Change and Patch Management §4: emergency changes approved by the Founder (or a co-founder), still go through PR and CI, and are documented with after-the-fact review within 2 business days. | E50: =IF($C50='Auto Responses'!$J$3,VLOOKUP($A50,Questions!$A$2:$X$333,17,0)&"",IF($C50='Auto Responses'!$J$4,VLOOKUP($A50,Questions!$A$2:$X$333,16,0)&"",VLOOKUP($A50,Questions!$A$2:$X$333,15,0)&"")) | F50: =VLOOKUP($A50,'Institution Evaluation'!$A$56:$F$345,6,0)&""
A51: CHNG-16 | B51: =VLOOKUP($A51,Questions!$A$2:$X$333,2,0) | C51: Yes | D51: Edugator internal policies (available on request): Cloud infrastructure is managed as code in Terraform via reviewed pull requests; Information Security Policy §5 sets device requirements (disk encryption, patching, screen lock, password manager) for all devices used for Edugator work. | E51: =IF($C51='Auto Responses'!$J$3,VLOOKUP($A51,Questions!$A$2:$X$333,17,0)&"",IF($C51='Auto Responses'!$J$4,VLOOKUP($A51,Questions!$A$2:$X$333,16,0)&"",VLOOKUP($A51,Questions!$A$2:$X$333,15,0)&"")) | F51: =VLOOKUP($A51,'Institution Evaluation'!$A$56:$F$345,6,0)&"" | G51: End Table Data
A52: =VLOOKUP(LEFT($A53,4),'Auto Responses'!$N$4:$O$38,2,0)&"" -> Policies, Processes, and Procedures | C52: Answer | D52: Additional Information | E52: Guidance | F52: Analyst Notes
A53: PPPR-01 | B53: =VLOOKUP($A53,Questions!$A$2:$X$333,2,0) | C53: Yes | D53: Edugator internal policies (available on request): Change and Patch Management §5 defines patch sources, deadlines by severity and a monthly review. | E53: =IF($C53='Auto Responses'!$J$3,VLOOKUP($A53,Questions!$A$2:$X$333,17,0)&"",IF($C53='Auto Responses'!$J$4,VLOOKUP($A53,Questions!$A$2:$X$333,16,0)&"",VLOOKUP($A53,Questions!$A$2:$X$333,15,0)&"")) | F53: =VLOOKUP($A53,'Institution Evaluation'!$A$56:$F$345,6,0)&""
A54: PPPR-02 | B54: =VLOOKUP($A54,Questions!$A$2:$X$333,2,0) | C54: Yes | E54: =IF($C54='Auto Responses'!$J$3,VLOOKUP($A54,Questions!$A$2:$X$333,17,0)&"",IF($C54='Auto Responses'!$J$4,VLOOKUP($A54,Questions!$A$2:$X$333,16,0)&"",VLOOKUP($A54,Questions!$A$2:$X$333,15,0)&"")) | F54: =VLOOKUP($A54,'Institution Evaluation'!$A$56:$F$345,6,0)&""
A55: PPPR-03 | B55: =VLOOKUP($A55,Questions!$A$2:$X$333,2,0) | C55: Yes | D55: United States. | E55: =IF($C55='Auto Responses'!$J$3,VLOOKUP($A55,Questions!$A$2:$X$333,17,0)&"",IF($C55='Auto Responses'!$J$4,VLOOKUP($A55,Questions!$A$2:$X$333,16,0)&"",VLOOKUP($A55,Questions!$A$2:$X$333,15,0)&"")) | F55: =VLOOKUP($A55,'Institution Evaluation'!$A$56:$F$345,6,0)&""
A56: PPPR-04 | B56: =VLOOKUP($A56,Questions!$A$2:$X$333,2,0) | C56: Yes | D56: TLS 1.2/1.3 in transit; AES-256 server-side encryption for S3 objects. | E56: =IF($C56='Auto Responses'!$J$3,VLOOKUP($A56,Questions!$A$2:$X$333,17,0)&"",IF($C56='Auto Responses'!$J$4,VLOOKUP($A56,Questions!$A$2:$X$333,16,0)&"",VLOOKUP($A56,Questions!$A$2:$X$333,15,0)&"")) | F56: =VLOOKUP($A56,'Institution Evaluation'!$A$56:$F$345,6,0)&""
A57: PPPR-05 | B57: =VLOOKUP($A57,Questions!$A$2:$X$333,2,0) | C57: Yes | D57: Edugator internal policies (available on request): Change and Patch Management §1 defines the SDLC: plan, build, automated tests in CI, peer review via pull request on a protected main branch, tagged release, post-release verification. | E57: =IF($C57='Auto Responses'!$J$3,VLOOKUP($A57,Questions!$A$2:$X$333,17,0)&"",IF($C57='Auto Responses'!$J$4,VLOOKUP($A57,Questions!$A$2:$X$333,16,0)&"",VLOOKUP($A57,Questions!$A$2:$X$333,15,0)&"")) | F57: =VLOOKUP($A57,'Institution Evaluation'!$A$56:$F$345,6,0)&""
A58: PPPR-06 | B58: =VLOOKUP($A58,Questions!$A$2:$X$333,2,0) | C58: No | D58: The team currently consists of the co-founders, who were not background-checked. Anyone hired after the founding team will pass a background check before receiving access to systems or data. | E58: =IF($C58='Auto Responses'!$J$3,VLOOKUP($A58,Questions!$A$2:$X$333,17,0)&"",IF($C58='Auto Responses'!$J$4,VLOOKUP($A58,Questions!$A$2:$X$333,16,0)&"",VLOOKUP($A58,Questions!$A$2:$X$333,15,0)&"")) | F58: =VLOOKUP($A58,'Institution Evaluation'!$A$56:$F$345,6,0)&""
A59: PPPR-07 | B59: =VLOOKUP($A59,Questions!$A$2:$X$333,2,0) | C59: Yes | D59: New team members sign a confidentiality agreement and an acceptable-use acknowledgment of Edugator's policies before receiving access (Information Security Policy §9). | E59: =IF($C59='Auto Responses'!$J$3,VLOOKUP($A59,Questions!$A$2:$X$333,17,0)&"",IF($C59='Auto Responses'!$J$4,VLOOKUP($A59,Questions!$A$2:$X$333,16,0)&"",VLOOKUP($A59,Questions!$A$2:$X$333,15,0)&"")) | F59: =VLOOKUP($A59,'Institution Evaluation'!$A$56:$F$345,6,0)&""
A60: PPPR-08 | B60: =VLOOKUP($A60,Questions!$A$2:$X$333,2,0) | C60: Yes | D60: Edugator internal policies (available on request): Information Security Policy, owned by Marc Diaz (Founder), reviewed annually. | E60: =IF($C60='Auto Responses'!$J$3,VLOOKUP($A60,Questions!$A$2:$X$333,17,0)&"",IF($C60='Auto Responses'!$J$4,VLOOKUP($A60,Questions!$A$2:$X$333,16,0)&"",VLOOKUP($A60,Questions!$A$2:$X$333,15,0)&"")) | F60: =VLOOKUP($A60,'Institution Evaluation'!$A$56:$F$345,6,0)&""
A61: PPPR-09 | B61: =VLOOKUP($A61,Questions!$A$2:$X$333,2,0) | C61: Yes | D61: Security requirements are part of design and code review (Information Security Policy §6 and Change and Patch Management §1): authentication on every route, course- and role-scoped authorization, parameterized queries, no sensitive data in logs, TLS everywhere. | E61: =IF($C61='Auto Responses'!$J$3,VLOOKUP($A61,Questions!$A$2:$X$333,17,0)&"",IF($C61='Auto Responses'!$J$4,VLOOKUP($A61,Questions!$A$2:$X$333,16,0)&"",VLOOKUP($A61,Questions!$A$2:$X$333,15,0)&"")) | F61: =VLOOKUP($A61,'Institution Evaluation'!$A$56:$F$345,6,0)&""
A62: PPPR-10 | B62: =VLOOKUP($A62,Questions!$A$2:$X$333,2,0) | C62: Yes | E62: =IF($C62='Auto Responses'!$J$3,VLOOKUP($A62,Questions!$A$2:$X$333,17,0)&"",IF($C62='Auto Responses'!$J$4,VLOOKUP($A62,Questions!$A$2:$X$333,16,0)&"",VLOOKUP($A62,Questions!$A$2:$X$333,15,0)&"")) | F62: =VLOOKUP($A62,'Institution Evaluation'!$A$56:$F$345,6,0)&""
A63: PPPR-11 | B63: =VLOOKUP($A63,Questions!$A$2:$X$333,2,0) | C63: Yes | D63: Security awareness training at onboarding and annually, covering phishing, credential/MFA hygiene, FERPA data handling, privacy, responsible AI use and incident reporting (Information Security Policy §8). | E63: =IF($C63='Auto Responses'!$J$3,VLOOKUP($A63,Questions!$A$2:$X$333,17,0)&"",IF($C63='Auto Responses'!$J$4,VLOOKUP($A63,Questions!$A$2:$X$333,16,0)&"",VLOOKUP($A63,Questions!$A$2:$X$333,15,0)&"")) | F63: =VLOOKUP($A63,'Institution Evaluation'!$A$56:$F$345,6,0)&""
A64: PPPR-12 | B64: =VLOOKUP($A64,Questions!$A$2:$X$333,2,0) | C64: Yes | D64: Mandatory for all team members at onboarding and annually; completion is recorded (Information Security Policy §8). | E64: =IF($C64='Auto Responses'!$J$3,VLOOKUP($A64,Questions!$A$2:$X$333,17,0)&"",IF($C64='Auto Responses'!$J$4,VLOOKUP($A64,Questions!$A$2:$X$333,16,0)&"",VLOOKUP($A64,Questions!$A$2:$X$333,15,0)&"")) | F64: =VLOOKUP($A64,'Institution Evaluation'!$A$56:$F$345,6,0)&""
A65: PPPR-13 | B65: =VLOOKUP($A65,Questions!$A$2:$X$333,2,0) | C65: Yes | D65: Quarterly review of the access register for every system, with removals recorded (Information Security Policy §4). | E65: =IF($C65='Auto Responses'!$J$3,VLOOKUP($A65,Questions!$A$2:$X$333,17,0)&"",IF($C65='Auto Responses'!$J$4,VLOOKUP($A65,Questions!$A$2:$X$333,16,0)&"",VLOOKUP($A65,Questions!$A$2:$X$333,15,0)&"")) | F65: =VLOOKUP($A65,'Institution Evaluation'!$A$56:$F$345,6,0)&""
A66: PPPR-14 | B66: =VLOOKUP($A66,Questions!$A$2:$X$333,2,0) | C66: Yes | D66: Annual internal review of policies, access, vendor list, MFA and device settings, plus the BC/DR restore test and an incident-response tabletop, with findings recorded (Information Security Policy §10). | E66: =IF($C66='Auto Responses'!$J$3,VLOOKUP($A66,Questions!$A$2:$X$333,17,0)&"",IF($C66='Auto Responses'!$J$4,VLOOKUP($A66,Questions!$A$2:$X$333,16,0)&"",VLOOKUP($A66,Questions!$A$2:$X$333,15,0)&"")) | F66: =VLOOKUP($A66,'Institution Evaluation'!$A$56:$F$345,6,0)&""
A67: PPPR-15 | B67: =VLOOKUP($A67,Questions!$A$2:$X$333,2,0) | C67: N/A | D67: Fully remote team with all systems hosted by AWS; physical security of infrastructure is provided by AWS. | E67: =IF($C67='Auto Responses'!$J$3,VLOOKUP($A67,Questions!$A$2:$X$333,17,0)&"",IF($C67='Auto Responses'!$J$4,VLOOKUP($A67,Questions!$A$2:$X$333,16,0)&"",IF($C67='Auto Responses'!$J$5,VLOOKUP($A67,Questions!$A$2:$X$333,18,0)&"",VLOOKUP($A67,Questions!$A$2:$X$333,15,0)&""))) | F67: =VLOOKUP($A67,'Institution Evaluation'!$A$56:$F$345,6,0)&"" | G67: End Table Data
A68: Copyright © 2025 EDUCAUSE
A71: =#REF!
A72: =#REF!
A73: =#REF!
A74: =#REF!
A75: =#REF!
A76: =#REF!
A77: =#REF!

Sheet Product
A1: Cells contained in this worksheet may contain cells with dropdown lists as well as autopopulated formulas.
A2: HECVAT Solution Provider Response - Product | F2: ='Auto Responses'!$A$36
A3: Date Completed | C3: ='START HERE'!$C$3
A4: Instructions for Solution Providers
A5: =HLOOKUP($A$4,'Auto Responses'!$D$2:$D$8,2,0)&""
A6: =HLOOKUP($A$4,'Auto Responses'!$D$2:$D$8,3,0)&""
A7: =HLOOKUP($A$4,'Auto Responses'!$D$2:$D$8,4,0)&"" -> 3. Guidance in column E may change based on your answers to prompt details in "Additional Information." If leaving an answer blank, you must also state why in "Additional Information".
A8: =HLOOKUP($A$4,'Auto Responses'!$D$2:$D$8,5,0)&""
A9: =HLOOKUP($A$4,'Auto Responses'!$D$2:$D$8,6,0)&""
A10: =HLOOKUP($A$4,'Auto Responses'!$D$2:$D$8,7,0)&""
A11: =HLOOKUP($A$4,'Auto Responses'!$D$2:$D$9,8,0)&""
A12: =VLOOKUP(LEFT($A13,4),'Auto Responses'!$N$4:$O$38,2,0)&"" -> General Information | C12: Answer
A13: GNRL-01 | B13: =VLOOKUP($A13,Questions!$A$2:$X$333,2,0)&"" | C13: =VLOOKUP($A13,'START HERE'!$A$13:$C$21,3,0)&""
A14: GNRL-02 | B14: =VLOOKUP($A14,Questions!$A$2:$X$333,2,0)&"" | C14: =VLOOKUP($A14,'START HERE'!$A$13:$C$21,3,0)&""
A15: GNRL-03 | B15: =VLOOKUP($A15,Questions!$A$2:$X$333,2,0)&"" | C15: =VLOOKUP($A15,'START HERE'!$A$13:$C$21,3,0)&""
A16: GNRL-08 | B16: =VLOOKUP($A16,Questions!$A$2:$X$333,2,0)&"" | C16: =VLOOKUP($A16,'START HERE'!$A$13:$C$21,3,0)&""
A17: =VLOOKUP(LEFT($A18,4),'Auto Responses'!$N$4:$O$38,2,0)&"" -> Required Questions | C17: Answer | E17: Guidance | F17: Analyst Notes
A18: REQU-01 | B18: =VLOOKUP($A18,Questions!$A$2:$X$333,2,0) | C18: =VLOOKUP($A18,'START HERE'!$A$23:$F$36,3,0)&"" | D18: =VLOOKUP($A18,'START HERE'!$A$23:$F$36,4,0)&"" | E18: =IF($C18='Auto Responses'!$J$3,VLOOKUP($A18,Questions!$A$2:$X$333,17,0)&"",IF($C18='Auto Responses'!$J$4,VLOOKUP($A18,Questions!$A$2:$X$333,16,0)&"",VLOOKUP($A18,Questions!$A$2:$X$333,15,0)&"")) | F18: =VLOOKUP($A18,'Institution Evaluation'!$A$56:$F$345,6,0)&"" | G18: End Table Data
A19: =VLOOKUP(LEFT($A20,4),'Auto Responses'!$N$4:$O$38,2,0)&"" -> Authentication, Authorization, and Account Management | C19: Answer | D19: Additional Information | E19: Guidance | F19: Analyst Notes
A20: AAAI-01 | B20: =VLOOKUP($A20,Questions!$A$2:$X$333,2,0) | C20: Yes | D20: SAML 2.0 enterprise SSO via Clerk, and LTI 1.3 launch from Canvas. | E20: =IF($C$18='Auto Responses'!$J$4,'Auto Responses'!$A$3,IF($C20='Auto Responses'!$J$3,VLOOKUP($A20,Questions!$A$2:$X$333,17,0)&"",IF($C20='Auto Responses'!$J$4,VLOOKUP($A20,Questions!$A$2:$X$333,16,0)&"",VLOOKUP($A20,Questions!$A$2:$X$333,15,0)&""))) | F20: =VLOOKUP($A20,'Institution Evaluation'!$A$56:$F$345,6,0)&""
A21: AAAI-02 | B21: =VLOOKUP($A21,Questions!$A$2:$X$333,2,0) | C21: Yes | D21: Email and password accounts managed by Clerk, with email verification. | E21: =IF($C21='Auto Responses'!$J$3,VLOOKUP($A21,Questions!$A$2:$X$333,17,0)&"",IF($C21='Auto Responses'!$J$4,VLOOKUP($A21,Questions!$A$2:$X$333,16,0)&"",IF($C21='Auto Responses'!$J$5,VLOOKUP($A21,Questions!$A$2:$X$333,18,0)&"",VLOOKUP($A21,Questions!$A$2:$X$333,15,0)&""))) | F21: =VLOOKUP($A21,'Institution Evaluation'!$A$56:$F$345,6,0)&""
A22: AAAI-03 | B22: =VLOOKUP($A22,Questions!$A$2:$X$333,2,0) | C22: Yes | D22: Password policy (minimum length, breached-password detection) is configured in Clerk. CONFIRM institution-specific rules can be applied. | E22: =IF($C22='Auto Responses'!$J$3,VLOOKUP($A22,Questions!$A$2:$X$333,17,0)&"",IF($C22='Auto Responses'!$J$4,VLOOKUP($A22,Questions!$A$2:$X$333,16,0)&"",IF($C22='Auto Responses'!$J$5,VLOOKUP($A22,Questions!$A$2:$X$333,18,0)&"",VLOOKUP($A22,Questions!$A$2:$X$333,15,0)&""))) | F22: =VLOOKUP($A22,'Institution Evaluation'!$A$56:$F$345,6,0)&""
A23: AAAI-04 | B23: =VLOOKUP($A23,Questions!$A$2:$X$333,2,0) | C23: Yes | D23: Clerk enforces 8-72 character passwords. | E23: =IF($C23='Auto Responses'!$J$3,VLOOKUP($A23,Questions!$A$2:$X$333,17,0)&"",IF($C23='Auto Responses'!$J$4,VLOOKUP($A23,Questions!$A$2:$X$333,16,0)&"",IF($C23='Auto Responses'!$J$5,VLOOKUP($A23,Questions!$A$2:$X$333,18,0)&"",VLOOKUP($A23,Questions!$A$2:$X$333,15,0)&""))) | F23: =VLOOKUP($A23,'Institution Evaluation'!$A$56:$F$345,6,0)&""
A24: AAAI-05 | B24: =VLOOKUP($A24,Questions!$A$2:$X$333,2,0) | C24: Yes | D24: Self-service reset via emailed verification code (Clerk). | E24: =IF($C24='Auto Responses'!$J$3,VLOOKUP($A24,Questions!$A$2:$X$333,17,0)&"",IF($C24='Auto Responses'!$J$4,VLOOKUP($A24,Questions!$A$2:$X$333,16,0)&"",IF($C24='Auto Responses'!$J$5,VLOOKUP($A24,Questions!$A$2:$X$333,18,0)&"",VLOOKUP($A24,Questions!$A$2:$X$333,15,0)&""))) | F24: =VLOOKUP($A24,'Institution Evaluation'!$A$56:$F$345,6,0)&""
A25: AAAI-06 | B25: =VLOOKUP($A25,Questions!$A$2:$X$333,2,0) | C25: No | E25: =IF($C$18='Auto Responses'!$J$4,'Auto Responses'!$A$3,IF($C25='Auto Responses'!$J$3,VLOOKUP($A25,Questions!$A$2:$X$333,17,0)&"",IF($C25='Auto Responses'!$J$4,VLOOKUP($A25,Questions!$A$2:$X$333,16,0)&"",VLOOKUP($A25,Questions!$A$2:$X$333,15,0)&""))) | F25: =VLOOKUP($A25,'Institution Evaluation'!$A$56:$F$345,6,0)&""
A26: AAAI-07 | B26: =VLOOKUP($A26,Questions!$A$2:$X$333,2,0) | C26: No | D26: No passwords are hard-coded | E26: =IF($C$18='Auto Responses'!$J$4,'Auto Responses'!$A$3,IF($C26='Auto Responses'!$J$3,VLOOKUP($A26,Questions!$A$2:$X$333,17,0)&"",IF($C26='Auto Responses'!$J$4,VLOOKUP($A26,Questions!$A$2:$X$333,16,0)&"",VLOOKUP($A26,Questions!$A$2:$X$333,15,0)&""))) | F26: =VLOOKUP($A26,'Institution Evaluation'!$A$56:$F$345,6,0)&""
A27: AAAI-08 | B27: =VLOOKUP($A27,Questions!$A$2:$X$333,2,0) | C27: No | D27: User passwords are stored only by Clerk (hashed) | E27: =IF($C$18='Auto Responses'!$J$4,'Auto Responses'!$A$3,IF($C27='Auto Responses'!$J$3,VLOOKUP($A27,Questions!$A$2:$X$333,17,0)&"",IF($C27='Auto Responses'!$J$4,VLOOKUP($A27,Questions!$A$2:$X$333,16,0)&"",VLOOKUP($A27,Questions!$A$2:$X$333,15,0)&""))) | F27: =VLOOKUP($A27,'Institution Evaluation'!$A$56:$F$345,6,0)&""
A28: AAAI-09 | B28: =VLOOKUP($A28,Questions!$A$2:$X$333,2,0) | C28: No | E28: =IF($C$18='Auto Responses'!$J$4,'Auto Responses'!$A$3,IF($C28='Auto Responses'!$J$3,VLOOKUP($A28,Questions!$A$2:$X$333,17,0)&"",IF($C28='Auto Responses'!$J$4,VLOOKUP($A28,Questions!$A$2:$X$333,16,0)&"",VLOOKUP($A28,Questions!$A$2:$X$333,15,0)&""))) | F28: =VLOOKUP($A28,'Institution Evaluation'!$A$56:$F$345,6,0)&""
A29: AAAI-10 | B29: =VLOOKUP($A29,Questions!$A$2:$X$333,2,0) | C29: Application logs (JSON) are written to Amazon CloudWatch with request ID, method, path and authenticated user ID. Authentication events and sessions are recorded by Clerk. Infrastructure changes are recorded through Terraform in version control and AWS CloudTrail. There is no dedicated audit log of authorization changes (e.g., role changes) within the application. | E29: =IF($C$18='Auto Responses'!$J$4,'Auto Responses'!$A$3,IF($C29='Auto Responses'!$J$3,VLOOKUP($A29,Questions!$A$2:$X$333,17,0)&"",IF($C29='Auto Responses'!$J$4,VLOOKUP($A29,Questions!$A$2:$X$333,16,0)&"",VLOOKUP($A29,Questions!$A$2:$X$333,15,0)&""))) | F29: =VLOOKUP($A29,'Institution Evaluation'!$A$56:$F$345,6,0)&""
A30: AAAI-11 | B30: =VLOOKUP($A30,Questions!$A$2:$X$333,2,0) | C30: Yes | D30: Application logs are retained 14-30 days in CloudWatch, access-restricted to Edugator AWS administrators, and not directly accessible to institutions. | E30: =IF($C$18='Auto Responses'!$J$4,'Auto Responses'!$A$3,IF($C30='Auto Responses'!$J$3,VLOOKUP($A30,Questions!$A$2:$X$333,17,0)&"",IF($C30='Auto Responses'!$J$4,VLOOKUP($A30,Questions!$A$2:$X$333,16,0)&"",VLOOKUP($A30,Questions!$A$2:$X$333,15,0)&""))) | F30: =VLOOKUP($A30,'Institution Evaluation'!$A$56:$F$345,6,0)&""
A31: AAAI-12 | B31: =VLOOKUP($A31,Questions!$A$2:$X$333,2,0) | C31: Yes | D31: LTI 1.3 (Canvas) and SAML 2.0 via Clerk. | E31: =IF($C$18='Auto Responses'!$J$4,'Auto Responses'!$A$3,IF($C31='Auto Responses'!$J$3,VLOOKUP($A31,Questions!$A$2:$X$333,17,0)&"",IF($C31='Auto Responses'!$J$4,VLOOKUP($A31,Questions!$A$2:$X$333,16,0)&"",VLOOKUP($A31,Questions!$A$2:$X$333,15,0)&""))) | F31: =VLOOKUP($A31,'Institution Evaluation'!$A$56:$F$345,6,0)&""
A32: AAAI-13 | B32: =VLOOKUP($A32,Questions!$A$2:$X$333,2,0) | C32: No | E32: =IF($C$18='Auto Responses'!$J$4,'Auto Responses'!$A$3,IF($C32='Auto Responses'!$J$3,VLOOKUP($A32,Questions!$A$2:$X$333,17,0)&"",IF($C32='Auto Responses'!$J$4,VLOOKUP($A32,Questions!$A$2:$X$333,16,0)&"",VLOOKUP($A32,Questions!$A$2:$X$333,15,0)&""))) | F32: =VLOOKUP($A32,'Institution Evaluation'!$A$56:$F$345,6,0)&""
A33: AAAI-14 | B33: =VLOOKUP($A33,Questions!$A$2:$X$333,2,0) | C33: No | D33: No LDAP/SCIM directory integration; rosters sync from Canvas via LTI Names and Roles. | E33: =IF($C33='Auto Responses'!$J$3,VLOOKUP($A33,Questions!$A$2:$X$333,17,0)&"",IF($C33='Auto Responses'!$J$4,VLOOKUP($A33,Questions!$A$2:$X$333,16,0)&"",IF($C33='Auto Responses'!$J$5,VLOOKUP($A33,Questions!$A$2:$X$333,18,0)&"",VLOOKUP($A33,Questions!$A$2:$X$333,15,0)&""))) | F33: =VLOOKUP($A33,'Institution Evaluation'!$A$56:$F$345,6,0)&""
A34: AAAI-15 | B34: =VLOOKUP($A34,Questions!$A$2:$X$333,2,0) | C34: Yes | D34: SAML 2.0 (via Clerk) and OIDC-based LTI 1.3. | E34: =IF($C$18='Auto Responses'!$J$4,'Auto Responses'!$A$3,IF($C34='Auto Responses'!$J$3,VLOOKUP($A34,Questions!$A$2:$X$333,17,0)&"",IF($C34='Auto Responses'!$J$4,VLOOKUP($A34,Questions!$A$2:$X$333,16,0)&"",VLOOKUP($A34,Questions!$A$2:$X$333,15,0)&""))) | F34: =VLOOKUP($A34,'Institution Evaluation'!$A$56:$F$345,6,0)&""
A35: AAAI-16 | B35: =VLOOKUP($A35,Questions!$A$2:$X$333,2,0) | C35: Yes | D35: Users have an immutable Clerk user ID separate from email. Note: LTI launches match Canvas users to Edugator accounts by email address. | E35: =IF($C$18='Auto Responses'!$J$4,'Auto Responses'!$A$3,IF($C35='Auto Responses'!$J$3,VLOOKUP($A35,Questions!$A$2:$X$333,17,0)&"",IF($C35='Auto Responses'!$J$4,VLOOKUP($A35,Questions!$A$2:$X$333,16,0)&"",VLOOKUP($A35,Questions!$A$2:$X$333,15,0)&""))) | F35: =VLOOKUP($A35,'Institution Evaluation'!$A$56:$F$345,6,0)&""
A36: AAAI-17 | B36: =VLOOKUP($A36,Questions!$A$2:$X$333,2,0) | C36: No | E36: =IF($C36='Auto Responses'!$J$3,VLOOKUP($A36,Questions!$A$2:$X$333,17,0)&"",IF($C36='Auto Responses'!$J$4,VLOOKUP($A36,Questions!$A$2:$X$333,16,0)&"",IF($C36='Auto Responses'!$J$5,VLOOKUP($A36,Questions!$A$2:$X$333,18,0)&"",VLOOKUP($A36,Questions!$A$2:$X$333,15,0)&""))) | F36: =VLOOKUP($A36,'Institution Evaluation'!$A$56:$F$345,6,0)&""
A37: AAAI-18 | B37: =VLOOKUP($A37,Questions!$A$2:$X$333,2,0) | C37: No | D37: CONFIRM Clerk session lifetime / inactivity timeout settings. | E37: =IF($C$18='Auto Responses'!$J$4,'Auto Responses'!$A$3,IF($C37='Auto Responses'!$J$3,VLOOKUP($A37,Questions!$A$2:$X$333,17,0)&"",IF($C37='Auto Responses'!$J$4,VLOOKUP($A37,Questions!$A$2:$X$333,16,0)&"",VLOOKUP($A37,Questions!$A$2:$X$333,15,0)&""))) | F37: =VLOOKUP($A37,'Institution Evaluation'!$A$56:$F$345,6,0)&"" | G37: End Table Data
A38: =VLOOKUP(LEFT($A39,4),'Auto Responses'!$N$4:$O$38,2,0)&"" -> Data | C38: Answer | D38: Additional Information | E38: Guidance | F38: Analyst Notes
A39: DATA-01 | B39: =VLOOKUP($A39,Questions!$A$2:$X$333,2,0) | C39: Yes | E39: =IF($C$18='Auto Responses'!$J$4,'Auto Responses'!$A$3,IF($C39='Auto Responses'!$J$3,VLOOKUP($A39,Questions!$A$2:$X$333,17,0)&"",IF($C39='Auto Responses'!$J$4,VLOOKUP($A39,Questions!$A$2:$X$333,16,0)&"",VLOOKUP($A39,Questions!$A$2:$X$333,15,0)&""))) | F39: =VLOOKUP($A39,'Institution Evaluation'!$A$56:$F$345,6,0)&""
A40: DATA-02 | B40: =VLOOKUP($A40,Questions!$A$2:$X$333,2,0) | C40: Yes | D40: TLS 1.2/1.3 between clients and AWS load balancers/CloudFront. Database connections use TLS (enforced with certificate verification for the legacy service; negotiated for the new service). | E40: =IF($C$18='Auto Responses'!$J$4,'Auto Responses'!$A$3,IF($C40='Auto Responses'!$J$3,VLOOKUP($A40,Questions!$A$2:$X$333,17,0)&"",IF($C40='Auto Responses'!$J$4,VLOOKUP($A40,Questions!$A$2:$X$333,16,0)&"",VLOOKUP($A40,Questions!$A$2:$X$333,15,0)&""))) | F40: =VLOOKUP($A40,'Institution Evaluation'!$A$56:$F$345,6,0)&""
A41: DATA-03 | B41: =VLOOKUP($A41,Questions!$A$2:$X$333,2,0) | C41: No | E41: =IF($C$18='Auto Responses'!$J$4,'Auto Responses'!$A$3,IF($C41='Auto Responses'!$J$3,VLOOKUP($A41,Questions!$A$2:$X$333,17,0)&"",IF($C41='Auto Responses'!$J$4,VLOOKUP($A41,Questions!$A$2:$X$333,16,0)&"",VLOOKUP($A41,Questions!$A$2:$X$333,15,0)&""))) | F41: =VLOOKUP($A41,'Institution Evaluation'!$A$56:$F$345,6,0)&""
A42: DATA-04 | B42: =VLOOKUP($A42,Questions!$A$2:$X$333,2,0) | C42: No | E42: =IF($C$18='Auto Responses'!$J$4,'Auto Responses'!$A$3,IF($C42='Auto Responses'!$J$3,VLOOKUP($A42,Questions!$A$2:$X$333,17,0)&"",IF($C42='Auto Responses'!$J$4,VLOOKUP($A42,Questions!$A$2:$X$333,16,0)&"",VLOOKUP($A42,Questions!$A$2:$X$333,15,0)&""))) | F42: =VLOOKUP($A42,'Institution Evaluation'!$A$56:$F$345,6,0)&""
A43: DATA-05 | B43: =VLOOKUP($A43,Questions!$A$2:$X$333,2,0) | C43: Yes | D43: Data remains available for export on request for a period agreed with the institution. | E43: =IF($C$18='Auto Responses'!$J$4,'Auto Responses'!$A$3,IF($C43='Auto Responses'!$J$3,VLOOKUP($A43,Questions!$A$2:$X$333,17,0)&"",IF($C43='Auto Responses'!$J$4,VLOOKUP($A43,Questions!$A$2:$X$333,16,0)&"",VLOOKUP($A43,Questions!$A$2:$X$333,15,0)&""))) | F43: =VLOOKUP($A43,'Institution Evaluation'!$A$56:$F$345,6,0)&""
A44: DATA-06 | B44: =VLOOKUP($A44,Questions!$A$2:$X$333,2,0) | C44: Yes | E44: =IF($C$18='Auto Responses'!$J$4,'Auto Responses'!$A$3,IF($C44='Auto Responses'!$J$3,VLOOKUP($A44,Questions!$A$2:$X$333,17,0)&"",IF($C44='Auto Responses'!$J$4,VLOOKUP($A44,Questions!$A$2:$X$333,16,0)&"",VLOOKUP($A44,Questions!$A$2:$X$333,15,0)&""))) | F44: =VLOOKUP($A44,'Institution Evaluation'!$A$56:$F$345,6,0)&""
A45: DATA-07 | B45: =VLOOKUP($A45,Questions!$A$2:$X$333,2,0) | C45: No | D45: Backups remain in AWS us-east-1. | E45: =IF($C$18='Auto Responses'!$J$4,'Auto Responses'!$A$3,IF($C45='Auto Responses'!$J$3,VLOOKUP($A45,Questions!$A$2:$X$333,17,0)&"",IF($C45='Auto Responses'!$J$4,VLOOKUP($A45,Questions!$A$2:$X$333,16,0)&"",VLOOKUP($A45,Questions!$A$2:$X$333,15,0)&""))) | F45: =VLOOKUP($A45,'Institution Evaluation'!$A$56:$F$345,6,0)&""
A46: DATA-08 | B46: =VLOOKUP($A46,Questions!$A$2:$X$333,2,0) | C46: Yes | D46: Handled by AWS within its data centers. | E46: =IF($C$18='Auto Responses'!$J$4,'Auto Responses'!$A$3,IF($C46='Auto Responses'!$J$3,VLOOKUP($A46,Questions!$A$2:$X$333,17,0)&"",IF($C46='Auto Responses'!$J$4,VLOOKUP($A46,Questions!$A$2:$X$333,16,0)&"",VLOOKUP($A46,Questions!$A$2:$X$333,15,0)&""))) | F46: =VLOOKUP($A46,'Institution Evaluation'!$A$56:$F$345,6,0)&""
A47: DATA-09 | B47: =VLOOKUP($A47,Questions!$A$2:$X$333,2,0) | C47: Yes | D47: Data will be returned and/or deleted on request at contract end. | E47: =IF($C$18='Auto Responses'!$J$4,'Auto Responses'!$A$3,IF($C47='Auto Responses'!$J$3,VLOOKUP($A47,Questions!$A$2:$X$333,17,0)&"",IF($C47='Auto Responses'!$J$4,VLOOKUP($A47,Questions!$A$2:$X$333,16,0)&"",VLOOKUP($A47,Questions!$A$2:$X$333,15,0)&""))) | F47: =VLOOKUP($A47,'Institution Evaluation'!$A$56:$F$345,6,0)&""
A48: DATA-10 | B48: =VLOOKUP($A48,Questions!$A$2:$X$333,2,0) | C48: No | D48: There is no self-service export; Edugator can produce exports on request. | E48: =IF($C$18='Auto Responses'!$J$4,'Auto Responses'!$A$3,IF($C48='Auto Responses'!$J$3,VLOOKUP($A48,Questions!$A$2:$X$333,17,0)&"",IF($C48='Auto Responses'!$J$4,VLOOKUP($A48,Questions!$A$2:$X$333,16,0)&"",VLOOKUP($A48,Questions!$A$2:$X$333,15,0)&""))) | F48: =VLOOKUP($A48,'Institution Evaluation'!$A$56:$F$345,6,0)&""
A49: DATA-11 | B49: =VLOOKUP($A49,Questions!$A$2:$X$333,2,0) | C49: Yes | D49: Database snapshots plus infrastructure-as-code (Terraform) and versioned container images allow full rebuild. | E49: =IF($C$18='Auto Responses'!$J$4,'Auto Responses'!$A$3,IF($C49='Auto Responses'!$J$3,VLOOKUP($A49,Questions!$A$2:$X$333,17,0)&"",IF($C49='Auto Responses'!$J$4,VLOOKUP($A49,Questions!$A$2:$X$333,16,0)&"",VLOOKUP($A49,Questions!$A$2:$X$333,15,0)&""))) | F49: =VLOOKUP($A49,'Institution Evaluation'!$A$56:$F$345,6,0)&""
A50: DATA-12 | B50: =VLOOKUP($A50,Questions!$A$2:$X$333,2,0) | C50: No | E50: =IF($C$18='Auto Responses'!$J$4,'Auto Responses'!$A$3,IF($C50='Auto Responses'!$J$3,VLOOKUP($A50,Questions!$A$2:$X$333,17,0)&"",IF($C50='Auto Responses'!$J$4,VLOOKUP($A50,Questions!$A$2:$X$333,16,0)&"",VLOOKUP($A50,Questions!$A$2:$X$333,15,0)&""))) | F50: =VLOOKUP($A50,'Institution Evaluation'!$A$56:$F$345,6,0)&""
A51: DATA-13 | B51: =VLOOKUP($A51,Questions!$A$2:$X$333,2,0) | C51: N/A | D51: No physical backups; cloud-only. | E51: =IF($C51='Auto Responses'!$J$3,VLOOKUP($A51,Questions!$A$2:$X$333,17,0)&"",IF($C51='Auto Responses'!$J$4,VLOOKUP($A51,Questions!$A$2:$X$333,16,0)&"",IF($C51='Auto Responses'!$J$5,VLOOKUP($A51,Questions!$A$2:$X$333,18,0)&"",VLOOKUP($A51,Questions!$A$2:$X$333,15,0)&""))) | F51: =VLOOKUP($A51,'Institution Evaluation'!$A$56:$F$345,6,0)&""
A52: DATA-14 | B52: =VLOOKUP($A52,Questions!$A$2:$X$333,2,0) | C52: No | E52: =IF($C$18='Auto Responses'!$J$4,'Auto Responses'!$A$3,IF($C52='Auto Responses'!$J$3,VLOOKUP($A52,Questions!$A$2:$X$333,17,0)&"",IF($C52='Auto Responses'!$J$4,VLOOKUP($A52,Questions!$A$2:$X$333,16,0)&"",VLOOKUP($A52,Questions!$A$2:$X$333,15,0)&""))) | F52: =VLOOKUP($A52,'Institution Evaluation'!$A$56:$F$345,6,0)&""
A53: DATA-15 | B53: =VLOOKUP($A53,Questions!$A$2:$X$333,2,0) | C53: No | D53: Physical media is handled by AWS; Edugator has no documented media handling process. | E53: =IF($C$18='Auto Responses'!$J$4,'Auto Responses'!$A$3,IF($C53='Auto Responses'!$J$3,VLOOKUP($A53,Questions!$A$2:$X$333,17,0)&"",IF($C53='Auto Responses'!$J$4,VLOOKUP($A53,Questions!$A$2:$X$333,16,0)&"",VLOOKUP($A53,Questions!$A$2:$X$333,15,0)&""))) | F53: =VLOOKUP($A53,'Institution Evaluation'!$A$56:$F$345,6,0)&""
A54: DATA-16 | B54: =VLOOKUP($A54,Questions!$A$2:$X$333,2,0) | C54: No | D54: AWS media sanitization follows NIST SP 800-88; Edugator has no process of its own. | E54: =IF($C$18='Auto Responses'!$J$4,'Auto Responses'!$A$3,IF($C54='Auto Responses'!$J$3,VLOOKUP($A54,Questions!$A$2:$X$333,17,0)&"",IF($C54='Auto Responses'!$J$4,VLOOKUP($A54,Questions!$A$2:$X$333,16,0)&"",VLOOKUP($A54,Questions!$A$2:$X$333,15,0)&""))) | F54: =VLOOKUP($A54,'Institution Evaluation'!$A$56:$F$345,6,0)&""
A55: DATA-17 | B55: =VLOOKUP($A55,Questions!$A$2:$X$333,2,0) | C55: Yes | D55: Engineers with production AWS access can access institutional data for support and operations. | E55: =IF($C$18='Auto Responses'!$J$4,'Auto Responses'!$A$3,IF($C55='Auto Responses'!$J$3,VLOOKUP($A55,Questions!$A$2:$X$333,17,0)&"",IF($C55='Auto Responses'!$J$4,VLOOKUP($A55,Questions!$A$2:$X$333,16,0)&"",VLOOKUP($A55,Questions!$A$2:$X$333,15,0)&""))) | F55: =VLOOKUP($A55,'Institution Evaluation'!$A$56:$F$345,6,0)&""
A56: DATA-18 | B56: =VLOOKUP($A56,Questions!$A$2:$X$333,2,0) | C56: Yes | D56: Information Security Policy §5: full-disk encryption, OS/browser updates within 14 days, automatic screen lock, password manager, and no Restricted data stored locally on any device used remotely. | E56: =IF($C$18='Auto Responses'!$J$4,'Auto Responses'!$A$3,IF($C56='Auto Responses'!$J$3,VLOOKUP($A56,Questions!$A$2:$X$333,17,0)&"",IF($C56='Auto Responses'!$J$4,VLOOKUP($A56,Questions!$A$2:$X$333,16,0)&"",VLOOKUP($A56,Questions!$A$2:$X$333,15,0)&""))) | F56: =VLOOKUP($A56,'Institution Evaluation'!$A$56:$F$345,6,0)&""
A57: DATA-19 | B57: =VLOOKUP($A57,Questions!$A$2:$X$333,2,0) | C57: No | D57: Multi-tenant. Data is separated logically by organization and course, with role-based authorization checks on each request (instructor, TA, student, platform admin). | E57: =IF($C$18='Auto Responses'!$J$4,'Auto Responses'!$A$3,IF($C57='Auto Responses'!$J$3,VLOOKUP($A57,Questions!$A$2:$X$333,17,0)&"",IF($C57='Auto Responses'!$J$4,VLOOKUP($A57,Questions!$A$2:$X$333,16,0)&"",VLOOKUP($A57,Questions!$A$2:$X$333,15,0)&""))) | F57: =VLOOKUP($A57,'Institution Evaluation'!$A$56:$F$345,6,0)&""
A58: DATA-20 | B58: =VLOOKUP($A58,Questions!$A$2:$X$333,2,0) | C58: Yes | E58: =IF($C$18='Auto Responses'!$J$4,'Auto Responses'!$A$3,IF($C58='Auto Responses'!$J$3,VLOOKUP($A58,Questions!$A$2:$X$333,17,0)&"",IF($C58='Auto Responses'!$J$4,VLOOKUP($A58,Questions!$A$2:$X$333,16,0)&"",VLOOKUP($A58,Questions!$A$2:$X$333,15,0)&""))) | F58: =VLOOKUP($A58,'Institution Evaluation'!$A$56:$F$345,6,0)&""
A59: DATA-21 | B59: =VLOOKUP($A59,Questions!$A$2:$X$333,2,0) | C59: Yes | E59: =IF($C$18='Auto Responses'!$J$4,'Auto Responses'!$A$3,IF($C59='Auto Responses'!$J$3,VLOOKUP($A59,Questions!$A$2:$X$333,17,0)&"",IF($C59='Auto Responses'!$J$4,VLOOKUP($A59,Questions!$A$2:$X$333,16,0)&"",VLOOKUP($A59,Questions!$A$2:$X$333,15,0)&""))) | F59: =VLOOKUP($A59,'Institution Evaluation'!$A$56:$F$345,6,0)&""
A60: DATA-22 | B60: =VLOOKUP($A60,Questions!$A$2:$X$333,2,0) | C60: No | E60: =IF($C$18='Auto Responses'!$J$4,'Auto Responses'!$A$3,IF($C60='Auto Responses'!$J$3,VLOOKUP($A60,Questions!$A$2:$X$333,17,0)&"",IF($C60='Auto Responses'!$J$4,VLOOKUP($A60,Questions!$A$2:$X$333,16,0)&"",VLOOKUP($A60,Questions!$A$2:$X$333,15,0)&""))) | F60: =VLOOKUP($A60,'Institution Evaluation'!$A$56:$F$345,6,0)&""
A61: DATA-23 | B61: =VLOOKUP($A61,Questions!$A$2:$X$333,2,0) | C61: No | D61: Keys are managed by AWS (KMS-backed SSM SecureString, S3 SSE); no documented key management process. | E61: =IF($C$18='Auto Responses'!$J$4,'Auto Responses'!$A$3,IF($C61='Auto Responses'!$J$3,VLOOKUP($A61,Questions!$A$2:$X$333,17,0)&"",IF($C61='Auto Responses'!$J$4,VLOOKUP($A61,Questions!$A$2:$X$333,16,0)&"",VLOOKUP($A61,Questions!$A$2:$X$333,15,0)&""))) | F61: =VLOOKUP($A61,'Institution Evaluation'!$A$56:$F$345,6,0)&"" | G61: End Table Data
A62: Copyright © 2025 EDUCAUSE
A66: =#REF!
A67: =#REF!
A68: =#REF!
A69: =#REF!
A70: =#REF!
A71: =#REF!
A72: =#REF!

Sheet Infrastructure
A1: Cells contained in this worksheet may contain cells with dropdown lists as well as autopopulated formulas.
A2: HECVAT Solution Provider Response - Infrastructure | F2: ='Auto Responses'!$A$36
A3: Date Completed | C3: ='START HERE'!$C$3
A4: Instructions for Solution Providers
A5: =HLOOKUP($A$4,'Auto Responses'!$D$2:$D$8,2,0)&""
A6: =HLOOKUP($A$4,'Auto Responses'!$D$2:$D$8,3,0)&""
A7: =HLOOKUP($A$4,'Auto Responses'!$D$2:$D$8,4,0)&"" -> 3. Guidance in column E may change based on your answers to prompt details in "Additional Information." If leaving an answer blank, you must also state why in "Additional Information".
A8: =HLOOKUP($A$4,'Auto Responses'!$D$2:$D$8,5,0)&""
A9: =HLOOKUP($A$4,'Auto Responses'!$D$2:$D$8,6,0)&""
A10: =HLOOKUP($A$4,'Auto Responses'!$D$2:$D$8,7,0)&""
A11: =HLOOKUP($A$4,'Auto Responses'!$D$2:$D$9,8,0)&""
A12: =VLOOKUP(LEFT($A13,4),'Auto Responses'!$N$4:$O$38,2,0)&"" -> General Information | C12: Answer
A13: GNRL-01 | B13: =VLOOKUP($A13,Questions!$A$2:$X$333,2,0)&"" | C13: =VLOOKUP($A13,'START HERE'!$A$13:$C$21,3,0)&""
A14: GNRL-02 | B14: =VLOOKUP($A14,Questions!$A$2:$X$333,2,0)&"" | C14: =VLOOKUP($A14,'START HERE'!$A$13:$C$21,3,0)&""
A15: GNRL-03 | B15: =VLOOKUP($A15,Questions!$A$2:$X$333,2,0)&"" | C15: =VLOOKUP($A15,'START HERE'!$A$13:$C$21,3,0)&""
A16: GNRL-08 | B16: =VLOOKUP($A16,Questions!$A$2:$X$333,2,0)&"" | C16: =VLOOKUP($A16,'START HERE'!$A$13:$C$21,3,0)&""
A17: =VLOOKUP(LEFT($A18,4),'Auto Responses'!$N$4:$O$38,2,0)&"" -> Required Questions | C17: Answer | E17: Guidance | F17: Analyst Notes
A18: REQU-01 | B18: =VLOOKUP($A18,Questions!$A$2:$X$333,2,0) | C18: =VLOOKUP($A18,'START HERE'!$A$23:$F$36,3,0)&"" | D18: =VLOOKUP($A18,'START HERE'!$A$23:$F$36,4,0)&"" | E18: =IF($C18='Auto Responses'!$J$3,VLOOKUP($A18,Questions!$A$2:$X$333,17,0)&"",IF($C18='Auto Responses'!$J$4,VLOOKUP($A18,Questions!$A$2:$X$333,16,0)&"",VLOOKUP($A18,Questions!$A$2:$X$333,15,0)&"")) | F18: =VLOOKUP($A18,'Institution Evaluation'!$A$56:$F$345,6,0)&"" | G18: End Table Data
A19: =VLOOKUP(LEFT($A20,4),'Auto Responses'!$N$4:$O$38,2,0)&"" -> Application/Service Security | C19: Answer | D19: Additional Information | E19: Guidance | F19: Analyst Notes
A20: APPL-01 | B20: =VLOOKUP($A20,Questions!$A$2:$X$333,2,0) | C20: Yes | D20: Role-based: platform admin, organization owner, course instructor, teaching assistant, student. | E20: =IF($C$18='Auto Responses'!$J$4,'Auto Responses'!$A$3,IF($C20='Auto Responses'!$J$3,VLOOKUP($A20,Questions!$A$2:$X$333,17,0)&"",IF($C20='Auto Responses'!$J$4,VLOOKUP($A20,Questions!$A$2:$X$333,16,0)&"",VLOOKUP($A20,Questions!$A$2:$X$333,15,0)&""))) | F20: =VLOOKUP($A20,'Institution Evaluation'!$A$56:$F$345,6,0)&""
A21: APPL-02 | B21: =VLOOKUP($A21,Questions!$A$2:$X$333,2,0) | C21: No | E21: =IF($C$18='Auto Responses'!$J$4,'Auto Responses'!$A$3,IF($C21='Auto Responses'!$J$3,VLOOKUP($A21,Questions!$A$2:$X$333,17,0)&"",IF($C21='Auto Responses'!$J$4,VLOOKUP($A21,Questions!$A$2:$X$333,16,0)&"",VLOOKUP($A21,Questions!$A$2:$X$333,15,0)&""))) | F21: =VLOOKUP($A21,'Institution Evaluation'!$A$56:$F$345,6,0)&""
A22: APPL-03 | B22: =VLOOKUP($A22,Questions!$A$2:$X$333,2,0) | C22: No | E22: =IF($C$18='Auto Responses'!$J$4,'Auto Responses'!$A$3,IF($C22='Auto Responses'!$J$3,VLOOKUP($A22,Questions!$A$2:$X$333,17,0)&"",IF($C22='Auto Responses'!$J$4,VLOOKUP($A22,Questions!$A$2:$X$333,16,0)&"",VLOOKUP($A22,Questions!$A$2:$X$333,15,0)&""))) | F22: =VLOOKUP($A22,'Institution Evaluation'!$A$56:$F$345,6,0)&""
A23: APPL-04 | B23: =VLOOKUP($A23,Questions!$A$2:$X$333,2,0) | C23: No | E23: =IF($C$18='Auto Responses'!$J$4,'Auto Responses'!$A$3,IF($C23='Auto Responses'!$J$3,VLOOKUP($A23,Questions!$A$2:$X$333,17,0)&"",IF($C23='Auto Responses'!$J$4,VLOOKUP($A23,Questions!$A$2:$X$333,16,0)&"",VLOOKUP($A23,Questions!$A$2:$X$333,15,0)&""))) | F23: =VLOOKUP($A23,'Institution Evaluation'!$A$56:$F$345,6,0)&""
A24: APPL-05 | B24: =VLOOKUP($A24,Questions!$A$2:$X$333,2,0) | C24: Yes | D24: Platform administration, course administration (instructor/TA) and student functions are separate roles. | E24: =IF($C$18='Auto Responses'!$J$4,'Auto Responses'!$A$3,IF($C24='Auto Responses'!$J$3,VLOOKUP($A24,Questions!$A$2:$X$333,17,0)&"",IF($C24='Auto Responses'!$J$4,VLOOKUP($A24,Questions!$A$2:$X$333,16,0)&"",VLOOKUP($A24,Questions!$A$2:$X$333,15,0)&""))) | F24: =VLOOKUP($A24,'Institution Evaluation'!$A$56:$F$345,6,0)&""
A25: APPL-06 | B25: =VLOOKUP($A25,Questions!$A$2:$X$333,2,0) | C25: No | E25: =IF($C$18='Auto Responses'!$J$4,'Auto Responses'!$A$3,IF($C25='Auto Responses'!$J$3,VLOOKUP($A25,Questions!$A$2:$X$333,17,0)&"",IF($C25='Auto Responses'!$J$4,VLOOKUP($A25,Questions!$A$2:$X$333,16,0)&"",VLOOKUP($A25,Questions!$A$2:$X$333,15,0)&""))) | F25: =VLOOKUP($A25,'Institution Evaluation'!$A$56:$F$345,6,0)&""
A26: APPL-07 | B26: =VLOOKUP($A26,Questions!$A$2:$X$333,2,0) | C26: Yes | D26: Unit, integration (containerized PostgreSQL) and end-to-end (Playwright) tests run in CI on every pull request. | E26: =IF($C$18='Auto Responses'!$J$4,'Auto Responses'!$A$3,IF($C26='Auto Responses'!$J$3,VLOOKUP($A26,Questions!$A$2:$X$333,17,0)&"",IF($C26='Auto Responses'!$J$4,VLOOKUP($A26,Questions!$A$2:$X$333,16,0)&"",VLOOKUP($A26,Questions!$A$2:$X$333,15,0)&""))) | F26: =VLOOKUP($A26,'Institution Evaluation'!$A$56:$F$345,6,0)&""
A27: APPL-08 | B27: =VLOOKUP($A27,Questions!$A$2:$X$333,2,0) | C27: No | E27: =IF($C$18='Auto Responses'!$J$4,'Auto Responses'!$A$3,IF($C27='Auto Responses'!$J$3,VLOOKUP($A27,Questions!$A$2:$X$333,17,0)&"",IF($C27='Auto Responses'!$J$4,VLOOKUP($A27,Questions!$A$2:$X$333,16,0)&"",VLOOKUP($A27,Questions!$A$2:$X$333,15,0)&""))) | F27: =VLOOKUP($A27,'Institution Evaluation'!$A$56:$F$345,6,0)&""
A28: APPL-09 | B28: =VLOOKUP($A28,Questions!$A$2:$X$333,2,0) | C28: Yes | D28: Request bodies are validated server-side and return structured error messages. | E28: =IF($C$18='Auto Responses'!$J$4,'Auto Responses'!$A$3,IF($C28='Auto Responses'!$J$3,VLOOKUP($A28,Questions!$A$2:$X$333,17,0)&"",IF($C28='Auto Responses'!$J$4,VLOOKUP($A28,Questions!$A$2:$X$333,16,0)&"",VLOOKUP($A28,Questions!$A$2:$X$333,15,0)&""))) | F28: =VLOOKUP($A28,'Institution Evaluation'!$A$56:$F$345,6,0)&""
A29: APPL-10 | B29: =VLOOKUP($A29,Questions!$A$2:$X$333,2,0) | C29: No | E29: =IF($C$18='Auto Responses'!$J$4,'Auto Responses'!$A$3,IF($C29='Auto Responses'!$J$3,VLOOKUP($A29,Questions!$A$2:$X$333,17,0)&"",IF($C29='Auto Responses'!$J$4,VLOOKUP($A29,Questions!$A$2:$X$333,16,0)&"",VLOOKUP($A29,Questions!$A$2:$X$333,15,0)&""))) | F29: =VLOOKUP($A29,'Institution Evaluation'!$A$56:$F$345,6,0)&""
A30: APPL-11 | B30: =VLOOKUP($A30,Questions!$A$2:$X$333,2,0) | C30: No | E30: =IF($C$18='Auto Responses'!$J$4,'Auto Responses'!$A$3,IF($C30='Auto Responses'!$J$3,VLOOKUP($A30,Questions!$A$2:$X$333,17,0)&"",IF($C30='Auto Responses'!$J$4,VLOOKUP($A30,Questions!$A$2:$X$333,16,0)&"",VLOOKUP($A30,Questions!$A$2:$X$333,15,0)&""))) | F30: =VLOOKUP($A30,'Institution Evaluation'!$A$56:$F$345,6,0)&""
A31: APPL-12 | B31: =VLOOKUP($A31,Questions!$A$2:$X$333,2,0) | C31: No | D31: No formal secure coding standard. Practices in use include parameterized SQL, server-side authorization, and TLS everywhere. | E31: =IF($C$18='Auto Responses'!$J$4,'Auto Responses'!$A$3,IF($C31='Auto Responses'!$J$3,VLOOKUP($A31,Questions!$A$2:$X$333,17,0)&"",IF($C31='Auto Responses'!$J$4,VLOOKUP($A31,Questions!$A$2:$X$333,16,0)&"",VLOOKUP($A31,Questions!$A$2:$X$333,15,0)&""))) | F31: =VLOOKUP($A31,'Institution Evaluation'!$A$56:$F$345,6,0)&""
A32: APPL-13 | B32: =VLOOKUP($A32,Questions!$A$2:$X$333,2,0) | C32: N/A | D32: Web application only; no mobile app. | E32: =IF($C$18='Auto Responses'!$J$4,'Auto Responses'!$A$3,IF($C32='Auto Responses'!$J$3,VLOOKUP($A32,Questions!$A$2:$X$333,17,0)&"",IF($C32='Auto Responses'!$J$4,VLOOKUP($A32,Questions!$A$2:$X$333,16,0)&"",IF($C32='Auto Responses'!$J$5,VLOOKUP($A32,Questions!$A$2:$X$333,18,0)&"",VLOOKUP($A32,Questions!$A$2:$X$333,15,0)&"")))) | F32: =VLOOKUP($A32,'Institution Evaluation'!$A$56:$F$345,6,0)&""
A33: APPL-14 | B33: =VLOOKUP($A33,Questions!$A$2:$X$333,2,0) | C33: Yes | D33: Administrative access is granted only by the security owner (Marc Diaz, Founder), on least privilege, with MFA required and quarterly access reviews (Information Security Policy §4). | E33: =IF($C$18='Auto Responses'!$J$4,'Auto Responses'!$A$3,IF($C33='Auto Responses'!$J$3,VLOOKUP($A33,Questions!$A$2:$X$333,17,0)&"",IF($C33='Auto Responses'!$J$4,VLOOKUP($A33,Questions!$A$2:$X$333,16,0)&"",VLOOKUP($A33,Questions!$A$2:$X$333,15,0)&""))) | F33: =VLOOKUP($A33,'Institution Evaluation'!$A$56:$F$345,6,0)&"" | G33: End Table Data
A34: =VLOOKUP(LEFT($A35,4),'Auto Responses'!$N$4:$O$38,2,0)&"" -> Datacenter | C34: Answer | D34: Additional Information | E34: Guidance | F34: Analyst Notes
A35: DCTR-01 | B35: =VLOOKUP($A35,Questions!$A$2:$X$333,2,0) | C35: AWS | D35: Amazon Web Services, us-east-1. | E35: =IF(OR($C35="",$C35="Other"),VLOOKUP($A35,Questions!$A$2:$X$333,15,0),"")&"" | F35: =VLOOKUP($A35,'Institution Evaluation'!$A$56:$F$345,6,0)&""
A36: DCTR-02 | B36: =VLOOKUP($A36,Questions!$A$2:$X$333,2,0) | C36: Yes | D36: AWS SOC 2 Type 2 is available via AWS Artifact. | E36: =IF($C$35="","",IF(OR($C$35='Auto Responses'!$J$20,$C$35='Auto Responses'!$J$21,$C$35='Auto Responses'!$J$22),'Auto Responses'!$A$26,IF($C36='Auto Responses'!$J$3,VLOOKUP($A36,Questions!$A$2:$X$333,17,0)&"",IF($C36='Auto Responses'!$J$4,VLOOKUP($A36,Questions!$A$2:$X$333,16,0)&"",VLOOKUP($A36,Questions!$A$2:$X$333,15,0)&"")))) | F36: =VLOOKUP($A36,'Institution Evaluation'!$A$56:$F$345,6,0)&""
A37: DCTR-03 | B37: =VLOOKUP($A37,Questions!$A$2:$X$333,2,0) | C37: Yes | D37: All data is stored in the United States (AWS us-east-1). | E37: =IF($C$35="","",IF($C37='Auto Responses'!$J$3,VLOOKUP($A37,Questions!$A$2:$X$333,17,0)&"",IF($C37='Auto Responses'!$J$4,VLOOKUP($A37,Questions!$A$2:$X$333,16,0)&"",VLOOKUP($A37,Questions!$A$2:$X$333,15,0)&""))) | F37: =VLOOKUP($A37,'Institution Evaluation'!$A$56:$F$345,6,0)&""
A38: DCTR-04 | B38: =VLOOKUP($A38,Questions!$A$2:$X$333,2,0) | C38: Yes | D38: AWS. | E38: =IF($C$35="","",IF(OR($C$35='Auto Responses'!$J$20,$C$35='Auto Responses'!$J$21,$C$35='Auto Responses'!$J$22),'Auto Responses'!$A$26,IF($C38='Auto Responses'!$J$3,VLOOKUP($A38,Questions!$A$2:$X$333,17,0)&"",IF($C38='Auto Responses'!$J$4,VLOOKUP($A38,Questions!$A$2:$X$333,16,0)&"",VLOOKUP($A38,Questions!$A$2:$X$333,15,0)&"")))) | F38: =VLOOKUP($A38,'Institution Evaluation'!$A$56:$F$345,6,0)&""
A39: DCTR-05 | B39: =VLOOKUP($A39,Questions!$A$2:$X$333,2,0) | C39: Yes | D39: AWS. | E39: =IF($C$35="","",IF(OR($C$35='Auto Responses'!$J$17,$C$35='Auto Responses'!$J$19,$C$35='Auto Responses'!$J$20,$C$35='Auto Responses'!$J$21,$C$35='Auto Responses'!$J$22),'Auto Responses'!$A$26,IF($C39='Auto Responses'!$J$3,VLOOKUP($A39,Questions!$A$2:$X$333,17,0)&"",IF($C39='Auto Responses'!$J$4,VLOOKUP($A39,Questions!$A$2:$X$333,16,0)&"",VLOOKUP($A39,Questions!$A$2:$X$333,15,0)&"")))) | F39: =VLOOKUP($A39,'Institution Evaluation'!$A$56:$F$345,6,0)&""
A40: DCTR-06 | B40: =VLOOKUP($A40,Questions!$A$2:$X$333,2,0) | C40: Yes | D40: AWS. | E40: =IF($C$35="","",IF(OR($C$35='Auto Responses'!$J$19,$C$35='Auto Responses'!$J$20,$C$35='Auto Responses'!$J$21,$C$35='Auto Responses'!$J$22),'Auto Responses'!$A$26,IF($C40='Auto Responses'!$J$3,VLOOKUP($A40,Questions!$A$2:$X$333,17,0)&"",IF($C40='Auto Responses'!$J$4,VLOOKUP($A40,Questions!$A$2:$X$333,16,0)&"",VLOOKUP($A40,Questions!$A$2:$X$333,15,0)&"")))) | F40: =VLOOKUP($A40,'Institution Evaluation'!$A$56:$F$345,6,0)&""
A41: DCTR-07 | B41: =VLOOKUP($A41,Questions!$A$2:$X$333,2,0) | C41: No | E41: =IF($C$35="","",IF($C41='Auto Responses'!$J$3,VLOOKUP($A41,Questions!$A$2:$X$333,17,0)&"",IF($C41='Auto Responses'!$J$4,VLOOKUP($A41,Questions!$A$2:$X$333,16,0)&"",VLOOKUP($A41,Questions!$A$2:$X$333,15,0)&""))) | F41: =VLOOKUP($A41,'Institution Evaluation'!$A$56:$F$345,6,0)&""
A42: DCTR-08 | B42: =VLOOKUP($A42,Questions!$A$2:$X$333,2,0) | C42: No | E42: =IF($C$35="","",IF($C42='Auto Responses'!$J$3,VLOOKUP($A42,Questions!$A$2:$X$333,17,0)&"",IF($C42='Auto Responses'!$J$4,VLOOKUP($A42,Questions!$A$2:$X$333,16,0)&"",VLOOKUP($A42,Questions!$A$2:$X$333,15,0)&""))) | F42: =VLOOKUP($A42,'Institution Evaluation'!$A$56:$F$345,6,0)&""
A43: DCTR-09 | B43: =VLOOKUP($A43,Questions!$A$2:$X$333,2,0) | C43: Yes | D43: AWS. | E43: =IF($C$35="","",IF(OR($C$35='Auto Responses'!$J$20,$C$35='Auto Responses'!$J$21,$C$35='Auto Responses'!$J$22),'Auto Responses'!$A$26,IF($C43='Auto Responses'!$J$3,VLOOKUP($A43,Questions!$A$2:$X$333,17,0)&"",IF($C43='Auto Responses'!$J$4,VLOOKUP($A43,Questions!$A$2:$X$333,16,0)&"",VLOOKUP($A43,Questions!$A$2:$X$333,15,0)&"")))) | F43: =VLOOKUP($A43,'Institution Evaluation'!$A$56:$F$345,6,0)&""
A44: DCTR-10 | B44: =VLOOKUP($A44,Questions!$A$2:$X$333,2,0) | C44: Yes | D44: AWS. | E44: =IF($C$35="","",IF(OR($C$35='Auto Responses'!$J$20,$C$35='Auto Responses'!$J$21,$C$35='Auto Responses'!$J$22),'Auto Responses'!$A$26,IF($C44='Auto Responses'!$J$3,VLOOKUP($A44,Questions!$A$2:$X$333,17,0)&"",IF($C44='Auto Responses'!$J$4,VLOOKUP($A44,Questions!$A$2:$X$333,16,0)&"",VLOOKUP($A44,Questions!$A$2:$X$333,15,0)&"")))) | F44: =VLOOKUP($A44,'Institution Evaluation'!$A$56:$F$345,6,0)&""
A45: DCTR-11 | B45: =VLOOKUP($A45,Questions!$A$2:$X$333,2,0) | C45: Yes | D45: AWS. | E45: =IF($C$35="","",IF(OR($C$35='Auto Responses'!$J$19,$C$35='Auto Responses'!$J$20,$C$35='Auto Responses'!$J$21,$C$35='Auto Responses'!$J$22,$C$35='Auto Responses'!$J$23),'Auto Responses'!$A$26,IF($C45='Auto Responses'!$J$3,VLOOKUP($A45,Questions!$A$2:$X$333,17,0)&"",IF($C45='Auto Responses'!$J$4,VLOOKUP($A45,Questions!$A$2:$X$333,16,0)&"",VLOOKUP($A45,Questions!$A$2:$X$333,15,0)&"")))) | F45: =VLOOKUP($A45,'Institution Evaluation'!$A$56:$F$345,6,0)&""
A46: DCTR-12 | B46: =VLOOKUP($A46,Questions!$A$2:$X$333,2,0) | C46: Yes | D46: AWS. | E46: =IF($C$35="","",IF(OR($C$35='Auto Responses'!$J$20,$C$35='Auto Responses'!$J$21,$C$35='Auto Responses'!$J$22),'Auto Responses'!$A$26,IF($C46='Auto Responses'!$J$3,VLOOKUP($A46,Questions!$A$2:$X$333,17,0)&"",IF($C46='Auto Responses'!$J$4,VLOOKUP($A46,Questions!$A$2:$X$333,16,0)&"",VLOOKUP($A46,Questions!$A$2:$X$333,15,0)&"")))) | F46: =VLOOKUP($A46,'Institution Evaluation'!$A$56:$F$345,6,0)&""
A47: DCTR-13 | B47: =VLOOKUP($A47,Questions!$A$2:$X$333,2,0) | C47: Yes | D47: AWS. | E47: =IF($C$35="","",IF(OR($C$35='Auto Responses'!$J$20,$C$35='Auto Responses'!$J$21,$C$35='Auto Responses'!$J$22),'Auto Responses'!$A$26,IF($C47='Auto Responses'!$J$3,VLOOKUP($A47,Questions!$A$2:$X$333,17,0)&"",IF($C47='Auto Responses'!$J$4,VLOOKUP($A47,Questions!$A$2:$X$333,16,0)&"",VLOOKUP($A47,Questions!$A$2:$X$333,15,0)&"")))) | F47: =VLOOKUP($A47,'Institution Evaluation'!$A$56:$F$345,6,0)&""
A48: DCTR-14 | B48: =VLOOKUP($A48,Questions!$A$2:$X$333,2,0) | C48: Yes | D48: MFA is enforced for every administrative account: AWS (root and all IAM users), GitHub, Clerk, Stripe, OpenAI, PostHog, Sentry, company email and the domain registrar. | E48: =IF($C$35="","",IF($C48='Auto Responses'!$J$3,VLOOKUP($A48,Questions!$A$2:$X$333,17,0)&"",IF($C48='Auto Responses'!$J$4,VLOOKUP($A48,Questions!$A$2:$X$333,16,0)&"",VLOOKUP($A48,Questions!$A$2:$X$333,15,0)&""))) | F48: =VLOOKUP($A48,'Institution Evaluation'!$A$56:$F$345,6,0)&""
A49: DCTR-15 | B49: =VLOOKUP($A49,Questions!$A$2:$X$333,2,0) | C49: Yes | D49: AWS ECS-optimized Amazon Linux 2023 AMIs; IMDSv2 required. | E49: =IF($C$35="","",IF(OR($C$35='Auto Responses'!$J$17,$C$35='Auto Responses'!$J$18),'Auto Responses'!$A$26,IF($C49='Auto Responses'!$J$3,VLOOKUP($A49,Questions!$A$2:$X$333,17,0)&"",IF($C49='Auto Responses'!$J$4,VLOOKUP($A49,Questions!$A$2:$X$333,16,0)&"",VLOOKUP($A49,Questions!$A$2:$X$333,15,0)&"")))) | F49: =VLOOKUP($A49,'Institution Evaluation'!$A$56:$F$345,6,0)&""
A50: DCTR-16 | B50: =VLOOKUP($A50,Questions!$A$2:$X$333,2,0) | C50: Yes | D50: AWS-managed keys are used for S3 and SSM encryption. | E50: =IF($C$35="","",IF(OR($C$35='Auto Responses'!$J$17,$C$35='Auto Responses'!$J$18),'Auto Responses'!$A$26,IF($C50='Auto Responses'!$J$3,VLOOKUP($A50,Questions!$A$2:$X$333,17,0)&"",IF($C50='Auto Responses'!$J$4,VLOOKUP($A50,Questions!$A$2:$X$333,16,0)&"",VLOOKUP($A50,Questions!$A$2:$X$333,15,0)&"")))) | F50: =VLOOKUP($A50,'Institution Evaluation'!$A$56:$F$345,6,0)&""
A51: =VLOOKUP(LEFT($A52,4),'Auto Responses'!$N$4:$O$38,2,0)&"" -> Firewalls, IDS, IPS, and Networking | C51: Answer | D51: Additional Information | E51: Guidance | F51: Analyst Notes
A52: FIDP-01 | B52: =VLOOKUP($A52,Questions!$A$2:$X$333,2,0) | C52: Yes | D52: AWS security groups (stateful). | E52: =IF($C$18='Auto Responses'!$J$4,'Auto Responses'!$A$3,IF($C52='Auto Responses'!$J$3,VLOOKUP($A52,Questions!$A$2:$X$333,17,0)&"",IF($C52='Auto Responses'!$J$4,VLOOKUP($A52,Questions!$A$2:$X$333,16,0)&"",VLOOKUP($A52,Questions!$A$2:$X$333,15,0)&""))) | F52: =VLOOKUP($A52,'Institution Evaluation'!$A$56:$F$345,6,0)&""
A53: FIDP-02 | B53: =VLOOKUP($A53,Questions!$A$2:$X$333,2,0) | C53: Yes | D53: Firewall (AWS security group) changes are made only through Terraform pull requests with review and CI-applied plans; emergency console changes must be written back into Terraform within 2 business days (Information Security Policy §5, Change and Patch Management §4). | E53: =IF($C$18='Auto Responses'!$J$4,'Auto Responses'!$A$3,IF($C53='Auto Responses'!$J$3,VLOOKUP($A53,Questions!$A$2:$X$333,17,0)&"",IF($C53='Auto Responses'!$J$4,VLOOKUP($A53,Questions!$A$2:$X$333,16,0)&"",VLOOKUP($A53,Questions!$A$2:$X$333,15,0)&""))) | F53: =VLOOKUP($A53,'Institution Evaluation'!$A$56:$F$345,6,0)&""
A54: FIDP-03 | B54: =VLOOKUP($A54,Questions!$A$2:$X$333,2,0) | C54: No | E54: =IF($C$18='Auto Responses'!$J$4,'Auto Responses'!$A$3,IF($C54='Auto Responses'!$J$3,VLOOKUP($A54,Questions!$A$2:$X$333,17,0)&"",IF($C54='Auto Responses'!$J$4,VLOOKUP($A54,Questions!$A$2:$X$333,16,0)&"",VLOOKUP($A54,Questions!$A$2:$X$333,15,0)&""))) | F54: =VLOOKUP($A54,'Institution Evaluation'!$A$56:$F$345,6,0)&""
A55: FIDP-04 | B55: =VLOOKUP($A55,Questions!$A$2:$X$333,2,0) | C55: No | E55: =IF($C$18='Auto Responses'!$J$4,'Auto Responses'!$A$3,IF($C55='Auto Responses'!$J$3,VLOOKUP($A55,Questions!$A$2:$X$333,17,0)&"",IF($C55='Auto Responses'!$J$4,VLOOKUP($A55,Questions!$A$2:$X$333,16,0)&"",IF($C55='Auto Responses'!$J$5,VLOOKUP($A55,Questions!$A$2:$X$333,18,0)&"",VLOOKUP($A55,Questions!$A$2:$X$333,15,0)&"")))) | F55: =VLOOKUP($A55,'Institution Evaluation'!$A$56:$F$345,6,0)&""
A56: FIDP-05 | B56: =VLOOKUP($A56,Questions!$A$2:$X$333,2,0) | C56: Yes | D56: Changes are recorded in AWS CloudTrail and in Terraform version control. | E56: =IF($C$18='Auto Responses'!$J$4,'Auto Responses'!$A$3,IF($C56='Auto Responses'!$J$3,VLOOKUP($A56,Questions!$A$2:$X$333,17,0)&"",IF($C56='Auto Responses'!$J$4,VLOOKUP($A56,Questions!$A$2:$X$333,16,0)&"",VLOOKUP($A56,Questions!$A$2:$X$333,15,0)&""))) | F56: =VLOOKUP($A56,'Institution Evaluation'!$A$56:$F$345,6,0)&""
A57: FIDP-06 | B57: =VLOOKUP($A57,Questions!$A$2:$X$333,2,0) | C57: Yes | D57: Approver: Marc Diaz, Founder (security owner). Co-founders may approve emergency changes when the Founder is unavailable. | E57: =IF($C$18='Auto Responses'!$J$4,'Auto Responses'!$A$3,IF($C57='Auto Responses'!$J$3,VLOOKUP($A57,Questions!$A$2:$X$333,17,0)&"",IF($C57='Auto Responses'!$J$4,VLOOKUP($A57,Questions!$A$2:$X$333,16,0)&"",VLOOKUP($A57,Questions!$A$2:$X$333,15,0)&""))) | F57: =VLOOKUP($A57,'Institution Evaluation'!$A$56:$F$345,6,0)&""
A58: FIDP-07 | B58: =VLOOKUP($A58,Questions!$A$2:$X$333,2,0) | C58: No | E58: =IF($C$18='Auto Responses'!$J$4,'Auto Responses'!$A$3,IF($C58='Auto Responses'!$J$3,VLOOKUP($A58,Questions!$A$2:$X$333,17,0)&"",IF($C58='Auto Responses'!$J$4,VLOOKUP($A58,Questions!$A$2:$X$333,16,0)&"",VLOOKUP($A58,Questions!$A$2:$X$333,15,0)&""))) | F58: =VLOOKUP($A58,'Institution Evaluation'!$A$56:$F$345,6,0)&""
A59: FIDP-08 | B59: =VLOOKUP($A59,Questions!$A$2:$X$333,2,0) | C59: No | E59: =IF($C$18='Auto Responses'!$J$4,'Auto Responses'!$A$3,IF($C59='Auto Responses'!$J$3,VLOOKUP($A59,Questions!$A$2:$X$333,17,0)&"",IF($C59='Auto Responses'!$J$4,VLOOKUP($A59,Questions!$A$2:$X$333,16,0)&"",IF($C59='Auto Responses'!$J$5,VLOOKUP($A59,Questions!$A$2:$X$333,18,0)&"",VLOOKUP($A59,Questions!$A$2:$X$333,15,0)&"")))) | F59: =VLOOKUP($A59,'Institution Evaluation'!$A$56:$F$345,6,0)&""
A60: FIDP-09 | B60: =VLOOKUP($A60,Questions!$A$2:$X$333,2,0) | C60: No | E60: =IF($C$18='Auto Responses'!$J$4,'Auto Responses'!$A$3,IF($C60='Auto Responses'!$J$3,VLOOKUP($A60,Questions!$A$2:$X$333,17,0)&"",IF($C60='Auto Responses'!$J$4,VLOOKUP($A60,Questions!$A$2:$X$333,16,0)&"",VLOOKUP($A60,Questions!$A$2:$X$333,15,0)&""))) | F60: =VLOOKUP($A60,'Institution Evaluation'!$A$56:$F$345,6,0)&""
A61: FIDP-10 | B61: =VLOOKUP($A61,Questions!$A$2:$X$333,2,0) | C61: None currently | E61: =IF($C$18='Auto Responses'!$J$4,'Auto Responses'!$A$3,IF($C61='Auto Responses'!$J$3,VLOOKUP($A61,Questions!$A$2:$X$333,17,0)&"",IF($C61='Auto Responses'!$J$4,VLOOKUP($A61,Questions!$A$2:$X$333,16,0)&"",VLOOKUP($A61,Questions!$A$2:$X$333,15,0)&""))) | F61: =VLOOKUP($A61,'Institution Evaluation'!$A$56:$F$345,6,0)&""
A62: FIDP-11 | B62: =VLOOKUP($A62,Questions!$A$2:$X$333,2,0) | C62: No | E62: =IF($C$18='Auto Responses'!$J$4,'Auto Responses'!$A$3,IF($C62='Auto Responses'!$J$3,VLOOKUP($A62,Questions!$A$2:$X$333,17,0)&"",IF($C62='Auto Responses'!$J$4,VLOOKUP($A62,Questions!$A$2:$X$333,16,0)&"",VLOOKUP($A62,Questions!$A$2:$X$333,15,0)&""))) | F62: =VLOOKUP($A62,'Institution Evaluation'!$A$56:$F$345,6,0)&"" | G62: End Table Data
A63: =VLOOKUP(LEFT($A64,4),'Auto Responses'!$N$4:$O$38,2,0)&"" -> Incident Handling | C63: Answer | D63: Additional Information | E63: Guidance | F63: Analyst Notes
A64: HFIH-01 | B64: =VLOOKUP($A64,Questions!$A$2:$X$333,2,0) | C64: Yes | D64: Edugator internal policies (available on request): Incident Response Plan covering triage within 1 hour, containment, investigation, recovery, institution notification within 72 hours, and post-incident review; exercised annually. | E64: =IF($C$18='Auto Responses'!$J$4,'Auto Responses'!$A$3,IF($C64='Auto Responses'!$J$3,VLOOKUP($A64,Questions!$A$2:$X$333,17,0)&"",IF($C64='Auto Responses'!$J$4,VLOOKUP($A64,Questions!$A$2:$X$333,16,0)&"",VLOOKUP($A64,Questions!$A$2:$X$333,15,0)&""))) | F64: =VLOOKUP($A64,'Institution Evaluation'!$A$56:$F$345,6,0)&""
A65: HFIH-02 | B65: =VLOOKUP($A65,Questions!$A$2:$X$333,2,0) | C65: Yes | D65: Internal team: the Founder (incident lead and Privacy Officer) and co-founders, as defined in the Incident Response Plan. No external retainer. | E65: =IF($C$18='Auto Responses'!$J$4,'Auto Responses'!$A$3,IF($C65='Auto Responses'!$J$3,VLOOKUP($A65,Questions!$A$2:$X$333,17,0)&"",IF($C65='Auto Responses'!$J$4,VLOOKUP($A65,Questions!$A$2:$X$333,16,0)&"",VLOOKUP($A65,Questions!$A$2:$X$333,15,0)&""))) | F65: =VLOOKUP($A65,'Institution Evaluation'!$A$56:$F$345,6,0)&""
A66: HFIH-03 | B66: =VLOOKUP($A66,Questions!$A$2:$X$333,2,0) | C66: No | E66: =IF($C$18='Auto Responses'!$J$4,'Auto Responses'!$A$3,IF($C66='Auto Responses'!$J$3,VLOOKUP($A66,Questions!$A$2:$X$333,17,0)&"",IF($C66='Auto Responses'!$J$4,VLOOKUP($A66,Questions!$A$2:$X$333,16,0)&"",VLOOKUP($A66,Questions!$A$2:$X$333,15,0)&""))) | F66: =VLOOKUP($A66,'Institution Evaluation'!$A$56:$F$345,6,0)&""
A67: HFIH-04 | B67: =VLOOKUP($A67,Questions!$A$2:$X$333,2,0) | C67: No | D67: Edugator does not currently carry cyber-risk insurance. We plan to obtain combined Technology E&O and cyber liability coverage and will meet any coverage requirements set in the institution's contract. | E67: =IF($C$18='Auto Responses'!$J$4,'Auto Responses'!$A$3,IF($C67='Auto Responses'!$J$3,VLOOKUP($A67,Questions!$A$2:$X$333,17,0)&"",IF($C67='Auto Responses'!$J$4,VLOOKUP($A67,Questions!$A$2:$X$333,16,0)&"",VLOOKUP($A67,Questions!$A$2:$X$333,15,0)&""))) | F67: =VLOOKUP($A67,'Institution Evaluation'!$A$56:$F$345,6,0)&"" | G67: End Table Data
A68: =VLOOKUP(LEFT($A69,4),'Auto Responses'!$N$4:$O$38,2,0)&"" -> Vulnerability Management | C68: Answer | D68: Additional Information | E68: Guidance | F68: Analyst Notes
A69: VULN-01 | B69: =VLOOKUP($A69,Questions!$A$2:$X$333,2,0) | C69: No | E69: =IF($C$18='Auto Responses'!$J$4,'Auto Responses'!$A$3,IF($C69='Auto Responses'!$J$3,VLOOKUP($A69,Questions!$A$2:$X$333,17,0)&"",IF($C69='Auto Responses'!$J$4,VLOOKUP($A69,Questions!$A$2:$X$333,16,0)&"",VLOOKUP($A69,Questions!$A$2:$X$333,15,0)&""))) | F69: =VLOOKUP($A69,'Institution Evaluation'!$A$56:$F$345,6,0)&""
A70: VULN-02 | B70: =VLOOKUP($A70,Questions!$A$2:$X$333,2,0) | C70: No | E70: =IF($C$18='Auto Responses'!$J$4,'Auto Responses'!$A$3,IF($C70='Auto Responses'!$J$3,VLOOKUP($A70,Questions!$A$2:$X$333,17,0)&"",IF($C70='Auto Responses'!$J$4,VLOOKUP($A70,Questions!$A$2:$X$333,16,0)&"",VLOOKUP($A70,Questions!$A$2:$X$333,15,0)&""))) | F70: =VLOOKUP($A70,'Institution Evaluation'!$A$56:$F$345,6,0)&""
A71: VULN-03 | B71: =VLOOKUP($A71,Questions!$A$2:$X$333,2,0) | C71: Yes | D71: With advance notice and coordination. | E71: =IF($C$18='Auto Responses'!$J$4,'Auto Responses'!$A$3,IF($C71='Auto Responses'!$J$3,VLOOKUP($A71,Questions!$A$2:$X$333,17,0)&"",IF($C71='Auto Responses'!$J$4,VLOOKUP($A71,Questions!$A$2:$X$333,16,0)&"",VLOOKUP($A71,Questions!$A$2:$X$333,15,0)&""))) | F71: =VLOOKUP($A71,'Institution Evaluation'!$A$56:$F$345,6,0)&""
A72: VULN-04 | B72: =VLOOKUP($A72,Questions!$A$2:$X$333,2,0) | C72: No | E72: =IF($C$18='Auto Responses'!$J$4,'Auto Responses'!$A$3,IF($C72='Auto Responses'!$J$3,VLOOKUP($A72,Questions!$A$2:$X$333,17,0)&"",IF($C72='Auto Responses'!$J$4,VLOOKUP($A72,Questions!$A$2:$X$333,16,0)&"",VLOOKUP($A72,Questions!$A$2:$X$333,15,0)&""))) | F72: =VLOOKUP($A72,'Institution Evaluation'!$A$56:$F$345,6,0)&""
A73: VULN-05 | B73: =VLOOKUP($A73,Questions!$A$2:$X$333,2,0) | C73: No | E73: =IF($C$18='Auto Responses'!$J$4,'Auto Responses'!$A$3,IF($C73='Auto Responses'!$J$3,VLOOKUP($A73,Questions!$A$2:$X$333,17,0)&"",IF($C73='Auto Responses'!$J$4,VLOOKUP($A73,Questions!$A$2:$X$333,16,0)&"",VLOOKUP($A73,Questions!$A$2:$X$333,15,0)&""))) | F73: =VLOOKUP($A73,'Institution Evaluation'!$A$56:$F$345,6,0)&""
A74: VULN-06 | B74: =VLOOKUP($A74,Questions!$A$2:$X$333,2,0) | C74: No | E74: =IF($C$18='Auto Responses'!$J$4,'Auto Responses'!$A$3,IF($C74='Auto Responses'!$J$3,VLOOKUP($A74,Questions!$A$2:$X$333,17,0)&"",IF($C74='Auto Responses'!$J$4,VLOOKUP($A74,Questions!$A$2:$X$333,16,0)&"",VLOOKUP($A74,Questions!$A$2:$X$333,15,0)&""))) | F74: =VLOOKUP($A74,'Institution Evaluation'!$A$56:$F$345,6,0)&"" | G74: End Table Data
A75: Copyright © 2025 EDUCAUSE
A78: =#REF!
A79: =#REF!
A80: =#REF!
A81: =#REF!
A82: =#REF!
A83: =#REF!
A84: =#REF!

Sheet IT Accessibility
A1: Cells contained in this worksheet may contain cells with dropdown lists as well as autopopulated formulas.
A2: HECVAT Solution Provider Response - IT Accessibility | F2: ='Auto Responses'!$A$36
A3: Date Completed | C3: ='START HERE'!$C$3
A4: Instructions for Solution Providers
A5: =HLOOKUP($A$4,'Auto Responses'!$D$2:$D$8,2,0)&""
A6: =HLOOKUP($A$4,'Auto Responses'!$D$2:$D$8,3,0)&""
A7: =HLOOKUP($A$4,'Auto Responses'!$D$2:$D$8,4,0)&"" -> 3. Guidance in column E may change based on your answers to prompt details in "Additional Information." If leaving an answer blank, you must also state why in "Additional Information".
A8: =HLOOKUP($A$4,'Auto Responses'!$D$2:$D$8,5,0)&""
A9: =HLOOKUP($A$4,'Auto Responses'!$D$2:$D$8,6,0)&""
A10: =HLOOKUP($A$4,'Auto Responses'!$D$2:$D$8,7,0)&""
A11: =HLOOKUP($A$4,'Auto Responses'!$D$2:$D$9,8,0)&""
A12: =VLOOKUP(LEFT($A13,4),'Auto Responses'!$N$4:$O$38,2,0)&"" -> General Information | C12: Answer
A13: GNRL-01 | B13: =VLOOKUP($A13,Questions!$A$2:$X$333,2,0)&"" | C13: =VLOOKUP($A13,'START HERE'!$A$13:$C$21,3,0)&""
A14: GNRL-02 | B14: =VLOOKUP($A14,Questions!$A$2:$X$333,2,0)&"" | C14: =VLOOKUP($A14,'START HERE'!$A$13:$C$21,3,0)&""
A15: GNRL-03 | B15: =VLOOKUP($A15,Questions!$A$2:$X$333,2,0)&"" | C15: =VLOOKUP($A15,'START HERE'!$A$13:$C$21,3,0)&""
A16: GNRL-08 | B16: =VLOOKUP($A16,Questions!$A$2:$X$333,2,0)&"" | C16: =VLOOKUP($A16,'START HERE'!$A$13:$C$21,3,0)&""
A17: =VLOOKUP(LEFT($A18,4),'Auto Responses'!$N$4:$O$38,2,0)&"" -> Required Questions | C17: Answer | E17: Guidance | F17: Analyst Notes
A18: REQU-02 | B18: =VLOOKUP($A18,Questions!$A$2:$X$333,2,0) | C18: =VLOOKUP($A18,'START HERE'!$A$23:$F$36,3,0)&"" | D18: =VLOOKUP($A18,'START HERE'!$A$23:$F$36,4,0)&"" | E18: =IF($C18='Auto Responses'!$J$3,VLOOKUP($A18,Questions!$A$2:$X$333,17,0)&"",IF($C18='Auto Responses'!$J$4,VLOOKUP($A18,Questions!$A$2:$X$333,16,0)&"",VLOOKUP($A18,Questions!$A$2:$X$333,15,0)&"")) | F18: =VLOOKUP($A18,'Institution Evaluation'!$A$56:$F$345,6,0)&"" | G18: End Table Data
A19: =VLOOKUP(LEFT($A20,4),'Auto Responses'!$N$4:$O$38,2,0)&"" -> IT Accessibility | C19: Answer | D19: Additional Information | E19: Guidance | F19: Analyst Notes
A20: ITAC-01 | B20: =VLOOKUP($A20,Questions!$A$2:$X$333,2,0) | C20: Marc Diaz | E20: =IF($C$18='Auto Responses'!$J$4,'Auto Responses'!$A$4,IF($C20='Auto Responses'!$J$3,VLOOKUP($A20,Questions!$A$2:$X$333,17,0)&"",IF($C20='Auto Responses'!$J$4,VLOOKUP($A20,Questions!$A$2:$X$333,16,0)&"",VLOOKUP($A20,Questions!$A$2:$X$333,15,0)&""))) | F20: =VLOOKUP($A20,'Institution Evaluation'!$A$56:$F$345,6,0)&""
A21: ITAC-02 | B21: =VLOOKUP($A21,Questions!$A$2:$X$333,2,0) | C21: Founder | E21: =IF($C$18='Auto Responses'!$J$4,'Auto Responses'!$A$4,IF($C21='Auto Responses'!$J$3,VLOOKUP($A21,Questions!$A$2:$X$333,17,0)&"",IF($C21='Auto Responses'!$J$4,VLOOKUP($A21,Questions!$A$2:$X$333,16,0)&"",VLOOKUP($A21,Questions!$A$2:$X$333,15,0)&""))) | F21: =VLOOKUP($A21,'Institution Evaluation'!$A$56:$F$345,6,0)&""
A22: ITAC-03 | B22: =VLOOKUP($A22,Questions!$A$2:$X$333,2,0) | C22: marc@edugator.app | E22: =IF($C$18='Auto Responses'!$J$4,'Auto Responses'!$A$4,IF($C22='Auto Responses'!$J$3,VLOOKUP($A22,Questions!$A$2:$X$333,17,0)&"",IF($C22='Auto Responses'!$J$4,VLOOKUP($A22,Questions!$A$2:$X$333,16,0)&"",VLOOKUP($A22,Questions!$A$2:$X$333,15,0)&""))) | F22: =VLOOKUP($A22,'Institution Evaluation'!$A$56:$F$345,6,0)&""
A23: ITAC-04 | B23: =VLOOKUP($A23,Questions!$A$2:$X$333,2,0) | C23: 352-281-4587 | E23: =IF($C$18='Auto Responses'!$J$4,'Auto Responses'!$A$4,IF($C23='Auto Responses'!$J$3,VLOOKUP($A23,Questions!$A$2:$X$333,17,0)&"",IF($C23='Auto Responses'!$J$4,VLOOKUP($A23,Questions!$A$2:$X$333,16,0)&"",VLOOKUP($A23,Questions!$A$2:$X$333,15,0)&""))) | F23: =VLOOKUP($A23,'Institution Evaluation'!$A$56:$F$345,6,0)&""
A24: ITAC-05 | B24: =VLOOKUP($A24,Questions!$A$2:$X$333,2,0) | C24: https://edugator.app/accessibility | D24: VPAT 2.5Rev (ACR) for v1.0.140 dated 16 August 2026 is linked from the statement. | E24: =IF($C$18='Auto Responses'!$J$4,'Auto Responses'!$A$4,IF($C24='Auto Responses'!$J$3,VLOOKUP($A24,Questions!$A$2:$X$333,17,0)&"",IF($C24='Auto Responses'!$J$4,VLOOKUP($A24,Questions!$A$2:$X$333,16,0)&"",VLOOKUP($A24,Questions!$A$2:$X$333,15,0)&""))) | F24: =VLOOKUP($A24,'Institution Evaluation'!$A$56:$F$345,6,0)&""
A25: ITAC-06 | B25: =VLOOKUP($A25,Questions!$A$2:$X$333,2,0) | C25: Yes | D25: ACR dated 16 August 2026 (revising 31 March 2026). | E25: =IF($C$18='Auto Responses'!$J$4,'Auto Responses'!$A$4,IF($C25='Auto Responses'!$J$3,VLOOKUP($A25,Questions!$A$2:$X$333,17,0)&"",IF($C25='Auto Responses'!$J$4,VLOOKUP($A25,Questions!$A$2:$X$333,16,0)&"",VLOOKUP($A25,Questions!$A$2:$X$333,15,0)&""))) | F25: =VLOOKUP($A25,'Institution Evaluation'!$A$56:$F$345,6,0)&""
A26: ITAC-07 | B26: =VLOOKUP($A26,Questions!$A$2:$X$333,2,0) | C26: Yes | E26: =IF($C$18='Auto Responses'!$J$4,'Auto Responses'!$A$4,IF($C26='Auto Responses'!$J$3,VLOOKUP($A26,Questions!$A$2:$X$333,17,0)&"",IF($C26='Auto Responses'!$J$4,VLOOKUP($A26,Questions!$A$2:$X$333,16,0)&"",VLOOKUP($A26,Questions!$A$2:$X$333,15,0)&""))) | F26: =VLOOKUP($A26,'Institution Evaluation'!$A$56:$F$345,6,0)&""
A27: ITAC-08 | B27: =VLOOKUP($A27,Questions!$A$2:$X$333,2,0) | C27: No | D27: Edugator partially conforms to WCAG 2.1 AA; exceptions are listed in the ACR. | E27: =IF($C$18='Auto Responses'!$J$4,'Auto Responses'!$A$4,IF($C27='Auto Responses'!$J$3,VLOOKUP($A27,Questions!$A$2:$X$333,17,0)&"",IF($C27='Auto Responses'!$J$4,VLOOKUP($A27,Questions!$A$2:$X$333,16,0)&"",VLOOKUP($A27,Questions!$A$2:$X$333,15,0)&""))) | F27: =VLOOKUP($A27,'Institution Evaluation'!$A$56:$F$345,6,0)&""
A28: ITAC-09 | B28: =VLOOKUP($A28,Questions!$A$2:$X$333,2,0) | C28: Yes | D28: Reports go to support@edugator.app (subject 'Accessibility'), tracked in the product backlog; acknowledgment within 7 business days, response within 15. | E28: =IF($C$18='Auto Responses'!$J$4,'Auto Responses'!$A$4,IF($C28='Auto Responses'!$J$3,VLOOKUP($A28,Questions!$A$2:$X$333,17,0)&"",IF($C28='Auto Responses'!$J$4,VLOOKUP($A28,Questions!$A$2:$X$333,16,0)&"",VLOOKUP($A28,Questions!$A$2:$X$333,15,0)&""))) | F28: =VLOOKUP($A28,'Institution Evaluation'!$A$56:$F$345,6,0)&""
A29: ITAC-10 | B29: =VLOOKUP($A29,Questions!$A$2:$X$333,2,0) | C29: Yes | D29: Accessibility statement and ACR. | E29: =IF($C$18='Auto Responses'!$J$4,'Auto Responses'!$A$4,IF($C29='Auto Responses'!$J$3,VLOOKUP($A29,Questions!$A$2:$X$333,17,0)&"",IF($C29='Auto Responses'!$J$4,VLOOKUP($A29,Questions!$A$2:$X$333,16,0)&"",VLOOKUP($A29,Questions!$A$2:$X$333,15,0)&""))) | F29: =VLOOKUP($A29,'Institution Evaluation'!$A$56:$F$345,6,0)&""
A30: ITAC-11 | B30: =VLOOKUP($A30,Questions!$A$2:$X$333,2,0) | C30: No | D30: Evaluation was performed internally (NVDA, axe DevTools, Lighthouse, manual keyboard testing). | E30: =IF($C$18='Auto Responses'!$J$4,'Auto Responses'!$A$4,IF($C30='Auto Responses'!$J$3,VLOOKUP($A30,Questions!$A$2:$X$333,17,0)&"",IF($C30='Auto Responses'!$J$4,VLOOKUP($A30,Questions!$A$2:$X$333,16,0)&"",VLOOKUP($A30,Questions!$A$2:$X$333,15,0)&""))) | F30: =VLOOKUP($A30,'Institution Evaluation'!$A$56:$F$345,6,0)&""
A31: ITAC-12 | B31: =VLOOKUP($A31,Questions!$A$2:$X$333,2,0) | C31: Yes | D31: Each WCAG 2.1 A/AA criterion is re-tested (NVDA, axe DevTools, Lighthouse, manual keyboard/focus/reflow) before each ACR and at least annually; criteria are marked supported only after testing. | E31: =IF($C$18='Auto Responses'!$J$4,'Auto Responses'!$A$4,IF($C31='Auto Responses'!$J$3,VLOOKUP($A31,Questions!$A$2:$X$333,17,0)&"",IF($C31='Auto Responses'!$J$4,VLOOKUP($A31,Questions!$A$2:$X$333,16,0)&"",VLOOKUP($A31,Questions!$A$2:$X$333,15,0)&""))) | F31: =VLOOKUP($A31,'Institution Evaluation'!$A$56:$F$345,6,0)&""
A32: ITAC-13 | B32: =VLOOKUP($A32,Questions!$A$2:$X$333,2,0) | C32: Yes | D32: WCAG 2.1 Level AA. | E32: =IF($C$18='Auto Responses'!$J$4,'Auto Responses'!$A$4,IF($C32='Auto Responses'!$J$3,VLOOKUP($A32,Questions!$A$2:$X$333,17,0)&"",IF($C32='Auto Responses'!$J$4,VLOOKUP($A32,Questions!$A$2:$X$333,16,0)&"",VLOOKUP($A32,Questions!$A$2:$X$333,15,0)&""))) | F32: =VLOOKUP($A32,'Institution Evaluation'!$A$56:$F$345,6,0)&""
A33: ITAC-14 | B33: =VLOOKUP($A33,Questions!$A$2:$X$333,2,0) | C33: Yes | D33: Roadmap with target quarters for each known exception (2.5.1, 1.4.10, 1.3.4 in Q1 2027; 2.2.2, 1.2.5 and WCAG 2.2 evaluation in Q2 2027; mobile evaluation Q3 2027); available on request. | E33: =IF($C$18='Auto Responses'!$J$4,'Auto Responses'!$A$4,IF($C33='Auto Responses'!$J$3,VLOOKUP($A33,Questions!$A$2:$X$333,17,0)&"",IF($C33='Auto Responses'!$J$4,VLOOKUP($A33,Questions!$A$2:$X$333,16,0)&"",VLOOKUP($A33,Questions!$A$2:$X$333,15,0)&""))) | F33: =VLOOKUP($A33,'Institution Evaluation'!$A$56:$F$345,6,0)&""
A34: ITAC-15 | B34: =VLOOKUP($A34,Questions!$A$2:$X$333,2,0) | C34: Yes | E34: =IF($C$18='Auto Responses'!$J$4,'Auto Responses'!$A$4,IF($C34='Auto Responses'!$J$3,VLOOKUP($A34,Questions!$A$2:$X$333,17,0)&"",IF($C34='Auto Responses'!$J$4,VLOOKUP($A34,Questions!$A$2:$X$333,16,0)&"",VLOOKUP($A34,Questions!$A$2:$X$333,15,0)&""))) | F34: =VLOOKUP($A34,'Institution Evaluation'!$A$56:$F$345,6,0)&""
A35: ITAC-16 | B35: =VLOOKUP($A35,Questions!$A$2:$X$333,2,0) | C35: Yes | D35: Accessibility checks are part of design, build and pull-request review (keyboard walkthrough, axe scan, 200%/400% zoom, screen reader spot checks); accessibility defects are tracked and prioritized with other defects. | E35: =IF($C$18='Auto Responses'!$J$4,'Auto Responses'!$A$4,IF($C35='Auto Responses'!$J$3,VLOOKUP($A35,Questions!$A$2:$X$333,17,0)&"",IF($C35='Auto Responses'!$J$4,VLOOKUP($A35,Questions!$A$2:$X$333,16,0)&"",VLOOKUP($A35,Questions!$A$2:$X$333,15,0)&""))) | F35: =VLOOKUP($A35,'Institution Evaluation'!$A$56:$F$345,6,0)&""
A36: ITAC-17 | B36: =VLOOKUP($A36,Questions!$A$2:$X$333,2,0) | C36: Yes | D36: Keyboard-only use was evaluated; the code editor supports leaving focus with Escape then Tab. See ACR for any exceptions. | E36: =IF($C$18='Auto Responses'!$J$4,'Auto Responses'!$A$4,IF($C36='Auto Responses'!$J$3,VLOOKUP($A36,Questions!$A$2:$X$333,17,0)&"",IF($C36='Auto Responses'!$J$4,VLOOKUP($A36,Questions!$A$2:$X$333,16,0)&"",VLOOKUP($A36,Questions!$A$2:$X$333,15,0)&""))) | F36: =VLOOKUP($A36,'Institution Evaluation'!$A$56:$F$345,6,0)&""
A37: ITAC-18 | B37: =VLOOKUP($A37,Questions!$A$2:$X$333,2,0) | C37: No | E37: =IF($C$18='Auto Responses'!$J$4,'Auto Responses'!$A$4,IF($C37='Auto Responses'!$J$3,VLOOKUP($A37,Questions!$A$2:$X$333,17,0)&"",IF($C37='Auto Responses'!$J$4,VLOOKUP($A37,Questions!$A$2:$X$333,16,0)&"",VLOOKUP($A37,Questions!$A$2:$X$333,15,0)&""))) | F37: =VLOOKUP($A37,'Institution Evaluation'!$A$56:$F$345,6,0)&"" | G37: End Table Data
A38: Copyright © 2025 EDUCAUSE
A41: =#REF!
A42: =#REF!
A43: =#REF!
A44: =#REF!
A45: =#REF!
A46: =#REF!
A47: =#REF!

Sheet Case-Specific
A1: Cells contained in this worksheet may contain cells with dropdown lists as well as autopopulated formulas.
A2: HECVAT Solution Provider Response - Case-Specific Questions | F2: ='Auto Responses'!$A$36
A3: Date Completed | C3: ='START HERE'!$C$3
A4: Instructions for Solution Providers
A5: =HLOOKUP($A$4,'Auto Responses'!$D$2:$D$8,2,0)&""
A6: =HLOOKUP($A$4,'Auto Responses'!$D$2:$D$8,3,0)&""
A7: =HLOOKUP($A$4,'Auto Responses'!$D$2:$D$8,4,0)&"" -> 3. Guidance in column E may change based on your answers to prompt details in "Additional Information." If leaving an answer blank, you must also state why in "Additional Information".
A8: =HLOOKUP($A$4,'Auto Responses'!$D$2:$D$8,5,0)&""
A9: =HLOOKUP($A$4,'Auto Responses'!$D$2:$D$8,6,0)&""
A10: =HLOOKUP($A$4,'Auto Responses'!$D$2:$D$8,7,0)&""
A11: =HLOOKUP($A$4,'Auto Responses'!$D$2:$D$9,8,0)&""
A12: =VLOOKUP(LEFT($A13,4),'Auto Responses'!$N$4:$O$38,2,0)&"" -> General Information | C12: Answer
A13: GNRL-01 | B13: =VLOOKUP($A13,Questions!$A$2:$X$333,2,0)&"" | C13: =VLOOKUP($A13,'START HERE'!$A$13:$C$21,3,0)&""
A14: GNRL-02 | B14: =VLOOKUP($A14,Questions!$A$2:$X$333,2,0)&"" | C14: =VLOOKUP($A14,'START HERE'!$A$13:$C$21,3,0)&""
A15: GNRL-03 | B15: =VLOOKUP($A15,Questions!$A$2:$X$333,2,0)&"" | C15: =VLOOKUP($A15,'START HERE'!$A$13:$C$21,3,0)&""
A16: GNRL-08 | B16: =VLOOKUP($A16,Questions!$A$2:$X$333,2,0)&"" | C16: =VLOOKUP($A16,'START HERE'!$A$13:$C$21,3,0)&""
A17: =VLOOKUP(LEFT($A18,4),'Auto Responses'!$N$4:$O$38,2,0)&"" -> Required Questions | C17: Answer | D17: Additional Information | E17: Guidance | F17: Analyst Notes
A18: REQU-03 | B18: =VLOOKUP($A18,Questions!$A$2:$X$333,2,0) | C18: =VLOOKUP($A18,'START HERE'!$A$23:$F$36,3,0)&"" | D18: =VLOOKUP($A18,'START HERE'!$A$23:$F$36,4,0)&"" | E18: =IF($C18='Auto Responses'!$J$3,VLOOKUP($A18,Questions!$A$2:$X$333,17,0)&"",IF($C18='Auto Responses'!$J$4,VLOOKUP($A18,Questions!$A$2:$X$333,16,0)&"",VLOOKUP($A18,Questions!$A$2:$X$333,15,0)&"")) | F18: =VLOOKUP($A18,'Institution Evaluation'!$A$56:$F$345,6,0)&""
A19: REQU-05 | B19: =VLOOKUP($A19,Questions!$A$2:$X$333,2,0) | C19: =VLOOKUP($A19,'START HERE'!$A$23:$F$36,3,0)&"" | D19: =VLOOKUP($A19,'START HERE'!$A$23:$F$36,4,0)&"" | E19: =IF($C19='Auto Responses'!$J$3,VLOOKUP($A19,Questions!$A$2:$X$333,17,0)&"",IF($C19='Auto Responses'!$J$4,VLOOKUP($A19,Questions!$A$2:$X$333,16,0)&"",VLOOKUP($A19,Questions!$A$2:$X$333,15,0)&"")) | F19: =VLOOKUP($A19,'Institution Evaluation'!$A$56:$F$345,6,0)&""
A20: REQU-06 | B20: =VLOOKUP($A20,Questions!$A$2:$X$333,2,0) | C20: =VLOOKUP($A20,'START HERE'!$A$23:$F$36,3,0)&"" | D20: =VLOOKUP($A20,'START HERE'!$A$23:$F$36,4,0)&"" | E20: =IF($C20='Auto Responses'!$J$3,VLOOKUP($A20,Questions!$A$2:$X$333,17,0)&"",IF($C20='Auto Responses'!$J$4,VLOOKUP($A20,Questions!$A$2:$X$333,16,0)&"",VLOOKUP($A20,Questions!$A$2:$X$333,15,0)&"")) | F20: =VLOOKUP($A20,'Institution Evaluation'!$A$56:$F$345,6,0)&""
A21: REQU-07 | B21: =VLOOKUP($A21,Questions!$A$2:$X$333,2,0) | C21: =VLOOKUP($A21,'START HERE'!$A$23:$F$36,3,0)&"" | D21: =VLOOKUP($A21,'START HERE'!$A$23:$F$36,4,0)&"" | E21: =IF($C21='Auto Responses'!$J$3,VLOOKUP($A21,Questions!$A$2:$X$333,17,0)&"",IF($C21='Auto Responses'!$J$4,VLOOKUP($A21,Questions!$A$2:$X$333,16,0)&"",VLOOKUP($A21,Questions!$A$2:$X$333,15,0)&"")) | F21: =VLOOKUP($A21,'Institution Evaluation'!$A$56:$F$345,6,0)&"" | G21: End Table Data
A22: =VLOOKUP(LEFT($A23,4),'Auto Responses'!$N$4:$O$38,2,0)&"" -> Consulting Services | C22: Answer | D22: Additional Information | E22: Guidance | F22: Analyst Notes
A23: CONS-01 | B23: =VLOOKUP($A23,Questions!$A$2:$X$333,2,0) | D23: Not applicable: Edugator does not provide consulting services (REQU-03 = No). | E23: =IF($C$18='Auto Responses'!$J$4,'Auto Responses'!$A$5,IF($C23='Auto Responses'!$J$3,VLOOKUP($A23,Questions!$A$2:$X$333,17,0)&"",IF($C23='Auto Responses'!$J$4,VLOOKUP($A23,Questions!$A$2:$X$333,16,0)&"",VLOOKUP($A23,Questions!$A$2:$X$333,15,0)&""))) | F23: =VLOOKUP($A23,'Institution Evaluation'!$A$56:$F$345,6,0)&""
A24: CONS-02 | B24: =VLOOKUP($A24,Questions!$A$2:$X$333,2,0) | D24: Not applicable: Edugator does not provide consulting services (REQU-03 = No). | E24: =IF($C$18='Auto Responses'!$J$4,'Auto Responses'!$A$5,IF($C24='Auto Responses'!$J$3,VLOOKUP($A24,Questions!$A$2:$X$333,17,0)&"",IF($C24='Auto Responses'!$J$4,VLOOKUP($A24,Questions!$A$2:$X$333,16,0)&"",VLOOKUP($A24,Questions!$A$2:$X$333,15,0)&""))) | F24: =VLOOKUP($A24,'Institution Evaluation'!$A$56:$F$345,6,0)&""
A25: CONS-03 | B25: =VLOOKUP($A25,Questions!$A$2:$X$333,2,0) | D25: Not applicable: Edugator does not provide consulting services (REQU-03 = No). | E25: =IF($C$18='Auto Responses'!$J$4,'Auto Responses'!$A$5,IF($C25='Auto Responses'!$J$3,VLOOKUP($A25,Questions!$A$2:$X$333,17,0)&"",IF($C25='Auto Responses'!$J$4,VLOOKUP($A25,Questions!$A$2:$X$333,16,0)&"",IF($C25='Auto Responses'!$J$5,VLOOKUP($A25,Questions!$A$2:$X$333,18,0)&"",VLOOKUP($A25,Questions!$A$2:$X$333,15,0)&"")))) | F25: =VLOOKUP($A25,'Institution Evaluation'!$A$56:$F$345,6,0)&""
A26: CONS-04 | B26: =VLOOKUP($A26,Questions!$A$2:$X$333,2,0) | D26: Not applicable: Edugator does not provide consulting services (REQU-03 = No). | E26: =IF($C$18='Auto Responses'!$J$4,'Auto Responses'!$A$5,IF($C26='Auto Responses'!$J$3,VLOOKUP($A26,Questions!$A$2:$X$333,17,0)&"",IF($C26='Auto Responses'!$J$4,VLOOKUP($A26,Questions!$A$2:$X$333,16,0)&"",IF($C26='Auto Responses'!$J$5,VLOOKUP($A26,Questions!$A$2:$X$333,18,0)&"",VLOOKUP($A26,Questions!$A$2:$X$333,15,0)&"")))) | F26: =VLOOKUP($A26,'Institution Evaluation'!$A$56:$F$345,6,0)&""
A27: CONS-05 | B27: =VLOOKUP($A27,Questions!$A$2:$X$333,2,0) | D27: Not applicable: Edugator does not provide consulting services (REQU-03 = No). | E27: =IF($C$18='Auto Responses'!$J$4,'Auto Responses'!$A$5,IF($C27='Auto Responses'!$J$3,VLOOKUP($A27,Questions!$A$2:$X$333,17,0)&"",IF($C27='Auto Responses'!$J$4,VLOOKUP($A27,Questions!$A$2:$X$333,16,0)&"",VLOOKUP($A27,Questions!$A$2:$X$333,15,0)&""))) | F27: =VLOOKUP($A27,'Institution Evaluation'!$A$56:$F$345,6,0)&""
A28: CONS-06 | B28: =VLOOKUP($A28,Questions!$A$2:$X$333,2,0) | D28: Not applicable: Edugator does not provide consulting services (REQU-03 = No). | E28: =IF($C$18='Auto Responses'!$J$4,'Auto Responses'!$A$5,IF($C28='Auto Responses'!$J$3,VLOOKUP($A28,Questions!$A$2:$X$333,17,0)&"",IF($C28='Auto Responses'!$J$4,VLOOKUP($A28,Questions!$A$2:$X$333,16,0)&"",VLOOKUP($A28,Questions!$A$2:$X$333,15,0)&""))) | F28: =VLOOKUP($A28,'Institution Evaluation'!$A$56:$F$345,6,0)&""
A29: CONS-07 | B29: =VLOOKUP($A29,Questions!$A$2:$X$333,2,0) | D29: Not applicable: Edugator does not provide consulting services (REQU-03 = No). | E29: =IF($C$18='Auto Responses'!$J$4,'Auto Responses'!$A$5,IF($C29='Auto Responses'!$J$3,VLOOKUP($A29,Questions!$A$2:$X$333,17,0)&"",IF($C29='Auto Responses'!$J$4,VLOOKUP($A29,Questions!$A$2:$X$333,16,0)&"",VLOOKUP($A29,Questions!$A$2:$X$333,15,0)&""))) | F29: =VLOOKUP($A29,'Institution Evaluation'!$A$56:$F$345,6,0)&""
A30: CONS-08 | B30: =VLOOKUP($A30,Questions!$A$2:$X$333,2,0) | D30: Not applicable: Edugator does not provide consulting services (REQU-03 = No). | E30: =IF($C$18='Auto Responses'!$J$4,'Auto Responses'!$A$5,IF($C30='Auto Responses'!$J$3,VLOOKUP($A30,Questions!$A$2:$X$333,17,0)&"",IF($C30='Auto Responses'!$J$4,VLOOKUP($A30,Questions!$A$2:$X$333,16,0)&"",VLOOKUP($A30,Questions!$A$2:$X$333,15,0)&""))) | F30: =VLOOKUP($A30,'Institution Evaluation'!$A$56:$F$345,6,0)&""
A31: CONS-09 | B31: =VLOOKUP($A31,Questions!$A$2:$X$333,2,0) | D31: Not applicable: Edugator does not provide consulting services (REQU-03 = No). | E31: =IF($C$18='Auto Responses'!$J$4,'Auto Responses'!$A$5,IF($C31='Auto Responses'!$J$3,VLOOKUP($A31,Questions!$A$2:$X$333,17,0)&"",IF($C31='Auto Responses'!$J$4,VLOOKUP($A31,Questions!$A$2:$X$333,16,0)&"",VLOOKUP($A31,Questions!$A$2:$X$333,15,0)&""))) | F31: =VLOOKUP($A31,'Institution Evaluation'!$A$56:$F$345,6,0)&"" | G31: End Table Data
A32: =VLOOKUP(LEFT($A33,4),'Auto Responses'!$N$4:$O$38,2,0)&"" -> HIPAA Compliance | C32: Answer | D32: Additional Information | E32: Guidance | F32: Analyst Notes
A33: HIPA-01 | B33: =VLOOKUP($A33,Questions!$A$2:$X$333,2,0) | D33: Not applicable: Edugator does not process PHI or HIPAA-covered data (REQU-05 = No). | E33: =IF($C$19='Auto Responses'!$J$4,'Auto Responses'!$A$7,IF($C33='Auto Responses'!$J$3,VLOOKUP($A33,Questions!$A$2:$X$333,17,0)&"",IF($C33='Auto Responses'!$J$4,VLOOKUP($A33,Questions!$A$2:$X$333,16,0)&"",VLOOKUP($A33,Questions!$A$2:$X$333,15,0)&""))) | F33: =VLOOKUP($A33,'Institution Evaluation'!$A$56:$F$345,6,0)&""
A34: HIPA-02 | B34: =VLOOKUP($A34,Questions!$A$2:$X$333,2,0) | D34: Not applicable: Edugator does not process PHI or HIPAA-covered data (REQU-05 = No). | E34: =IF($C$19='Auto Responses'!$J$4,'Auto Responses'!$A$7,IF($C34='Auto Responses'!$J$3,VLOOKUP($A34,Questions!$A$2:$X$333,17,0)&"",IF($C34='Auto Responses'!$J$4,VLOOKUP($A34,Questions!$A$2:$X$333,16,0)&"",VLOOKUP($A34,Questions!$A$2:$X$333,15,0)&""))) | F34: =VLOOKUP($A34,'Institution Evaluation'!$A$56:$F$345,6,0)&""
A35: HIPA-03 | B35: =VLOOKUP($A35,Questions!$A$2:$X$333,2,0) | D35: Not applicable: Edugator does not process PHI or HIPAA-covered data (REQU-05 = No). | E35: =IF($C$19='Auto Responses'!$J$4,'Auto Responses'!$A$7,IF($C35='Auto Responses'!$J$3,VLOOKUP($A35,Questions!$A$2:$X$333,17,0)&"",IF($C35='Auto Responses'!$J$4,VLOOKUP($A35,Questions!$A$2:$X$333,16,0)&"",VLOOKUP($A35,Questions!$A$2:$X$333,15,0)&""))) | F35: =VLOOKUP($A35,'Institution Evaluation'!$A$56:$F$345,6,0)&""
A36: HIPA-04 | B36: =VLOOKUP($A36,Questions!$A$2:$X$333,2,0) | D36: Not applicable: Edugator does not process PHI or HIPAA-covered data (REQU-05 = No). | E36: =IF($C$19='Auto Responses'!$J$4,'Auto Responses'!$A$7,IF($C36='Auto Responses'!$J$3,VLOOKUP($A36,Questions!$A$2:$X$333,17,0)&"",IF($C36='Auto Responses'!$J$4,VLOOKUP($A36,Questions!$A$2:$X$333,16,0)&"",VLOOKUP($A36,Questions!$A$2:$X$333,15,0)&""))) | F36: =VLOOKUP($A36,'Institution Evaluation'!$A$56:$F$345,6,0)&""
A37: HIPA-05 | B37: =VLOOKUP($A37,Questions!$A$2:$X$333,2,0) | D37: Not applicable: Edugator does not process PHI or HIPAA-covered data (REQU-05 = No). | E37: =IF($C$19='Auto Responses'!$J$4,'Auto Responses'!$A$7,IF($C37='Auto Responses'!$J$3,VLOOKUP($A37,Questions!$A$2:$X$333,17,0)&"",IF($C37='Auto Responses'!$J$4,VLOOKUP($A37,Questions!$A$2:$X$333,16,0)&"",VLOOKUP($A37,Questions!$A$2:$X$333,15,0)&""))) | F37: =VLOOKUP($A37,'Institution Evaluation'!$A$56:$F$345,6,0)&""
A38: HIPA-06 | B38: =VLOOKUP($A38,Questions!$A$2:$X$333,2,0) | D38: Not applicable: Edugator does not process PHI or HIPAA-covered data (REQU-05 = No). | E38: =IF($C$19='Auto Responses'!$J$4,'Auto Responses'!$A$7,IF($C38='Auto Responses'!$J$3,VLOOKUP($A38,Questions!$A$2:$X$333,17,0)&"",IF($C38='Auto Responses'!$J$4,VLOOKUP($A38,Questions!$A$2:$X$333,16,0)&"",VLOOKUP($A38,Questions!$A$2:$X$333,15,0)&""))) | F38: =VLOOKUP($A38,'Institution Evaluation'!$A$56:$F$345,6,0)&""
A39: HIPA-07 | B39: =VLOOKUP($A39,Questions!$A$2:$X$333,2,0) | D39: Not applicable: Edugator does not process PHI or HIPAA-covered data (REQU-05 = No). | E39: =IF($C$19='Auto Responses'!$J$4,'Auto Responses'!$A$7,IF($C39='Auto Responses'!$J$3,VLOOKUP($A39,Questions!$A$2:$X$333,17,0)&"",IF($C39='Auto Responses'!$J$4,VLOOKUP($A39,Questions!$A$2:$X$333,16,0)&"",VLOOKUP($A39,Questions!$A$2:$X$333,15,0)&""))) | F39: =VLOOKUP($A39,'Institution Evaluation'!$A$56:$F$345,6,0)&""
A40: HIPA-08 | B40: =VLOOKUP($A40,Questions!$A$2:$X$333,2,0) | D40: Not applicable: Edugator does not process PHI or HIPAA-covered data (REQU-05 = No). | E40: =IF($C$19='Auto Responses'!$J$4,'Auto Responses'!$A$7,IF($C40='Auto Responses'!$J$3,VLOOKUP($A40,Questions!$A$2:$X$333,17,0)&"",IF($C40='Auto Responses'!$J$4,VLOOKUP($A40,Questions!$A$2:$X$333,16,0)&"",VLOOKUP($A40,Questions!$A$2:$X$333,15,0)&""))) | F40: =VLOOKUP($A40,'Institution Evaluation'!$A$56:$F$345,6,0)&""
A41: HIPA-09 | B41: =VLOOKUP($A41,Questions!$A$2:$X$333,2,0) | D41: Not applicable: Edugator does not process PHI or HIPAA-covered data (REQU-05 = No). | E41: =IF($C$19='Auto Responses'!$J$4,'Auto Responses'!$A$7,IF($C41='Auto Responses'!$J$3,VLOOKUP($A41,Questions!$A$2:$X$333,17,0)&"",IF($C41='Auto Responses'!$J$4,VLOOKUP($A41,Questions!$A$2:$X$333,16,0)&"",VLOOKUP($A41,Questions!$A$2:$X$333,15,0)&""))) | F41: =VLOOKUP($A41,'Institution Evaluation'!$A$56:$F$345,6,0)&""
A42: HIPA-10 | B42: =VLOOKUP($A42,Questions!$A$2:$X$333,2,0) | D42: Not applicable: Edugator does not process PHI or HIPAA-covered data (REQU-05 = No). | E42: =IF($C$19='Auto Responses'!$J$4,'Auto Responses'!$A$7,IF($C42='Auto Responses'!$J$3,VLOOKUP($A42,Questions!$A$2:$X$333,17,0)&"",IF($C42='Auto Responses'!$J$4,VLOOKUP($A42,Questions!$A$2:$X$333,16,0)&"",VLOOKUP($A42,Questions!$A$2:$X$333,15,0)&""))) | F42: =VLOOKUP($A42,'Institution Evaluation'!$A$56:$F$345,6,0)&""
A43: HIPA-11 | B43: =VLOOKUP($A43,Questions!$A$2:$X$333,2,0) | D43: Not applicable: Edugator does not process PHI or HIPAA-covered data (REQU-05 = No). | E43: =IF($C$19='Auto Responses'!$J$4,'Auto Responses'!$A$7,IF($C43='Auto Responses'!$J$3,VLOOKUP($A43,Questions!$A$2:$X$333,17,0)&"",IF($C43='Auto Responses'!$J$4,VLOOKUP($A43,Questions!$A$2:$X$333,16,0)&"",VLOOKUP($A43,Questions!$A$2:$X$333,15,0)&""))) | F43: =VLOOKUP($A43,'Institution Evaluation'!$A$56:$F$345,6,0)&""
A44: HIPA-12 | B44: =VLOOKUP($A44,Questions!$A$2:$X$333,2,0) | D44: Not applicable: Edugator does not process PHI or HIPAA-covered data (REQU-05 = No). | E44: =IF($C$19='Auto Responses'!$J$4,'Auto Responses'!$A$7,IF($C44='Auto Responses'!$J$3,VLOOKUP($A44,Questions!$A$2:$X$333,17,0)&"",IF($C44='Auto Responses'!$J$4,VLOOKUP($A44,Questions!$A$2:$X$333,16,0)&"",VLOOKUP($A44,Questions!$A$2:$X$333,15,0)&""))) | F44: =VLOOKUP($A44,'Institution Evaluation'!$A$56:$F$345,6,0)&""
... A60: HIPA-28 | B60: =VLOOKUP($A60,Questions!$A$2:$X$333,2,0) | D60: Not applicable: Edugator does not process PHI or HIPAA-covered data (REQU-05 = No). | E60: =IF($C$19='Auto Responses'!$J$4,'Auto Responses'!$A$7,IF($C60='Auto Responses'!$J$3,VLOOKUP($A60,Questions!$A$2:$X$333,17,0)&"",IF($C60='Auto Responses'!$J$4,VLOOKUP($A60,Questions!$A$2:$X$333,16,0)&"",VLOOKUP($A60,Questions!$A$2:$X$333,15,0)&""))) | F60: =VLOOKUP($A60,'Institution Evaluation'!$A$56:$F$345,6,0)&""
A61: HIPA-29 | B61: =VLOOKUP($A61,Questions!$A$2:$X$333,2,0) | D61: Not applicable: Edugator does not process PHI or HIPAA-covered data (REQU-05 = No). | E61: =IF($C$19='Auto Responses'!$J$4,'Auto Responses'!$A$7,IF($C61='Auto Responses'!$J$3,VLOOKUP($A61,Questions!$A$2:$X$333,17,0)&"",IF($C61='Auto Responses'!$J$4,VLOOKUP($A61,Questions!$A$2:$X$333,16,0)&"",VLOOKUP($A61,Questions!$A$2:$X$333,15,0)&""))) | F61: =VLOOKUP($A61,'Institution Evaluation'!$A$56:$F$345,6,0)&"" | G61: End Table Data
A62: =VLOOKUP(LEFT($A63,4),'Auto Responses'!$N$4:$O$38,2,0)&"" -> Payment Card Industry Data Security Standard (PCI DSS) | C62: Answer | D62: Additional Information | E62: Guidance | F62: Analyst Notes
A63: PCID-01 | B63: =VLOOKUP($A63,Questions!$A$2:$X$333,2,0) | C63: No | D63: Edugator has not completed its own SAQ/AoC. Payments are processed entirely by Stripe (PCI DSS Level 1 Service Provider) via Stripe-hosted Checkout. | E63: =IF($C$20='Auto Responses'!$J$4,'Auto Responses'!$A$8,IF($C63='Auto Responses'!$J$3,VLOOKUP($A63,Questions!$A$2:$X$333,17,0)&"",IF($C63='Auto Responses'!$J$4,VLOOKUP($A63,Questions!$A$2:$X$333,16,0)&"",VLOOKUP($A63,Questions!$A$2:$X$333,15,0)&""))) | F63: =VLOOKUP($A63,'Institution Evaluation'!$A$56:$F$345,6,0)&""
A64: PCID-02 | B64: =VLOOKUP($A64,Questions!$A$2:$X$333,2,0) | C64: No | E64: =IF($C$20='Auto Responses'!$J$4,'Auto Responses'!$A$8,IF($C64='Auto Responses'!$J$3,VLOOKUP($A64,Questions!$A$2:$X$333,17,0)&"",IF($C64='Auto Responses'!$J$4,VLOOKUP($A64,Questions!$A$2:$X$333,16,0)&"",VLOOKUP($A64,Questions!$A$2:$X$333,15,0)&""))) | F64: =VLOOKUP($A64,'Institution Evaluation'!$A$56:$F$345,6,0)&""
A65: PCID-03 | B65: =VLOOKUP($A65,Questions!$A$2:$X$333,2,0) | C65: Yes | D65: Stripe. | E65: =IF($C$20='Auto Responses'!$J$4,'Auto Responses'!$A$8,IF($C65='Auto Responses'!$J$3,VLOOKUP($A65,Questions!$A$2:$X$333,17,0)&"",IF($C65='Auto Responses'!$J$4,VLOOKUP($A65,Questions!$A$2:$X$333,16,0)&"",VLOOKUP($A65,Questions!$A$2:$X$333,15,0)&""))) | F65: =VLOOKUP($A65,'Institution Evaluation'!$A$56:$F$345,6,0)&""
A66: PCID-04 | B66: =VLOOKUP($A66,Questions!$A$2:$X$333,2,0) | C66: No | D66: Cardholder data is entered on Stripe-hosted pages and never touches Edugator systems. | E66: =IF($C$20='Auto Responses'!$J$4,'Auto Responses'!$A$8,IF($C66='Auto Responses'!$J$3,VLOOKUP($A66,Questions!$A$2:$X$333,17,0)&"",IF($C66='Auto Responses'!$J$4,VLOOKUP($A66,Questions!$A$2:$X$333,16,0)&"",VLOOKUP($A66,Questions!$A$2:$X$333,15,0)&""))) | F66: =VLOOKUP($A66,'Institution Evaluation'!$A$56:$F$345,6,0)&""
A67: PCID-05 | B67: =VLOOKUP($A67,Questions!$A$2:$X$333,2,0) | C67: No | D67: Card handling is fully outsourced to Stripe; Edugator has not completed a PCI DSS self-assessment (SAQ A). | E67: =IF($C$20='Auto Responses'!$J$4,'Auto Responses'!$A$8,IF($C67='Auto Responses'!$J$3,VLOOKUP($A67,Questions!$A$2:$X$333,17,0)&"",IF($C67='Auto Responses'!$J$4,VLOOKUP($A67,Questions!$A$2:$X$333,16,0)&"",VLOOKUP($A67,Questions!$A$2:$X$333,15,0)&""))) | F67: =VLOOKUP($A67,'Institution Evaluation'!$A$56:$F$345,6,0)&""
A68: PCID-06 | B68: =VLOOKUP($A68,Questions!$A$2:$X$333,2,0) | C68: No | E68: =IF($C$20='Auto Responses'!$J$4,'Auto Responses'!$A$8,IF($C68='Auto Responses'!$J$3,VLOOKUP($A68,Questions!$A$2:$X$333,17,0)&"",IF($C68='Auto Responses'!$J$4,VLOOKUP($A68,Questions!$A$2:$X$333,16,0)&"",VLOOKUP($A68,Questions!$A$2:$X$333,15,0)&""))) | F68: =VLOOKUP($A68,'Institution Evaluation'!$A$56:$F$345,6,0)&""
A69: PCID-07 | B69: =VLOOKUP($A69,Questions!$A$2:$X$333,2,0) | C69: No | E69: =IF($C$20='Auto Responses'!$J$4,'Auto Responses'!$A$8,IF($C69='Auto Responses'!$J$3,VLOOKUP($A69,Questions!$A$2:$X$333,17,0)&"",IF($C69='Auto Responses'!$J$4,VLOOKUP($A69,Questions!$A$2:$X$333,16,0)&"",VLOOKUP($A69,Questions!$A$2:$X$333,15,0)&""))) | F69: =VLOOKUP($A69,'Institution Evaluation'!$A$56:$F$345,6,0)&""
A70: PCID-08 | B70: =VLOOKUP($A70,Questions!$A$2:$X$333,2,0) | C70: Yes | D70: CONFIRM: Level 4 merchant (low volume, Stripe-hosted checkout). | E70: =IF($C$20='Auto Responses'!$J$4,'Auto Responses'!$A$8,IF($C70='Auto Responses'!$J$3,VLOOKUP($A70,Questions!$A$2:$X$333,17,0)&"",IF($C70='Auto Responses'!$J$4,VLOOKUP($A70,Questions!$A$2:$X$333,16,0)&"",VLOOKUP($A70,Questions!$A$2:$X$333,15,0)&""))) | F70: =VLOOKUP($A70,'Institution Evaluation'!$A$56:$F$345,6,0)&""
A71: PCID-09 | B71: =VLOOKUP($A71,Questions!$A$2:$X$333,2,0) | C71: Edugator creates a Stripe Checkout session server-side and redirects the student to Stripe's hosted payment page. Stripe authorizes the card and notifies Edugator by a signature-verified webhook, which marks the enrollment as paid. Edugator stores only the Stripe invoice/session reference. | E71: =IF($C$20='Auto Responses'!$J$4,'Auto Responses'!$A$8,IF($C71='Auto Responses'!$J$3,VLOOKUP($A71,Questions!$A$2:$X$333,17,0)&"",IF($C71='Auto Responses'!$J$4,VLOOKUP($A71,Questions!$A$2:$X$333,16,0)&"",VLOOKUP($A71,Questions!$A$2:$X$333,15,0)&""))) | F71: =VLOOKUP($A71,'Institution Evaluation'!$A$56:$F$345,6,0)&""
A72: PCID-10 | B72: =VLOOKUP($A72,Questions!$A$2:$X$333,2,0) | C72: Stripe | E72: =IF($C$20='Auto Responses'!$J$4,'Auto Responses'!$A$8,IF($C72='Auto Responses'!$J$3,VLOOKUP($A72,Questions!$A$2:$X$333,17,0)&"",IF($C72='Auto Responses'!$J$4,VLOOKUP($A72,Questions!$A$2:$X$333,16,0)&"",VLOOKUP($A72,Questions!$A$2:$X$333,15,0)&""))) | F72: =VLOOKUP($A72,'Institution Evaluation'!$A$56:$F$345,6,0)&""
A73: PCID-11 | B73: =VLOOKUP($A73,Questions!$A$2:$X$333,2,0) | D73: Not applicable: Edugator is SaaS and is not installed by the institution. | E73: =IF($C$20='Auto Responses'!$J$4,'Auto Responses'!$A$8,IF($C73='Auto Responses'!$J$3,VLOOKUP($A73,Questions!$A$2:$X$333,17,0)&"",IF($C73='Auto Responses'!$J$4,VLOOKUP($A73,Questions!$A$2:$X$333,16,0)&"",VLOOKUP($A73,Questions!$A$2:$X$333,15,0)&""))) | F73: =VLOOKUP($A73,'Institution Evaluation'!$A$56:$F$345,6,0)&""
A74: PCID-12 | B74: =VLOOKUP($A74,Questions!$A$2:$X$333,2,0) | C74: Card data is handled exclusively by Stripe's PCI DSS Level 1 hosted Checkout; Stripe's AoC is available from Stripe. | E74: =IF($C$20='Auto Responses'!$J$4,'Auto Responses'!$A$8,IF($C74='Auto Responses'!$J$3,VLOOKUP($A74,Questions!$A$2:$X$333,17,0)&"",IF($C74='Auto Responses'!$J$4,VLOOKUP($A74,Questions!$A$2:$X$333,16,0)&"",VLOOKUP($A74,Questions!$A$2:$X$333,15,0)&""))) | F74: =VLOOKUP($A74,'Institution Evaluation'!$A$56:$F$345,6,0)&"" | G74: End Table Data
A75: =VLOOKUP(LEFT($A76,4),'Auto Responses'!$N$4:$O$38,2,0)&"" -> On-Premises Data Solutions | C75: Answer | D75: Additional Information | E75: Guidance | F75: Analyst Notes
A76: OPEM-01 | B76: =VLOOKUP($A76,Questions!$A$2:$X$333,2,0) | D76: Not applicable: Edugator is cloud-hosted SaaS; no on-premises appliance (REQU-07 = No). | E76: =IF($C$21='Auto Responses'!$J$4,'Auto Responses'!$A$9,IF($C76='Auto Responses'!$J$3,VLOOKUP($A76,Questions!$A$2:$X$333,17,0)&"",IF($C76='Auto Responses'!$J$4,VLOOKUP($A76,Questions!$A$2:$X$333,16,0)&"",VLOOKUP($A76,Questions!$A$2:$X$333,15,0)&""))) | F76: =VLOOKUP($A76,'Institution Evaluation'!$A$56:$F$345,6,0)&""
A77: OPEM-02 | B77: =VLOOKUP($A77,Questions!$A$2:$X$333,2,0) | D77: Not applicable: Edugator is cloud-hosted SaaS; no on-premises appliance (REQU-07 = No). | E77: =IF($C$21='Auto Responses'!$J$4,'Auto Responses'!$A$9,IF($C77='Auto Responses'!$J$3,VLOOKUP($A77,Questions!$A$2:$X$333,17,0)&"",IF($C77='Auto Responses'!$J$4,VLOOKUP($A77,Questions!$A$2:$X$333,16,0)&"",VLOOKUP($A77,Questions!$A$2:$X$333,15,0)&""))) | F77: =VLOOKUP($A77,'Institution Evaluation'!$A$56:$F$345,6,0)&""
A78: OPEM-03 | B78: =VLOOKUP($A78,Questions!$A$2:$X$333,2,0) | D78: Not applicable: Edugator is cloud-hosted SaaS; no on-premises appliance (REQU-07 = No). | E78: =IF($C$21='Auto Responses'!$J$4,'Auto Responses'!$A$9,IF($C78='Auto Responses'!$J$3,VLOOKUP($A78,Questions!$A$2:$X$333,17,0)&"",IF($C78='Auto Responses'!$J$4,VLOOKUP($A78,Questions!$A$2:$X$333,16,0)&"",VLOOKUP($A78,Questions!$A$2:$X$333,15,0)&""))) | F78: =VLOOKUP($A78,'Institution Evaluation'!$A$56:$F$345,6,0)&""
A79: OPEM-04 | B79: =VLOOKUP($A79,Questions!$A$2:$X$333,2,0) | D79: Not applicable: Edugator is cloud-hosted SaaS; no on-premises appliance (REQU-07 = No). | E79: =IF($C$21='Auto Responses'!$J$4,'Auto Responses'!$A$9,IF($C79='Auto Responses'!$J$3,VLOOKUP($A79,Questions!$A$2:$X$333,17,0)&"",IF($C79='Auto Responses'!$J$4,VLOOKUP($A79,Questions!$A$2:$X$333,16,0)&"",VLOOKUP($A79,Questions!$A$2:$X$333,15,0)&""))) | F79: =VLOOKUP($A79,'Institution Evaluation'!$A$56:$F$345,6,0)&""
A80: OPEM-05 | B80: =VLOOKUP($A80,Questions!$A$2:$X$333,2,0) | D80: Not applicable: Edugator is cloud-hosted SaaS; no on-premises appliance (REQU-07 = No). | E80: =IF($C$21='Auto Responses'!$J$4,'Auto Responses'!$A$9,IF($C80='Auto Responses'!$J$3,VLOOKUP($A80,Questions!$A$2:$X$333,17,0)&"",IF($C80='Auto Responses'!$J$4,VLOOKUP($A80,Questions!$A$2:$X$333,16,0)&"",IF($C80='Auto Responses'!$J$5,VLOOKUP($A80,Questions!$A$2:$X$333,18,0)&"",VLOOKUP($A80,Questions!$A$2:$X$333,15,0)&"")))) | F80: =VLOOKUP($A80,'Institution Evaluation'!$A$56:$F$345,6,0)&""
A81: OPEM-06 | B81: =VLOOKUP($A81,Questions!$A$2:$X$333,2,0) | D81: Not applicable: Edugator is cloud-hosted SaaS; no on-premises appliance (REQU-07 = No). | E81: =IF($C$21='Auto Responses'!$J$4,'Auto Responses'!$A$9,IF($C81='Auto Responses'!$J$3,VLOOKUP($A81,Questions!$A$2:$X$333,17,0)&"",IF($C81='Auto Responses'!$J$4,VLOOKUP($A81,Questions!$A$2:$X$333,16,0)&"",IF($C81='Auto Responses'!$J$5,VLOOKUP($A81,Questions!$A$2:$X$333,18,0)&"",VLOOKUP($A81,Questions!$A$2:$X$333,15,0)&"")))) | F81: =VLOOKUP($A81,'Institution Evaluation'!$A$56:$F$345,6,0)&""
A82: OPEM-07 | B82: =VLOOKUP($A82,Questions!$A$2:$X$333,2,0) | D82: Not applicable: Edugator is cloud-hosted SaaS; no on-premises appliance (REQU-07 = No). | E82: =IF($C$21='Auto Responses'!$J$4,'Auto Responses'!$A$9,IF($C82='Auto Responses'!$J$3,VLOOKUP($A82,Questions!$A$2:$X$333,17,0)&"",IF($C82='Auto Responses'!$J$4,VLOOKUP($A82,Questions!$A$2:$X$333,16,0)&"",VLOOKUP($A82,Questions!$A$2:$X$333,15,0)&""))) | F82: =VLOOKUP($A82,'Institution Evaluation'!$A$56:$F$345,6,0)&""
A83: OPEM-08 | B83: =VLOOKUP($A83,Questions!$A$2:$X$333,2,0) | C83: Insert your answer here. | D83: Not applicable: Edugator is cloud-hosted SaaS; no on-premises appliance (REQU-07 = No). | E83: =IF($C$21='Auto Responses'!$J$4,'Auto Responses'!$A$9,IF($C83='Auto Responses'!$J$3,VLOOKUP($A83,Questions!$A$2:$X$333,17,0)&"",IF($C83='Auto Responses'!$J$4,VLOOKUP($A83,Questions!$A$2:$X$333,16,0)&"",VLOOKUP($A83,Questions!$A$2:$X$333,15,0)&""))) | F83: =VLOOKUP($A83,'Institution Evaluation'!$A$56:$F$345,6,0)&""
A84: OPEM-09 | B84: =VLOOKUP($A84,Questions!$A$2:$X$333,2,0) | C84: Insert your answer here. | D84: Not applicable: Edugator is cloud-hosted SaaS; no on-premises appliance (REQU-07 = No). | E84: =IF($C$21='Auto Responses'!$J$4,'Auto Responses'!$A$9,IF($C84='Auto Responses'!$J$3,VLOOKUP($A84,Questions!$A$2:$X$333,17,0)&"",IF($C84='Auto Responses'!$J$4,VLOOKUP($A84,Questions!$A$2:$X$333,16,0)&"",VLOOKUP($A84,Questions!$A$2:$X$333,15,0)&""))) | F84: =VLOOKUP($A84,'Institution Evaluation'!$A$56:$F$345,6,0)&""
A85: OPEM-10 | B85: =VLOOKUP($A85,Questions!$A$2:$X$333,2,0) | D85: Not applicable: Edugator is cloud-hosted SaaS; no on-premises appliance (REQU-07 = No). | E85: =IF($C$21='Auto Responses'!$J$4,'Auto Responses'!$A$9,IF($C85='Auto Responses'!$J$3,VLOOKUP($A85,Questions!$A$2:$X$333,17,0)&"",IF($C85='Auto Responses'!$J$4,VLOOKUP($A85,Questions!$A$2:$X$333,16,0)&"",VLOOKUP($A85,Questions!$A$2:$X$333,15,0)&""))) | F85: =VLOOKUP($A85,'Institution Evaluation'!$A$56:$F$345,6,0)&"" | G85: End Table Data
A86: Copyright © 2025 EDUCAUSE
A88: =#REF!
A89: =#REF!
A90: =#REF!
A91: =#REF!
A92: =#REF!
A93: =#REF!
A94: =#REF!

Sheet AI
A1: Cells contained in this worksheet may contain cells with dropdown lists as well as autopopulated formulas.
A2: HECVAT Solution Provider Response - AI | F2: ='Auto Responses'!$A$36
A3: Date Completed | C3: ='START HERE'!$C$3
A4: Instructions for Solution Providers
A5: =HLOOKUP($A$4,'Auto Responses'!$D$2:$D$8,2,0)&""
A6: =HLOOKUP($A$4,'Auto Responses'!$D$2:$D$8,3,0)&""
A7: =HLOOKUP($A$4,'Auto Responses'!$D$2:$D$8,4,0)&"" -> 3. Guidance in column E may change based on your answers to prompt details in "Additional Information." If leaving an answer blank, you must also state why in "Additional Information".
A8: =HLOOKUP($A$4,'Auto Responses'!$D$2:$D$8,5,0)&""
A9: =HLOOKUP($A$4,'Auto Responses'!$D$2:$D$8,6,0)&""
A10: =HLOOKUP($A$4,'Auto Responses'!$D$2:$D$8,7,0)&""
A11: =HLOOKUP($A$4,'Auto Responses'!$D$2:$D$9,8,0)&""
A12: =VLOOKUP(LEFT($A13,4),'Auto Responses'!$N$4:$O$38,2,0)&"" -> General Information | C12: Answer
A13: GNRL-01 | B13: =VLOOKUP($A13,Questions!$A$2:$X$333,2,0)&"" | C13: =VLOOKUP($A13,'START HERE'!$A$13:$C$21,3,0)&""
A14: GNRL-02 | B14: =VLOOKUP($A14,Questions!$A$2:$X$333,2,0)&"" | C14: =VLOOKUP($A14,'START HERE'!$A$13:$C$21,3,0)&""
A15: GNRL-03 | B15: =VLOOKUP($A15,Questions!$A$2:$X$333,2,0)&"" | C15: =VLOOKUP($A15,'START HERE'!$A$13:$C$21,3,0)&""
A16: GNRL-08 | B16: =VLOOKUP($A16,Questions!$A$2:$X$333,2,0)&"" | C16: =VLOOKUP($A16,'START HERE'!$A$13:$C$21,3,0)&""
A17: =VLOOKUP(LEFT($A18,4),'Auto Responses'!$N$4:$O$38,2,0)&"" -> Required Questions | C17: Answer | D17: Additional Information | E17: Guidance | F17: Analyst Notes
A18: REQU-04 | B18: =VLOOKUP($A18,Questions!$A$2:$X$333,2,0) | C18: =VLOOKUP($A18,'START HERE'!$A$23:$F$36,3,0)&"" | D18: =VLOOKUP($A18,'START HERE'!$A$23:$F$36,4,0)&"" | E18: =IF($C18='Auto Responses'!$J$3,VLOOKUP($A18,Questions!$A$2:$X$333,17,0)&"",IF($C18='Auto Responses'!$J$4,VLOOKUP($A18,Questions!$A$2:$X$333,16,0)&"",VLOOKUP($A18,Questions!$A$2:$X$333,15,0)&"")) | F18: =VLOOKUP($A18,'Institution Evaluation'!$A$56:$F$345,6,0)&"" | G18: End Table Data
A19: =VLOOKUP(LEFT($A20,4),'Auto Responses'!$N$4:$O$38,2,0)&"" -> AI Qualifying Questions | C19: Answer | D19: Additional Information | E19: Guidance | F19: Analyst Notes
A20: AIQU-01 | B20: =VLOOKUP($A20,Questions!$A$2:$X$333,2,0) | C20: No | D20: Edugator does not train or run its own ML models. | E20: =IF($C$18='Auto Responses'!$J$4,'Auto Responses'!$A$6,IF($C20='Auto Responses'!$J$3,VLOOKUP($A20,Questions!$A$2:$X$333,17,0)&"",IF($C20='Auto Responses'!$J$4,VLOOKUP($A20,Questions!$A$2:$X$333,16,0)&"",VLOOKUP($A20,Questions!$A$2:$X$333,15,0)&""))) | F20: =VLOOKUP($A20,'Institution Evaluation'!$A$56:$F$345,6,0)&""
A21: AIQU-02 | B21: =VLOOKUP($A21,Questions!$A$2:$X$333,2,0) | C21: Yes | D21: OpenAI GPT-4o and GPT-4o-mini via the OpenAI API (plus Whisper for instructor video transcription). | E21: =IF($C$18='Auto Responses'!$J$4,'Auto Responses'!$A$6,IF($C21='Auto Responses'!$J$3,VLOOKUP($A21,Questions!$A$2:$X$333,17,0)&"",IF($C21='Auto Responses'!$J$4,VLOOKUP($A21,Questions!$A$2:$X$333,16,0)&"",VLOOKUP($A21,Questions!$A$2:$X$333,15,0)&""))) | F21: =VLOOKUP($A21,'Institution Evaluation'!$A$56:$F$345,6,0)&"" | G21: End Table Data
A22: =VLOOKUP(LEFT($A23,4),'Auto Responses'!$N$4:$O$38,2,0)&"" -> General AI Questions | C22: Answer | D22: Additional Information | E22: Guidance | F22: Analyst Notes
A23: AIGN-01 | B23: =VLOOKUP($A23,Questions!$A$2:$X$333,2,0) | C23: Yes | D23: AI Risk Assessment structured on the NIST AI RMF (Govern, Map, Measure, Manage) with a risk register and treatment plan, reviewed annually and before new AI features. | E23: =IF($C$18='Auto Responses'!$J$4,'Auto Responses'!$A$6,IF($C23='Auto Responses'!$J$3,VLOOKUP($A23,Questions!$A$2:$X$333,17,0)&"",IF($C23='Auto Responses'!$J$4,VLOOKUP($A23,Questions!$A$2:$X$333,16,0)&"",VLOOKUP($A23,Questions!$A$2:$X$333,15,0)&""))) | F23: =VLOOKUP($A23,'Institution Evaluation'!$A$56:$F$345,6,0)&""
A24: AIGN-02 | B24: =VLOOKUP($A24,Questions!$A$2:$X$333,2,0) | C24: No | D24: Instructors can disable AI features at a course or assignment setting level | E24: =IF($C$18='Auto Responses'!$J$4,'Auto Responses'!$A$6,IF($C24='Auto Responses'!$J$3,VLOOKUP($A24,Questions!$A$2:$X$333,17,0)&"",IF($C24='Auto Responses'!$J$4,VLOOKUP($A24,Questions!$A$2:$X$333,16,0)&"",IF($C24='Auto Responses'!$J$5,VLOOKUP($A24,Questions!$A$2:$X$333,18,0)&"",VLOOKUP($A24,Questions!$A$2:$X$333,15,0)&"")))) | F24: =VLOOKUP($A24,'Institution Evaluation'!$A$56:$F$345,6,0)&""
A25: AIGN-03 | B25: =VLOOKUP($A25,Questions!$A$2:$X$333,2,0) | C25: No | D25: Responsible AI training is required annually for all team members under Edugator's AI Risk Assessment and Privacy Program; the first completion is in progress. | E25: =IF($C$18='Auto Responses'!$J$4,'Auto Responses'!$A$6,IF($C25='Auto Responses'!$J$3,VLOOKUP($A25,Questions!$A$2:$X$333,17,0)&"",IF($C25='Auto Responses'!$J$4,VLOOKUP($A25,Questions!$A$2:$X$333,16,0)&"",VLOOKUP($A25,Questions!$A$2:$X$333,15,0)&""))) | F25: =VLOOKUP($A25,'Institution Evaluation'!$A$56:$F$345,6,0)&""
A26: AIGN-04 | B26: =VLOOKUP($A26,Questions!$A$2:$X$333,2,0) | C26: Students: 'Bloom' AI tutor chat on programming problems that receives the student's question, chat history and current code (and, where enabled, the problem statement), and an optional AI-generated solution explanation. Instructors: AI-assisted generation of problem statements, starter code, test cases, tags, and transcripts/summaries of linked lecture videos. All AI calls go server-side to the OpenAI API; no AI provider is called from the browser. Names, emails and student IDs are not included in prompts. | E26: =IF($C$18='Auto Responses'!$J$4,'Auto Responses'!$A$6,IF($C26='Auto Responses'!$J$3,VLOOKUP($A26,Questions!$A$2:$X$333,17,0)&"",IF($C26='Auto Responses'!$J$4,VLOOKUP($A26,Questions!$A$2:$X$333,16,0)&"",VLOOKUP($A26,Questions!$A$2:$X$333,15,0)&""))) | F26: =VLOOKUP($A26,'Institution Evaluation'!$A$56:$F$345,6,0)&""
A27: AIGN-05 | B27: =VLOOKUP($A27,Questions!$A$2:$X$333,2,0) | C27: No | E27: =IF($C$18='Auto Responses'!$J$4,'Auto Responses'!$A$6,IF($C27='Auto Responses'!$J$3,VLOOKUP($A27,Questions!$A$2:$X$333,17,0)&"",IF($C27='Auto Responses'!$J$4,VLOOKUP($A27,Questions!$A$2:$X$333,16,0)&"",VLOOKUP($A27,Questions!$A$2:$X$333,15,0)&""))) | F27: =VLOOKUP($A27,'Institution Evaluation'!$A$56:$F$345,6,0)&"" | G27: End Table Data
A28: =VLOOKUP(LEFT($A29,4),'Auto Responses'!$N$4:$O$38,2,0)&"" -> AI Policy | C28: Answer | D28: Additional Information | E28: Guidance | F28: Analyst Notes
A29: AIPL-01 | B29: =VLOOKUP($A29,Questions!$A$2:$X$333,2,0) | C29: Yes | D29: AI risk practices are documented in the AI Risk Assessment and owned by the Founder; AI changes go through privacy and ethics review. | E29: =IF($C$18='Auto Responses'!$J$4,'Auto Responses'!$A$6,IF($C29='Auto Responses'!$J$3,VLOOKUP($A29,Questions!$A$2:$X$333,17,0)&"",IF($C29='Auto Responses'!$J$4,VLOOKUP($A29,Questions!$A$2:$X$333,16,0)&"",VLOOKUP($A29,Questions!$A$2:$X$333,15,0)&""))) | F29: =VLOOKUP($A29,'Institution Evaluation'!$A$56:$F$345,6,0)&""
A30: AIPL-02 | B30: =VLOOKUP($A30,Questions!$A$2:$X$333,2,0) | C30: Yes | D30: Risks are identified and rated by likelihood and impact (academic integrity, prompt injection/misuse, incorrect output, privacy, bias, over-reliance, supply chain, auditability) and usage metrics are reviewed quarterly. | E30: =IF($C$18='Auto Responses'!$J$4,'Auto Responses'!$A$6,IF($C30='Auto Responses'!$J$3,VLOOKUP($A30,Questions!$A$2:$X$333,17,0)&"",IF($C30='Auto Responses'!$J$4,VLOOKUP($A30,Questions!$A$2:$X$333,16,0)&"",VLOOKUP($A30,Questions!$A$2:$X$333,15,0)&""))) | F30: =VLOOKUP($A30,'Institution Evaluation'!$A$56:$F$345,6,0)&""
A31: AIPL-03 | B31: =VLOOKUP($A31,Questions!$A$2:$X$333,2,0) | C31: Yes | D31: AI can be disabled platform/tenant/course wide by revoking the OpenAI API key or via configuration/deploy. | E31: =IF($C$18='Auto Responses'!$J$4,'Auto Responses'!$A$6,IF($C31='Auto Responses'!$J$3,VLOOKUP($A31,Questions!$A$2:$X$333,17,0)&"",IF($C31='Auto Responses'!$J$4,VLOOKUP($A31,Questions!$A$2:$X$333,16,0)&"",VLOOKUP($A31,Questions!$A$2:$X$333,15,0)&""))) | F31: =VLOOKUP($A31,'Institution Evaluation'!$A$56:$F$345,6,0)&""
A32: AIPL-04 | B32: =VLOOKUP($A32,Questions!$A$2:$X$333,2,0) | C32: Yes | E32: =IF($C$18='Auto Responses'!$J$4,'Auto Responses'!$A$6,IF($C$31='Auto Responses'!$J$4,'Auto Responses'!$A$27,IF($C32='Auto Responses'!$J$3,VLOOKUP($A32,Questions!$A$2:$X$333,17,0)&"",IF($C32='Auto Responses'!$J$4,VLOOKUP($A32,Questions!$A$2:$X$333,16,0)&"",IF($C32='Auto Responses'!$J$5,VLOOKUP($A32,Questions!$A$2:$X$333,18,0)&"",VLOOKUP($A32,Questions!$A$2:$X$333,15,0)&""))))) | F32: =VLOOKUP($A32,'Institution Evaluation'!$A$56:$F$345,6,0)&""
A33: AIPL-05 | B33: =VLOOKUP($A33,Questions!$A$2:$X$333,2,0) | C33: Yes | D33: The AI Risk Assessment treatment plan maps each identified risk to technical and procedural mitigations, following the NIST AI RMF. | E33: =IF($C$18='Auto Responses'!$J$4,'Auto Responses'!$A$6,IF($C33='Auto Responses'!$J$3,VLOOKUP($A33,Questions!$A$2:$X$333,17,0)&"",IF($C33='Auto Responses'!$J$4,VLOOKUP($A33,Questions!$A$2:$X$333,16,0)&"",VLOOKUP($A33,Questions!$A$2:$X$333,15,0)&""))) | F33: =VLOOKUP($A33,'Institution Evaluation'!$A$56:$F$345,6,0)&"" | G33: End Table Data
A34: =VLOOKUP(LEFT($A35,4),'Auto Responses'!$N$4:$O$38,2,0)&"" -> AI Data Security | C34: Answer | D34: Additional Information | E34: Guidance | F34: Analyst Notes
A35: AISC-01 | B35: =VLOOKUP($A35,Questions!$A$2:$X$333,2,0) | C35: N/A | D35: User data is never used to train or fine-tune any model. CONFIRM: OpenAI processes requests under zero data retention. Stored chat history in Edugator can be deleted by the user per problem. | E35: =IF($C$18='Auto Responses'!$J$4,'Auto Responses'!$A$6,IF($C$31='Auto Responses'!$J$4,'Auto Responses'!$A$27,IF($C35='Auto Responses'!$J$3,VLOOKUP($A35,Questions!$A$2:$X$333,17,0)&"",IF($C35='Auto Responses'!$J$4,VLOOKUP($A35,Questions!$A$2:$X$333,16,0)&"",IF($C35='Auto Responses'!$J$5,VLOOKUP($A35,Questions!$A$2:$X$333,18,0)&"",VLOOKUP($A35,Questions!$A$2:$X$333,15,0)&""))))) | F35: =VLOOKUP($A35,'Institution Evaluation'!$A$56:$F$345,6,0)&""
A36: AISC-02 | B36: =VLOOKUP($A36,Questions!$A$2:$X$333,2,0) | C36: No | D36: User inputs are not used to train or tune models. | E36: =IF($C$18='Auto Responses'!$J$4,'Auto Responses'!$A$6,IF($C36='Auto Responses'!$J$3,VLOOKUP($A36,Questions!$A$2:$X$333,17,0)&"",IF($C36='Auto Responses'!$J$4,VLOOKUP($A36,Questions!$A$2:$X$333,16,0)&"",VLOOKUP($A36,Questions!$A$2:$X$333,15,0)&""))) | F36: =VLOOKUP($A36,'Institution Evaluation'!$A$56:$F$345,6,0)&""
A37: AISC-03 | B37: =VLOOKUP($A37,Questions!$A$2:$X$333,2,0) | C37: No | E37: =IF($C$18='Auto Responses'!$J$4,'Auto Responses'!$A$6,IF($C37='Auto Responses'!$J$3,VLOOKUP($A37,Questions!$A$2:$X$333,17,0)&"",IF($C37='Auto Responses'!$J$4,VLOOKUP($A37,Questions!$A$2:$X$333,16,0)&"",VLOOKUP($A37,Questions!$A$2:$X$333,15,0)&""))) | F37: =VLOOKUP($A37,'Institution Evaluation'!$A$56:$F$345,6,0)&""
A38: AISC-04 | B38: =VLOOKUP($A38,Questions!$A$2:$X$333,2,0) | C38: System prompts constrain the tutor to the programming problem and instruct it to decline off-topic requests or instructions. Request size is bounded by server limits. There is no separate input filtering or PII redaction. | E38: =IF($C$18='Auto Responses'!$J$4,'Auto Responses'!$A$6,IF($C38='Auto Responses'!$J$3,VLOOKUP($A38,Questions!$A$2:$X$333,17,0)&"",IF($C38='Auto Responses'!$J$4,VLOOKUP($A38,Questions!$A$2:$X$333,16,0)&"",VLOOKUP($A38,Questions!$A$2:$X$333,15,0)&""))) | F38: =VLOOKUP($A38,'Institution Evaluation'!$A$56:$F$345,6,0)&""
A39: AISC-05 | B39: =VLOOKUP($A39,Questions!$A$2:$X$333,2,0) | C39: Yes | D39: Supply-chain risk for OpenAI is assessed: graceful degradation if the AI vendor fails, model names configurable for substitution, annual vendor review, zero data retention. | E39: =IF($C$18='Auto Responses'!$J$4,'Auto Responses'!$A$6,IF($C39='Auto Responses'!$J$3,VLOOKUP($A39,Questions!$A$2:$X$333,17,0)&"",IF($C39='Auto Responses'!$J$4,VLOOKUP($A39,Questions!$A$2:$X$333,16,0)&"",VLOOKUP($A39,Questions!$A$2:$X$333,15,0)&""))) | F39: =VLOOKUP($A39,'Institution Evaluation'!$A$56:$F$345,6,0)&"" | G39: End Table Data
A40: =VLOOKUP(LEFT($A41,4),'Auto Responses'!$N$4:$O$38,2,0)&"" -> AI Machine Learning | C40: Answer | D40: Additional Information | E40: Guidance | F40: Analyst Notes
A41: AIML-01 | B41: =VLOOKUP($A41,Questions!$A$2:$X$333,2,0) | D41: Not applicable: Edugator does not train or operate its own machine-learning models (AIQU-01 = No). AI features use OpenAI's hosted LLM API. | E41: =IF($C$18='Auto Responses'!$J$4,'Auto Responses'!$A$6,IF($C$20='Auto Responses'!$J$4,'Auto Responses'!$A$10,IF($C41='Auto Responses'!$J$3,VLOOKUP($A41,Questions!$A$2:$X$333,17,0)&"",IF($C41='Auto Responses'!$J$4,VLOOKUP($A41,Questions!$A$2:$X$333,16,0)&"",VLOOKUP($A41,Questions!$A$2:$X$333,15,0)&"")))) | F41: =VLOOKUP($A41,'Institution Evaluation'!$A$56:$F$345,6,0)&""
A42: AIML-02 | B42: =VLOOKUP($A42,Questions!$A$2:$X$333,2,0) | D42: Not applicable: Edugator does not train or operate its own machine-learning models (AIQU-01 = No). AI features use OpenAI's hosted LLM API. | E42: =IF($C$18='Auto Responses'!$J$4,'Auto Responses'!$A$6,IF($C$20='Auto Responses'!$J$4,'Auto Responses'!$A$10,IF($C42='Auto Responses'!$J$3,VLOOKUP($A42,Questions!$A$2:$X$333,17,0)&"",IF($C42='Auto Responses'!$J$4,VLOOKUP($A42,Questions!$A$2:$X$333,16,0)&"",VLOOKUP($A42,Questions!$A$2:$X$333,15,0)&"")))) | F42: =VLOOKUP($A42,'Institution Evaluation'!$A$56:$F$345,6,0)&""
A43: AIML-03 | B43: =VLOOKUP($A43,Questions!$A$2:$X$333,2,0) | D43: Not applicable: Edugator does not train or operate its own machine-learning models (AIQU-01 = No). AI features use OpenAI's hosted LLM API. | E43: =IF($C$18='Auto Responses'!$J$4,'Auto Responses'!$A$6,IF($C$20='Auto Responses'!$J$4,'Auto Responses'!$A$10,IF($C43='Auto Responses'!$J$3,VLOOKUP($A43,Questions!$A$2:$X$333,17,0)&"",IF($C43='Auto Responses'!$J$4,VLOOKUP($A43,Questions!$A$2:$X$333,16,0)&"",VLOOKUP($A43,Questions!$A$2:$X$333,15,0)&"")))) | F43: =VLOOKUP($A43,'Institution Evaluation'!$A$56:$F$345,6,0)&""
A44: AIML-04 | B44: =VLOOKUP($A44,Questions!$A$2:$X$333,2,0) | D44: Not applicable: Edugator does not train or operate its own machine-learning models (AIQU-01 = No). AI features use OpenAI's hosted LLM API. | E44: =IF($C$18='Auto Responses'!$J$4,'Auto Responses'!$A$6,IF($C$20='Auto Responses'!$J$4,'Auto Responses'!$A$10,IF($C44='Auto Responses'!$J$3,VLOOKUP($A44,Questions!$A$2:$X$333,17,0)&"",IF($C44='Auto Responses'!$J$4,VLOOKUP($A44,Questions!$A$2:$X$333,16,0)&"",VLOOKUP($A44,Questions!$A$2:$X$333,15,0)&"")))) | F44: =VLOOKUP($A44,'Institution Evaluation'!$A$56:$F$345,6,0)&""
A45: AIML-05 | B45: =VLOOKUP($A45,Questions!$A$2:$X$333,2,0) | D45: Not applicable: Edugator does not train or operate its own machine-learning models (AIQU-01 = No). AI features use OpenAI's hosted LLM API. | E45: =IF($C$18='Auto Responses'!$J$4,'Auto Responses'!$A$6,IF($C$20='Auto Responses'!$J$4,'Auto Responses'!$A$10,IF($C45='Auto Responses'!$J$3,VLOOKUP($A45,Questions!$A$2:$X$333,17,0)&"",IF($C45='Auto Responses'!$J$4,VLOOKUP($A45,Questions!$A$2:$X$333,16,0)&"",VLOOKUP($A45,Questions!$A$2:$X$333,15,0)&"")))) | F45: =VLOOKUP($A45,'Institution Evaluation'!$A$56:$F$345,6,0)&""
A46: AIML-06 | B46: =VLOOKUP($A46,Questions!$A$2:$X$333,2,0) | D46: Not applicable: Edugator does not train or operate its own machine-learning models (AIQU-01 = No). AI features use OpenAI's hosted LLM API. | E46: =IF($C$18='Auto Responses'!$J$4,'Auto Responses'!$A$6,IF($C$20='Auto Responses'!$J$4,'Auto Responses'!$A$10,IF($C46='Auto Responses'!$J$3,VLOOKUP($A46,Questions!$A$2:$X$333,17,0)&"",IF($C46='Auto Responses'!$J$4,VLOOKUP($A46,Questions!$A$2:$X$333,16,0)&"",VLOOKUP($A46,Questions!$A$2:$X$333,15,0)&"")))) | F46: =VLOOKUP($A46,'Institution Evaluation'!$A$56:$F$345,6,0)&""
A47: AIML-07 | B47: =VLOOKUP($A47,Questions!$A$2:$X$333,2,0) | D47: Not applicable: Edugator does not train or operate its own machine-learning models (AIQU-01 = No). AI features use OpenAI's hosted LLM API. | E47: =IF($C$18='Auto Responses'!$J$4,'Auto Responses'!$A$6,IF($C$20='Auto Responses'!$J$4,'Auto Responses'!$A$10,IF($C47='Auto Responses'!$J$3,VLOOKUP($A47,Questions!$A$2:$X$333,17,0)&"",IF($C47='Auto Responses'!$J$4,VLOOKUP($A47,Questions!$A$2:$X$333,16,0)&"",VLOOKUP($A47,Questions!$A$2:$X$333,15,0)&"")))) | F47: =VLOOKUP($A47,'Institution Evaluation'!$A$56:$F$345,6,0)&""
A48: AIML-08 | B48: =VLOOKUP($A48,Questions!$A$2:$X$333,2,0) | D48: Not applicable: Edugator does not train or operate its own machine-learning models (AIQU-01 = No). AI features use OpenAI's hosted LLM API. | E48: =IF($C$18='Auto Responses'!$J$4,'Auto Responses'!$A$6,IF($C$20='Auto Responses'!$J$4,'Auto Responses'!$A$10,IF($C48='Auto Responses'!$J$3,VLOOKUP($A48,Questions!$A$2:$X$333,17,0)&"",IF($C48='Auto Responses'!$J$4,VLOOKUP($A48,Questions!$A$2:$X$333,16,0)&"",VLOOKUP($A48,Questions!$A$2:$X$333,15,0)&"")))) | F48: =VLOOKUP($A48,'Institution Evaluation'!$A$56:$F$345,6,0)&"" | G48: End Table Data
A49: =VLOOKUP(LEFT($A50,4),'Auto Responses'!$N$4:$O$38,2,0)&"" -> AI Large Language Model (LLM) | C49: Answer | D49: Additional Information | E49: Guidance | F49: Analyst Notes
A50: AILM-01 | B50: =VLOOKUP($A50,Questions!$A$2:$X$333,2,0) | C50: Yes | D50: The LLM only returns text; it has no tool, plugin, data-access or action privileges. | E50: =IF($C$18='Auto Responses'!$J$4,'Auto Responses'!$A$6,IF($C$21='Auto Responses'!$J$4,'Auto Responses'!$A$11,IF($C50='Auto Responses'!$J$3,VLOOKUP($A50,Questions!$A$2:$X$333,17,0)&"",IF($C50='Auto Responses'!$J$4,VLOOKUP($A50,Questions!$A$2:$X$333,16,0)&"",VLOOKUP($A50,Questions!$A$2:$X$333,15,0)&"")))) | F50: =VLOOKUP($A50,'Institution Evaluation'!$A$56:$F$345,6,0)&""
A51: AILM-02 | B51: =VLOOKUP($A51,Questions!$A$2:$X$333,2,0) | D51: Not applicable: Edugator does not train or fine-tune LLMs; it uses OpenAI's hosted models. | E51: =IF($C$18='Auto Responses'!$J$4,'Auto Responses'!$A$6,IF($C$21='Auto Responses'!$J$4,'Auto Responses'!$A$11,IF($C51='Auto Responses'!$J$3,VLOOKUP($A51,Questions!$A$2:$X$333,17,0)&"",IF($C51='Auto Responses'!$J$4,VLOOKUP($A51,Questions!$A$2:$X$333,16,0)&"",VLOOKUP($A51,Questions!$A$2:$X$333,15,0)&"")))) | F51: =VLOOKUP($A51,'Institution Evaluation'!$A$56:$F$345,6,0)&""
A52: AILM-03 | B52: =VLOOKUP($A52,Questions!$A$2:$X$333,2,0) | C52: Yes | D52: The LLM takes no autonomous actions; all output is shown to a human user. | E52: =IF($C$18='Auto Responses'!$J$4,'Auto Responses'!$A$6,IF($C$21='Auto Responses'!$J$4,'Auto Responses'!$A$11,IF($C52='Auto Responses'!$J$3,VLOOKUP($A52,Questions!$A$2:$X$333,17,0)&"",IF($C52='Auto Responses'!$J$4,VLOOKUP($A52,Questions!$A$2:$X$333,16,0)&"",VLOOKUP($A52,Questions!$A$2:$X$333,15,0)&"")))) | F52: =VLOOKUP($A52,'Institution Evaluation'!$A$56:$F$345,6,0)&""
A53: AILM-04 | B53: =VLOOKUP($A53,Questions!$A$2:$X$333,2,0) | C53: Yes | D53: No LLM plugins are used. | E53: =IF($C$18='Auto Responses'!$J$4,'Auto Responses'!$A$6,IF($C$21='Auto Responses'!$J$4,'Auto Responses'!$A$11,IF($C53='Auto Responses'!$J$3,VLOOKUP($A53,Questions!$A$2:$X$333,17,0)&"",IF($C53='Auto Responses'!$J$4,VLOOKUP($A53,Questions!$A$2:$X$333,16,0)&"",VLOOKUP($A53,Questions!$A$2:$X$333,15,0)&"")))) | F53: =VLOOKUP($A53,'Institution Evaluation'!$A$56:$F$345,6,0)&""
A54: AILM-05 | B54: =VLOOKUP($A54,Questions!$A$2:$X$333,2,0) | C54: No | E54: =IF($C$18='Auto Responses'!$J$4,'Auto Responses'!$A$6,IF($C$21='Auto Responses'!$J$4,'Auto Responses'!$A$11,IF($C54='Auto Responses'!$J$3,VLOOKUP($A54,Questions!$A$2:$X$333,17,0)&"",IF($C54='Auto Responses'!$J$4,VLOOKUP($A54,Questions!$A$2:$X$333,16,0)&"",VLOOKUP($A54,Questions!$A$2:$X$333,15,0)&"")))) | F54: =VLOOKUP($A54,'Institution Evaluation'!$A$56:$F$345,6,0)&""
A55: AILM-06 | B55: =VLOOKUP($A55,Questions!$A$2:$X$333,2,0) | C55: No | E55: =IF($C$18='Auto Responses'!$J$4,'Auto Responses'!$A$6,IF($C$21='Auto Responses'!$J$4,'Auto Responses'!$A$11,IF($C55='Auto Responses'!$J$3,VLOOKUP($A55,Questions!$A$2:$X$333,17,0)&"",IF($C55='Auto Responses'!$J$4,VLOOKUP($A55,Questions!$A$2:$X$333,16,0)&"",VLOOKUP($A55,Questions!$A$2:$X$333,15,0)&"")))) | F55: =VLOOKUP($A55,'Institution Evaluation'!$A$56:$F$345,6,0)&"" | G55: End Table Data
A56: Copyright © 2025 EDUCAUSE | E56: End of worksheet
A59: =#REF!
A60: =#REF!
A61: =#REF!
A62: =#REF!
A63: =#REF!
A64: =#REF!
A65: =#REF!

Sheet Privacy
A1: Cells contained in this worksheet may contain cells with dropdown lists as well as autopopulated formulas.
A2: HECVAT Solution Provider Response - Privacy | F2: ='Auto Responses'!$A$36
A3: Date Completed | C3: ='START HERE'!$C$3
A4: Instructions for Solution Providers
A5: =HLOOKUP($A$4,'Auto Responses'!$D$2:$D$8,2,0)&""
A6: =HLOOKUP($A$4,'Auto Responses'!$D$2:$D$8,3,0)&""
A7: =HLOOKUP($A$4,'Auto Responses'!$D$2:$D$8,4,0)&"" -> 3. Guidance in column E may change based on your answers to prompt details in "Additional Information." If leaving an answer blank, you must also state why in "Additional Information".
A8: =HLOOKUP($A$4,'Auto Responses'!$D$2:$D$8,5,0)&""
A9: =HLOOKUP($A$4,'Auto Responses'!$D$2:$D$8,6,0)&""
A10: =HLOOKUP($A$4,'Auto Responses'!$D$2:$D$8,7,0)&""
A11: =HLOOKUP($A$4,'Auto Responses'!$D$2:$D$9,8,0)&""
A12: =VLOOKUP(LEFT($A13,4),'Auto Responses'!$N$4:$O$38,2,0)&"" -> General Information | C12: Answer
A13: GNRL-01 | B13: =VLOOKUP($A13,Questions!$A$2:$X$333,2,0)&"" | C13: =VLOOKUP($A13,'START HERE'!$A$13:$C$21,3,0)&""
A14: GNRL-02 | B14: =VLOOKUP($A14,Questions!$A$2:$X$333,2,0)&"" | C14: =VLOOKUP($A14,'START HERE'!$A$13:$C$21,3,0)&""
A15: GNRL-03 | B15: =VLOOKUP($A15,Questions!$A$2:$X$333,2,0)&"" | C15: =VLOOKUP($A15,'START HERE'!$A$13:$C$21,3,0)&""
A16: GNRL-08 | B16: =VLOOKUP($A16,Questions!$A$2:$X$333,2,0)&"" | C16: =VLOOKUP($A16,'START HERE'!$A$13:$C$21,3,0)&""
A17: GNRL-09 | B17: =VLOOKUP($A17,Questions!$A$2:$X$333,2,0)&"" | C17: =VLOOKUP($A17,'START HERE'!$A$13:$C$21,3,0)&""
A18: =VLOOKUP(LEFT($A19,4),'Auto Responses'!$N$4:$O$38,2,0)&"" -> Required Questions | C18: Answer | D18: Additional Information | E18: Guidance | F18: Analyst Notes
A19: REQU-04 | B19: =VLOOKUP($A19,Questions!$A$2:$X$333,2,0) | C19: =VLOOKUP($A19,'START HERE'!$A$23:$F$36,3,0)&"" | D19: =VLOOKUP($A19,'START HERE'!$A$23:$F$36,4,0)&"" | E19: =IF($C19='Auto Responses'!$J$3,VLOOKUP($A19,Questions!$A$2:$X$333,17,0)&"",IF($C19='Auto Responses'!$J$4,VLOOKUP($A19,Questions!$A$2:$X$333,16,0)&"",VLOOKUP($A19,Questions!$A$2:$X$333,15,0)&"")) | F19: =VLOOKUP($A19,'START HERE'!$A$23:$F$36,6,0)&""
A20: REQU-05 | B20: =VLOOKUP($A20,Questions!$A$2:$X$333,2,0) | C20: =VLOOKUP($A20,'START HERE'!$A$23:$F$36,3,0)&"" | D20: =VLOOKUP($A20,'START HERE'!$A$23:$F$36,4,0)&"" | E20: =IF($C20='Auto Responses'!$J$3,VLOOKUP($A20,Questions!$A$2:$X$333,17,0)&"",IF($C20='Auto Responses'!$J$4,VLOOKUP($A20,Questions!$A$2:$X$333,16,0)&"",VLOOKUP($A20,Questions!$A$2:$X$333,15,0)&"")) | F20: =VLOOKUP($A20,'START HERE'!$A$23:$F$36,6,0)&""
A21: REQU-06 | B21: =VLOOKUP($A21,Questions!$A$2:$X$333,2,0) | C21: =VLOOKUP($A21,'START HERE'!$A$23:$F$36,3,0)&"" | D21: =VLOOKUP($A21,'START HERE'!$A$23:$F$36,4,0)&"" | E21: =IF($C21='Auto Responses'!$J$3,VLOOKUP($A21,Questions!$A$2:$X$333,17,0)&"",IF($C21='Auto Responses'!$J$4,VLOOKUP($A21,Questions!$A$2:$X$333,16,0)&"",VLOOKUP($A21,Questions!$A$2:$X$333,15,0)&"")) | F21: =VLOOKUP($A21,'START HERE'!$A$23:$F$36,6,0)&""
A22: REQU-08 | B22: =VLOOKUP($A22,Questions!$A$2:$X$333,2,0) | C22: =VLOOKUP($A22,'START HERE'!$A$23:$F$36,3,0)&"" | D22: =VLOOKUP($A22,'START HERE'!$A$23:$F$36,4,0)&"" | E22: =IF($C22='Auto Responses'!$J$3,VLOOKUP($A22,Questions!$A$2:$X$333,17,0)&"",IF($C22='Auto Responses'!$J$4,VLOOKUP($A22,Questions!$A$2:$X$333,16,0)&"",VLOOKUP($A22,Questions!$A$2:$X$333,15,0)&"")) | F22: =VLOOKUP($A22,'START HERE'!$A$23:$F$36,6,0)&"" | G22: End Table Data
A23: =VLOOKUP(LEFT($A24,4),'Auto Responses'!$N$4:$O$38,2,0)&"" -> General Privacy | C23: Answer | D23: Additional Information | E23: Guidance | F23: Analyst Notes
A24: PRGN-01 | B24: =VLOOKUP($A24,Questions!$A$2:$X$333,2,0) | C24: Yes | D24: Education records: enrollments, code submissions, grades, exam accommodations. | E24: =IF($C24='Auto Responses'!$J$3,VLOOKUP($A24,Questions!$A$2:$X$333,17,0)&"",IF($C24='Auto Responses'!$J$4,VLOOKUP($A24,Questions!$A$2:$X$333,16,0)&"",VLOOKUP($A24,Questions!$A$2:$X$333,15,0)&"")) | F24: =VLOOKUP($A24,'Privacy Analyst Evaluation'!$A$46:$F$120,6,0)&""
A25: PRGN-02 | B25: =VLOOKUP($A25,Questions!$A$2:$X$333,2,0) | C25: No | D25: Service is delivered to US institutions and hosted in the US. | E25: =IF($C25='Auto Responses'!$J$3,VLOOKUP($A25,Questions!$A$2:$X$333,17,0)&"",IF($C25='Auto Responses'!$J$4,VLOOKUP($A25,Questions!$A$2:$X$333,16,0)&"",VLOOKUP($A25,Questions!$A$2:$X$333,15,0)&"")) | F25: =VLOOKUP($A25,'Privacy Analyst Evaluation'!$A$46:$F$120,6,0)&""
A26: PRGN-03 | B26: =VLOOKUP($A26,Questions!$A$2:$X$333,2,0) | C26: Yes | D26: e.g., CCPA/CPRA, SOPIPA, NY Ed Law 2-d where applicable. | E26: =IF($C26='Auto Responses'!$J$3,VLOOKUP($A26,Questions!$A$2:$X$333,17,0)&"",IF($C26='Auto Responses'!$J$4,VLOOKUP($A26,Questions!$A$2:$X$333,16,0)&"",VLOOKUP($A26,Questions!$A$2:$X$333,15,0)&"")) | F26: =VLOOKUP($A26,'Privacy Analyst Evaluation'!$A$46:$F$120,6,0)&""
A27: PRGN-04 | B27: =VLOOKUP($A27,Questions!$A$2:$X$333,2,0) | C27: Yes | D27: Free-text AI chat messages and code may contain anything a user types. | E27: =IF($C27='Auto Responses'!$J$3,VLOOKUP($A27,Questions!$A$2:$X$333,17,0)&"",IF($C27='Auto Responses'!$J$4,VLOOKUP($A27,Questions!$A$2:$X$333,16,0)&"",VLOOKUP($A27,Questions!$A$2:$X$333,15,0)&"")) | F27: =VLOOKUP($A27,'Privacy Analyst Evaluation'!$A$46:$F$120,6,0)&""
A28: PRGN-05 | B28: =VLOOKUP($A28,Questions!$A$2:$X$333,2,0) | C28: https://edugator.app/privacypolicy | E28: =IF($C28='Auto Responses'!$J$3,VLOOKUP($A28,Questions!$A$2:$X$333,17,0)&"",IF($C28='Auto Responses'!$J$4,VLOOKUP($A28,Questions!$A$2:$X$333,16,0)&"",VLOOKUP($A28,Questions!$A$2:$X$333,15,0)&"")) | F28: =VLOOKUP($A28,'Privacy Analyst Evaluation'!$A$46:$F$120,6,0)&"" | G28: End Table Data
A29: =VLOOKUP(LEFT($A30,4),'Auto Responses'!$N$4:$O$38,2,0)&"" -> Privacy-Specific Company Details | C29: Answer | D29: Additional Information | E29: Guidance | F29: Analyst Notes
A30: PCOM-01 | B30: =VLOOKUP($A30,Questions!$A$2:$X$333,2,0) | D30: CONFIRM. | E30: =IF($C30='Auto Responses'!$J$3,VLOOKUP($A30,Questions!$A$2:$X$333,17,0)&"",IF($C30='Auto Responses'!$J$4,VLOOKUP($A30,Questions!$A$2:$X$333,16,0)&"",VLOOKUP($A30,Questions!$A$2:$X$333,15,0)&"")) | F30: =VLOOKUP($A30,'Privacy Analyst Evaluation'!$A$46:$F$120,6,0)&""
A31: PCOM-02 | B31: =VLOOKUP($A31,Questions!$A$2:$X$333,2,0) | C31: Edugator acts as a FERPA 'school official' under its FERPA Addendum (https://edugator.app/ferpa). It does not sell personal information or use student data for advertising, and does not use content to train AI models. AI requests to OpenAI exclude names, emails and student IDs. Subprocessors are listed in the privacy policy. | E31: =IF($C31='Auto Responses'!$J$3,VLOOKUP($A31,Questions!$A$2:$X$333,17,0)&"",IF($C31='Auto Responses'!$J$4,VLOOKUP($A31,Questions!$A$2:$X$333,16,0)&"",VLOOKUP($A31,Questions!$A$2:$X$333,15,0)&"")) | F31: =VLOOKUP($A31,'Privacy Analyst Evaluation'!$A$46:$F$120,6,0)&""
A32: PCOM-03 | B32: =VLOOKUP($A32,Questions!$A$2:$X$333,2,0) | D32: CONFIRM. | E32: =IF($C32='Auto Responses'!$J$3,VLOOKUP($A32,Questions!$A$2:$X$333,17,0)&"",IF($C32='Auto Responses'!$J$4,VLOOKUP($A32,Questions!$A$2:$X$333,16,0)&"",VLOOKUP($A32,Questions!$A$2:$X$333,15,0)&"")) | F32: =VLOOKUP($A32,'Privacy Analyst Evaluation'!$A$46:$F$120,6,0)&""
A33: PCOM-04 | B33: =VLOOKUP($A33,Questions!$A$2:$X$333,2,0) | C33: No | E33: =IF($C33='Auto Responses'!$J$3,VLOOKUP($A33,Questions!$A$2:$X$333,17,0)&"",IF($C33='Auto Responses'!$J$4,VLOOKUP($A33,Questions!$A$2:$X$333,16,0)&"",VLOOKUP($A33,Questions!$A$2:$X$333,15,0)&"")) | F33: =VLOOKUP($A33,'Privacy Analyst Evaluation'!$A$46:$F$120,6,0)&"" | G33: End Table Data
A34: =VLOOKUP(LEFT($A35,4),'Auto Responses'!$N$4:$O$38,2,0)&"" -> Privacy-Specific Documentation | C34: Answer | D34: Additional Information | E34: Guidance | F34: Analyst Notes
A35: PDOC-01 | B35: =VLOOKUP($A35,Questions!$A$2:$X$333,2,0) | C35: N/A | D35: No SOC 2 audit has been completed. | E35: =IF($C35='Auto Responses'!$J$3,VLOOKUP($A35,Questions!$A$2:$X$333,17,0)&"",IF($C35='Auto Responses'!$J$4,VLOOKUP($A35,Questions!$A$2:$X$333,16,0)&"",IF($C35='Auto Responses'!$J$5,VLOOKUP($A35,Questions!$A$2:$X$333,18,0)&"",VLOOKUP($A35,Questions!$A$2:$X$333,15,0)&""))) | F35: =VLOOKUP($A35,'Privacy Analyst Evaluation'!$A$46:$F$120,6,0)&""
A36: PDOC-02 | B36: =VLOOKUP($A36,Questions!$A$2:$X$333,2,0) | C36: No | D36: No formal conformance claim. The Privacy Program and DPIA follow FERPA requirements and the principles of the NIST Privacy Framework. | E36: =IF($C36='Auto Responses'!$J$3,VLOOKUP($A36,Questions!$A$2:$X$333,17,0)&"",IF($C36='Auto Responses'!$J$4,VLOOKUP($A36,Questions!$A$2:$X$333,16,0)&"",IF($C36='Auto Responses'!$J$5,VLOOKUP($A36,Questions!$A$2:$X$333,18,0)&"",VLOOKUP($A36,Questions!$A$2:$X$333,15,0)&""))) | F36: =VLOOKUP($A36,'Privacy Analyst Evaluation'!$A$46:$F$120,6,0)&""
A37: PDOC-03 | B37: =VLOOKUP($A37,Questions!$A$2:$X$333,2,0) | C37: Yes | D37: Onboarding includes mandatory security and privacy training before access is granted (Information Security Policy §8–9, Privacy Program §8). | E37: =IF($C37='Auto Responses'!$J$3,VLOOKUP($A37,Questions!$A$2:$X$333,17,0)&"",IF($C37='Auto Responses'!$J$4,VLOOKUP($A37,Questions!$A$2:$X$333,16,0)&"",IF($C37='Auto Responses'!$J$5,VLOOKUP($A37,Questions!$A$2:$X$333,18,0)&"",VLOOKUP($A37,Questions!$A$2:$X$333,15,0)&""))) | F37: =VLOOKUP($A37,'Privacy Analyst Evaluation'!$A$46:$F$120,6,0)&"" | G37: End Table Data
A38: =VLOOKUP(LEFT($A39,4),'Auto Responses'!$N$4:$O$38,2,0)&"" -> Privacy of Third Parties | C38: Answer | D38: Additional Information | E38: Guidance | F38: Analyst Notes
A39: PTHP-01 | B39: =VLOOKUP($A39,Questions!$A$2:$X$333,2,0) | C39: Yes | D39: CONFIRM: subprocessors operate under their data processing agreements. Amazon Web Services - hosting (ECS, RDS PostgreSQL, S3, DynamoDB cache), transactional email (SES), secrets (SSM); Clerk - authentication and user directory (names, emails, credentials); OpenAI - AI tutor and authoring features (student code, questions, problem text; no names/emails sent); Stripe - payment processing (email, internal account/invitation IDs; no card data reaches Edugator); PostHog - product analytics and feature flags (user ID, name, email, usage events); Sentry - error monitoring for the backend (request diagnostics); Instructure Canvas - LTI 1.3 roster sync and grade passback at the institution's direction. | E39: =IF($C39='Auto Responses'!$J$3,VLOOKUP($A39,Questions!$A$2:$X$333,17,0)&"",IF($C39='Auto Responses'!$J$4,VLOOKUP($A39,Questions!$A$2:$X$333,16,0)&"",IF($C39='Auto Responses'!$J$5,VLOOKUP($A39,Questions!$A$2:$X$333,18,0)&"",VLOOKUP($A39,Questions!$A$2:$X$333,15,0)&""))) | F39: =VLOOKUP($A39,'Privacy Analyst Evaluation'!$A$46:$F$120,6,0)&""
A40: PTHP-02 | B40: =VLOOKUP($A40,Questions!$A$2:$X$333,2,0) | C40: Yes | D40: Vendors receiving personal data get a privacy impact check (purpose limitation, no selling/advertising/model training, deletion support, FERPA school-official conditions) before onboarding and annually (Vendor Management policy). | E40: =IF($C40='Auto Responses'!$J$3,VLOOKUP($A40,Questions!$A$2:$X$333,17,0)&"",IF($C40='Auto Responses'!$J$4,VLOOKUP($A40,Questions!$A$2:$X$333,16,0)&"",IF($C40='Auto Responses'!$J$5,VLOOKUP($A40,Questions!$A$2:$X$333,18,0)&"",VLOOKUP($A40,Questions!$A$2:$X$333,15,0)&""))) | F40: =VLOOKUP($A40,'Privacy Analyst Evaluation'!$A$46:$F$120,6,0)&"" | G40: End Table Data
A41: =VLOOKUP(LEFT($A42,4),'Auto Responses'!$N$4:$O$38,2,0)&"" -> Privacy Change Management | C41: Answer | D41: Additional Information | E41: Guidance | F41: Analyst Notes
A42: PCHG-01 | B42: =VLOOKUP($A42,Questions!$A$2:$X$333,2,0) | C42: Yes | D42: Pull requests that affect personal data require a documented privacy review; high-impact changes require Privacy Officer approval (Privacy Program §3, Change and Patch Management §1). | E42: =IF($C42='Auto Responses'!$J$3,VLOOKUP($A42,Questions!$A$2:$X$333,17,0)&"",IF($C42='Auto Responses'!$J$4,VLOOKUP($A42,Questions!$A$2:$X$333,16,0)&"",VLOOKUP($A42,Questions!$A$2:$X$333,15,0)&"")) | F42: =VLOOKUP($A42,'Privacy Analyst Evaluation'!$A$46:$F$120,6,0)&""
A43: PCHG-02 | B43: =VLOOKUP($A43,Questions!$A$2:$X$333,2,0) | C43: Yes | D43: Privacy Program §4: privacy gaps are logged, interim mitigations applied within 7 days, high-risk gaps resolved within 30 days. | E43: =IF($C43='Auto Responses'!$J$3,VLOOKUP($A43,Questions!$A$2:$X$333,17,0)&"",IF($C43='Auto Responses'!$J$4,VLOOKUP($A43,Questions!$A$2:$X$333,16,0)&"",VLOOKUP($A43,Questions!$A$2:$X$333,15,0)&"")) | F43: =VLOOKUP($A43,'Privacy Analyst Evaluation'!$A$46:$F$120,6,0)&"" | G43: End Table Data
A44: =VLOOKUP(LEFT($A45,4),'Auto Responses'!$N$4:$O$38,2,0)&"" -> Privacy of Sensitive Data | C44: Answer | D44: Additional Information | E44: Guidance | F44: Analyst Notes
A45: PDAT-01 | B45: =VLOOKUP($A45,Questions!$A$2:$X$333,2,0) | C45: No | D45: Only name, email, role and course activity. | E45: =IF($C45='Auto Responses'!$J$3,VLOOKUP($A45,Questions!$A$2:$X$333,17,0)&"",IF($C45='Auto Responses'!$J$4,VLOOKUP($A45,Questions!$A$2:$X$333,16,0)&"",VLOOKUP($A45,Questions!$A$2:$X$333,15,0)&"")) | F45: =VLOOKUP($A45,'Privacy Analyst Evaluation'!$A$46:$F$120,6,0)&""
A46: PDAT-02 | B46: =VLOOKUP($A46,Questions!$A$2:$X$333,2,0) | C46: No | E46: =IF($C46='Auto Responses'!$J$3,VLOOKUP($A46,Questions!$A$2:$X$333,17,0)&"",IF($C46='Auto Responses'!$J$4,VLOOKUP($A46,Questions!$A$2:$X$333,16,0)&"",VLOOKUP($A46,Questions!$A$2:$X$333,15,0)&"")) -> Genetic information would include information about genetic tests, genetic tests of family members, actual manifestations of diseases, and family medical records. Biometric information includes elements such as facial recognition, fingerprints, and voice recognition. Behaviometric information is behavioral information collected and analyzed in order to understand human behavior. The exact elements collected may depend on the requirements of an applicable regulation or law. | F46: =VLOOKUP($A46,'Privacy Analyst Evaluation'!$A$46:$F$120,6,0)&""
A47: PDAT-03 | B47: =VLOOKUP($A47,Questions!$A$2:$X$333,2,0) | C47: No | E47: =IF($C47='Auto Responses'!$J$3,VLOOKUP($A47,Questions!$A$2:$X$333,17,0)&"",IF($C47='Auto Responses'!$J$4,VLOOKUP($A47,Questions!$A$2:$X$333,16,0)&"",VLOOKUP($A47,Questions!$A$2:$X$333,15,0)&"")) | F47: =VLOOKUP($A47,'Privacy Analyst Evaluation'!$A$46:$F$120,6,0)&""
A48: PDAT-04 | B48: =VLOOKUP($A48,Questions!$A$2:$X$333,2,0) | C48: No | D48: CONFIRM PostHog project region is US. All other systems and subprocessors are US-based. | E48: =IF($C48='Auto Responses'!$J$3,VLOOKUP($A48,Questions!$A$2:$X$333,17,0)&"",IF($C48='Auto Responses'!$J$4,VLOOKUP($A48,Questions!$A$2:$X$333,16,0)&"",VLOOKUP($A48,Questions!$A$2:$X$333,15,0)&"")) | F48: =VLOOKUP($A48,'Privacy Analyst Evaluation'!$A$46:$F$120,6,0)&""
A49: PDAT-05 | B49: =VLOOKUP($A49,Questions!$A$2:$X$333,2,0) | C49: Yes | D49: IP address and browser/device details for session management (Clerk) and analytics (PostHog). | E49: =IF($C49='Auto Responses'!$J$3,VLOOKUP($A49,Questions!$A$2:$X$333,17,0)&"",IF($C49='Auto Responses'!$J$4,VLOOKUP($A49,Questions!$A$2:$X$333,16,0)&"",VLOOKUP($A49,Questions!$A$2:$X$333,15,0)&"")) | F49: =VLOOKUP($A49,'Privacy Analyst Evaluation'!$A$46:$F$120,6,0)&""
A50: PDAT-06 | B50: =VLOOKUP($A50,Questions!$A$2:$X$333,2,0) | C50: Yes | D50: PostHog product analytics (cookies/local storage), including identification of signed-in users by name and email. | E50: =IF($C50='Auto Responses'!$J$3,VLOOKUP($A50,Questions!$A$2:$X$333,17,0)&"",IF($C50='Auto Responses'!$J$4,VLOOKUP($A50,Questions!$A$2:$X$333,16,0)&"",VLOOKUP($A50,Questions!$A$2:$X$333,15,0)&"")) | F50: =VLOOKUP($A50,'Privacy Analyst Evaluation'!$A$46:$F$120,6,0)&""
A51: PDAT-07 | B51: =VLOOKUP($A51,Questions!$A$2:$X$333,2,0) | C51: Yes | D51: Engineers with production access, for support and operations. | E51: =IF($C51='Auto Responses'!$J$3,VLOOKUP($A51,Questions!$A$2:$X$333,17,0)&"",IF($C51='Auto Responses'!$J$4,VLOOKUP($A51,Questions!$A$2:$X$333,16,0)&"",VLOOKUP($A51,Questions!$A$2:$X$333,15,0)&"")) | F51: =VLOOKUP($A51,'Privacy Analyst Evaluation'!$A$46:$F$120,6,0)&""
A52: PDAT-08 | B52: =VLOOKUP($A52,Questions!$A$2:$X$333,2,0) | C52: Yes | E52: =IF($C52='Auto Responses'!$J$3,VLOOKUP($A52,Questions!$A$2:$X$333,17,0)&"",IF($C52='Auto Responses'!$J$4,VLOOKUP($A52,Questions!$A$2:$X$333,16,0)&"",VLOOKUP($A52,Questions!$A$2:$X$333,15,0)&"")) | F52: =VLOOKUP($A52,'Privacy Analyst Evaluation'!$A$46:$F$120,6,0)&"" | G52: End Table Data
A53: =VLOOKUP(LEFT($A54,4),'Auto Responses'!$N$4:$O$38,2,0)&"" -> Privacy Policies and Procedures | C53: Answer | D53: Additional Information | E53: Guidance | F53: Analyst Notes
A54: PRPO-01 | B54: =VLOOKUP($A54,Questions!$A$2:$X$333,2,0) | C54: Yes | D54: Edugator internal policies (available on request): Privacy Program, owned by the Privacy Officer (Marc Diaz, Founder), reviewed annually. | E54: =IF($C54='Auto Responses'!$J$3,VLOOKUP($A54,Questions!$A$2:$X$333,17,0)&"",IF($C54='Auto Responses'!$J$4,VLOOKUP($A54,Questions!$A$2:$X$333,16,0)&"",VLOOKUP($A54,Questions!$A$2:$X$333,15,0)&"")) | F54: =VLOOKUP($A54,'Privacy Analyst Evaluation'!$A$46:$F$120,6,0)&""
A55: PRPO-02 | B55: =VLOOKUP($A55,Questions!$A$2:$X$333,2,0) | C55: Yes | D55: Privacy review is required on pull requests that touch personal data, vendors, analytics, logging, retention or AI (Privacy Program §3). | E55: =IF($C55='Auto Responses'!$J$3,VLOOKUP($A55,Questions!$A$2:$X$333,17,0)&"",IF($C55='Auto Responses'!$J$4,VLOOKUP($A55,Questions!$A$2:$X$333,16,0)&"",VLOOKUP($A55,Questions!$A$2:$X$333,15,0)&"")) | F55: =VLOOKUP($A55,'Privacy Analyst Evaluation'!$A$46:$F$120,6,0)&""
A56: PRPO-03 | B56: =VLOOKUP($A56,Questions!$A$2:$X$333,2,0) | C56: Yes | E56: =IF($C56='Auto Responses'!$J$3,VLOOKUP($A56,Questions!$A$2:$X$333,17,0)&"",IF($C56='Auto Responses'!$J$4,VLOOKUP($A56,Questions!$A$2:$X$333,16,0)&"",VLOOKUP($A56,Questions!$A$2:$X$333,15,0)&"")) | F56: =VLOOKUP($A56,'Privacy Analyst Evaluation'!$A$46:$F$120,6,0)&""
A57: PRPO-04 | B57: =VLOOKUP($A57,Questions!$A$2:$X$333,2,0) | C57: Yes | E57: =IF($C57='Auto Responses'!$J$3,VLOOKUP($A57,Questions!$A$2:$X$333,17,0)&"",IF($C57='Auto Responses'!$J$4,VLOOKUP($A57,Questions!$A$2:$X$333,16,0)&"",VLOOKUP($A57,Questions!$A$2:$X$333,15,0)&"")) | F57: =VLOOKUP($A57,'Privacy Analyst Evaluation'!$A$46:$F$120,6,0)&""
A58: PRPO-05 | B58: =VLOOKUP($A58,Questions!$A$2:$X$333,2,0) | C58: Yes | E58: =IF($C58='Auto Responses'!$J$3,VLOOKUP($A58,Questions!$A$2:$X$333,17,0)&"",IF($C58='Auto Responses'!$J$4,VLOOKUP($A58,Questions!$A$2:$X$333,16,0)&"",VLOOKUP($A58,Questions!$A$2:$X$333,15,0)&"")) | F58: =VLOOKUP($A58,'Privacy Analyst Evaluation'!$A$46:$F$120,6,0)&""
A59: PRPO-06 | B59: =VLOOKUP($A59,Questions!$A$2:$X$333,2,0) | C59: Yes | D59: Privacy training (FERPA, data minimization, request handling, responsible AI) is part of mandatory onboarding and annual training (Privacy Program §8). | E59: =IF($C59='Auto Responses'!$J$3,VLOOKUP($A59,Questions!$A$2:$X$333,17,0)&"",IF($C59='Auto Responses'!$J$4,VLOOKUP($A59,Questions!$A$2:$X$333,16,0)&"",VLOOKUP($A59,Questions!$A$2:$X$333,15,0)&"")) | F59: =VLOOKUP($A59,'Privacy Analyst Evaluation'!$A$46:$F$120,6,0)&""
A60: PRPO-07 | B60: =VLOOKUP($A60,Questions!$A$2:$X$333,2,0) | C60: Yes | D60: Mandatory for all team members at onboarding and annually. | E60: =IF($C60='Auto Responses'!$J$3,VLOOKUP($A60,Questions!$A$2:$X$333,17,0)&"",IF($C60='Auto Responses'!$J$4,VLOOKUP($A60,Questions!$A$2:$X$333,16,0)&"",VLOOKUP($A60,Questions!$A$2:$X$333,15,0)&"")) | F60: =VLOOKUP($A60,'Privacy Analyst Evaluation'!$A$46:$F$120,6,0)&""
A61: PRPO-08 | B61: =VLOOKUP($A61,Questions!$A$2:$X$333,2,0) | C61: Yes | D61: AI privacy and ethics training is required for all team members as part of annual training (Privacy Program §8, AI Risk Assessment §1). | E61: =IF($C61='Auto Responses'!$J$3,VLOOKUP($A61,Questions!$A$2:$X$333,17,0)&"",IF($C61='Auto Responses'!$J$4,VLOOKUP($A61,Questions!$A$2:$X$333,16,0)&"",IF($C61='Auto Responses'!$J$5,VLOOKUP($A61,Questions!$A$2:$X$333,18,0)&"",VLOOKUP($A61,Questions!$A$2:$X$333,15,0)&""))) | F61: =VLOOKUP($A61,'Privacy Analyst Evaluation'!$A$46:$F$120,6,0)&""
A62: PRPO-09 | B62: =VLOOKUP($A62,Questions!$A$2:$X$333,2,0) | C62: Yes | D62: Automated test-case grading computes submission scores; instructors control whether and when grades are published to the LMS. | E62: =IF($C62='Auto Responses'!$J$3,VLOOKUP($A62,Questions!$A$2:$X$333,17,0)&"",IF($C62='Auto Responses'!$J$4,VLOOKUP($A62,Questions!$A$2:$X$333,16,0)&"",VLOOKUP($A62,Questions!$A$2:$X$333,15,0)&"")) | F62: =VLOOKUP($A62,'Privacy Analyst Evaluation'!$A$46:$F$120,6,0)&""
A63: PRPO-10 | B63: =VLOOKUP($A63,Questions!$A$2:$X$333,2,0) | C63: Yes | D63: Privacy Program §5 documents handling of data subject requests (routed through the institution under FERPA, completed within 30 days) and of automated processing (autograding with instructor override; AI monitored under the AI Risk Assessment). | E63: =IF($C63='Auto Responses'!$J$3,VLOOKUP($A63,Questions!$A$2:$X$333,17,0)&"",IF($C63='Auto Responses'!$J$4,VLOOKUP($A63,Questions!$A$2:$X$333,16,0)&"",IF($C63='Auto Responses'!$J$5,VLOOKUP($A63,Questions!$A$2:$X$333,18,0)&"",VLOOKUP($A63,Questions!$A$2:$X$333,15,0)&""))) | F63: =VLOOKUP($A63,'Privacy Analyst Evaluation'!$A$46:$F$120,6,0)&""
A64: PRPO-11 | B64: =VLOOKUP($A64,Questions!$A$2:$X$333,2,0) | C64: Yes | D64: Privacy Program §7: disclosure only under valid subpoena, court order or warrant; prior notice to the institution unless legally prohibited; minimum necessary disclosure; all requests logged. | E64: =IF($C64='Auto Responses'!$J$3,VLOOKUP($A64,Questions!$A$2:$X$333,17,0)&"",IF($C64='Auto Responses'!$J$4,VLOOKUP($A64,Questions!$A$2:$X$333,16,0)&"",VLOOKUP($A64,Questions!$A$2:$X$333,15,0)&"")) | F64: =VLOOKUP($A64,'Privacy Analyst Evaluation'!$A$46:$F$120,6,0)&""
A65: PRPO-12 | B65: =VLOOKUP($A65,Questions!$A$2:$X$333,2,0) | C65: No | E65: =IF($C65='Auto Responses'!$J$3,VLOOKUP($A65,Questions!$A$2:$X$333,17,0)&"",IF($C65='Auto Responses'!$J$4,VLOOKUP($A65,Questions!$A$2:$X$333,16,0)&"",VLOOKUP($A65,Questions!$A$2:$X$333,15,0)&"")) | F65: =VLOOKUP($A65,'Privacy Analyst Evaluation'!$A$46:$F$120,6,0)&""
A66: PRPO-13 | B66: =VLOOKUP($A66,Questions!$A$2:$X$333,2,0) | C66: Yes | D66: The Privacy Officer (Marc Diaz, Founder) is part of every incident response. | E66: =IF($C66='Auto Responses'!$J$3,VLOOKUP($A66,Questions!$A$2:$X$333,17,0)&"",IF($C66='Auto Responses'!$J$4,VLOOKUP($A66,Questions!$A$2:$X$333,16,0)&"",VLOOKUP($A66,Questions!$A$2:$X$333,15,0)&"")) | F66: =VLOOKUP($A66,'Privacy Analyst Evaluation'!$A$46:$F$120,6,0)&"" | G66: End Table Data
A67: =VLOOKUP(LEFT($A68,4),'Auto Responses'!$N$4:$O$38,2,0)&"" -> International Privacy | C67: Answer | D67: Additional Information | E67: Guidance | F67: Analyst Notes
A68: INTL-01 | B68: =VLOOKUP($A68,Questions!$A$2:$X$333,2,0) | C68: No | D68: CONFIRM. | E68: =IF($C68='Auto Responses'!$J$3,VLOOKUP($A68,Questions!$A$2:$X$333,17,0)&"",IF($C68='Auto Responses'!$J$4,VLOOKUP($A68,Questions!$A$2:$X$333,16,0)&"",VLOOKUP($A68,Questions!$A$2:$X$333,15,0)&"")) | F68: =VLOOKUP($A68,'Privacy Analyst Evaluation'!$A$46:$F$120,6,0)&""
A69: INTL-02 | B69: =VLOOKUP($A69,Questions!$A$2:$X$333,2,0) | C69: No | E69: =IF($C69='Auto Responses'!$J$3,VLOOKUP($A69,Questions!$A$2:$X$333,17,0)&"",IF($C69='Auto Responses'!$J$4,VLOOKUP($A69,Questions!$A$2:$X$333,16,0)&"",VLOOKUP($A69,Questions!$A$2:$X$333,15,0)&"")) | F69: =VLOOKUP($A69,'Privacy Analyst Evaluation'!$A$46:$F$120,6,0)&""
A70: INTL-03 | B70: =VLOOKUP($A70,Questions!$A$2:$X$333,2,0) | C70: Yes | E70: =IF($C70='Auto Responses'!$J$3,VLOOKUP($A70,Questions!$A$2:$X$333,17,0)&"",IF($C70='Auto Responses'!$J$4,VLOOKUP($A70,Questions!$A$2:$X$333,16,0)&"",VLOOKUP($A70,Questions!$A$2:$X$333,15,0)&"")) | F70: =VLOOKUP($A70,'Privacy Analyst Evaluation'!$A$46:$F$120,6,0)&""
A71: INTL-04 | B71: =VLOOKUP($A71,Questions!$A$2:$X$333,2,0) | C71: No | E71: =IF($C71='Auto Responses'!$J$3,VLOOKUP($A71,Questions!$A$2:$X$333,17,0)&"",IF($C71='Auto Responses'!$J$4,VLOOKUP($A71,Questions!$A$2:$X$333,16,0)&"",VLOOKUP($A71,Questions!$A$2:$X$333,15,0)&"")) | F71: =VLOOKUP($A71,'Privacy Analyst Evaluation'!$A$46:$F$120,6,0)&""
A72: INTL-05 | B72: =VLOOKUP($A72,Questions!$A$2:$X$333,2,0) | C72: N/A | D72: No data is collected, processed or stored in China. | E72: =IF($C72='Auto Responses'!$J$3,VLOOKUP($A72,Questions!$A$2:$X$333,17,0)&"",IF($C72='Auto Responses'!$J$4,VLOOKUP($A72,Questions!$A$2:$X$333,16,0)&"",IF($C72='Auto Responses'!$J$5,VLOOKUP($A72,Questions!$A$2:$X$333,18,0)&"",VLOOKUP($A72,Questions!$A$2:$X$333,15,0)&""))) | F72: =VLOOKUP($A72,'Privacy Analyst Evaluation'!$A$46:$F$120,6,0)&"" | G72: End Table Data
A73: =VLOOKUP(LEFT($A74,4),'Auto Responses'!$N$4:$O$38,2,0)&"" -> Data Privacy | C73: Answer | D73: Additional Information | E73: Guidance | F73: Analyst Notes
A74: DRPV-01 | B74: =VLOOKUP($A74,Questions!$A$2:$X$333,2,0) | C74: Yes | D74: A Data Protection Impact Assessment for the Edugator platform was completed 2026-10-31 and is reviewed annually or on significant change. | E74: =IF($C74='Auto Responses'!$J$3,VLOOKUP($A74,Questions!$A$2:$X$333,17,0)&"",IF($C74='Auto Responses'!$J$4,VLOOKUP($A74,Questions!$A$2:$X$333,16,0)&"",VLOOKUP($A74,Questions!$A$2:$X$333,15,0)&"")) | F74: =VLOOKUP($A74,'Privacy Analyst Evaluation'!$A$46:$F$120,6,0)&""
A75: DRPV-02 | B75: =VLOOKUP($A75,Questions!$A$2:$X$333,2,0) | C75: Yes | D75: https://edugator.app/privacypolicy | E75: =IF($C75='Auto Responses'!$J$3,VLOOKUP($A75,Questions!$A$2:$X$333,17,0)&"",IF($C75='Auto Responses'!$J$4,VLOOKUP($A75,Questions!$A$2:$X$333,16,0)&"",VLOOKUP($A75,Questions!$A$2:$X$333,15,0)&"")) | F75: =VLOOKUP($A75,'Privacy Analyst Evaluation'!$A$46:$F$120,6,0)&""
A76: DRPV-03 | B76: =VLOOKUP($A76,Questions!$A$2:$X$333,2,0) | C76: No | D76: Choices are described in the privacy policy; there is no consent banner for analytics cookies. | E76: =IF($C76='Auto Responses'!$J$3,VLOOKUP($A76,Questions!$A$2:$X$333,17,0)&"",IF($C76='Auto Responses'!$J$4,VLOOKUP($A76,Questions!$A$2:$X$333,16,0)&"",IF($C76='Auto Responses'!$J$5,VLOOKUP($A76,Questions!$A$2:$X$333,18,0)&"",VLOOKUP($A76,Questions!$A$2:$X$333,15,0)&""))) | F76: =VLOOKUP($A76,'Privacy Analyst Evaluation'!$A$46:$F$120,6,0)&""
A77: DRPV-04 | B77: =VLOOKUP($A77,Questions!$A$2:$X$333,2,0) | C77: Yes | E77: =IF($C77='Auto Responses'!$J$3,VLOOKUP($A77,Questions!$A$2:$X$333,17,0)&"",IF($C77='Auto Responses'!$J$4,VLOOKUP($A77,Questions!$A$2:$X$333,16,0)&"",IF($C77='Auto Responses'!$J$5,VLOOKUP($A77,Questions!$A$2:$X$333,18,0)&"",VLOOKUP($A77,Questions!$A$2:$X$333,15,0)&""))) | F77: =VLOOKUP($A77,'Privacy Analyst Evaluation'!$A$46:$F$120,6,0)&""
A78: DRPV-05 | B78: =VLOOKUP($A78,Questions!$A$2:$X$333,2,0) | C78: Yes | D78: Data categories are documented in the privacy policy. | E78: =IF($C78='Auto Responses'!$J$3,VLOOKUP($A78,Questions!$A$2:$X$333,17,0)&"",IF($C78='Auto Responses'!$J$4,VLOOKUP($A78,Questions!$A$2:$X$333,16,0)&"",IF($C78='Auto Responses'!$J$5,VLOOKUP($A78,Questions!$A$2:$X$333,18,0)&"",VLOOKUP($A78,Questions!$A$2:$X$333,15,0)&""))) | F78: =VLOOKUP($A78,'Privacy Analyst Evaluation'!$A$46:$F$120,6,0)&""
A79: DRPV-06 | B79: =VLOOKUP($A79,Questions!$A$2:$X$333,2,0) | C79: No | E79: =IF($C79='Auto Responses'!$J$3,VLOOKUP($A79,Questions!$A$2:$X$333,17,0)&"",IF($C79='Auto Responses'!$J$4,VLOOKUP($A79,Questions!$A$2:$X$333,16,0)&"",IF($C79='Auto Responses'!$J$5,VLOOKUP($A79,Questions!$A$2:$X$333,18,0)&"",VLOOKUP($A79,Questions!$A$2:$X$333,15,0)&""))) | F79: =VLOOKUP($A79,'Privacy Analyst Evaluation'!$A$46:$F$120,6,0)&""
A80: DRPV-07 | B80: =VLOOKUP($A80,Questions!$A$2:$X$333,2,0) | C80: Yes | D80: Profile details are editable in account settings; other requests via legal@edugator.app. | E80: =IF($C80='Auto Responses'!$J$3,VLOOKUP($A80,Questions!$A$2:$X$333,17,0)&"",IF($C80='Auto Responses'!$J$4,VLOOKUP($A80,Questions!$A$2:$X$333,16,0)&"",IF($C80='Auto Responses'!$J$5,VLOOKUP($A80,Questions!$A$2:$X$333,18,0)&"",VLOOKUP($A80,Questions!$A$2:$X$333,15,0)&""))) | F80: =VLOOKUP($A80,'Privacy Analyst Evaluation'!$A$46:$F$120,6,0)&""
A81: DRPV-08 | B81: =VLOOKUP($A81,Questions!$A$2:$X$333,2,0) | C81: Yes | E81: =IF($C81='Auto Responses'!$J$3,VLOOKUP($A81,Questions!$A$2:$X$333,17,0)&"",IF($C81='Auto Responses'!$J$4,VLOOKUP($A81,Questions!$A$2:$X$333,16,0)&"",IF($C81='Auto Responses'!$J$5,VLOOKUP($A81,Questions!$A$2:$X$333,18,0)&"",VLOOKUP($A81,Questions!$A$2:$X$333,15,0)&""))) | F81: =VLOOKUP($A81,'Privacy Analyst Evaluation'!$A$46:$F$120,6,0)&""
A82: DRPV-09 | B82: =VLOOKUP($A82,Questions!$A$2:$X$333,2,0) | C82: Yes | D82: Authentication, role-based authorization, TLS in transit and restricted administrative access. An internal review (October 2026) identified gaps that are tracked for remediation. | E82: =IF($C82='Auto Responses'!$J$3,VLOOKUP($A82,Questions!$A$2:$X$333,17,0)&"",IF($C82='Auto Responses'!$J$4,VLOOKUP($A82,Questions!$A$2:$X$333,16,0)&"",IF($C82='Auto Responses'!$J$5,VLOOKUP($A82,Questions!$A$2:$X$333,18,0)&"",VLOOKUP($A82,Questions!$A$2:$X$333,15,0)&""))) | F82: =VLOOKUP($A82,'Privacy Analyst Evaluation'!$A$46:$F$120,6,0)&""
A83: DRPV-10 | B83: =VLOOKUP($A83,Questions!$A$2:$X$333,2,0) | C83: Yes | E83: =IF($C83='Auto Responses'!$J$3,VLOOKUP($A83,Questions!$A$2:$X$333,17,0)&"",IF($C83='Auto Responses'!$J$4,VLOOKUP($A83,Questions!$A$2:$X$333,16,0)&"",IF($C83='Auto Responses'!$J$5,VLOOKUP($A83,Questions!$A$2:$X$333,18,0)&"",VLOOKUP($A83,Questions!$A$2:$X$333,15,0)&""))) | F83: =VLOOKUP($A83,'Privacy Analyst Evaluation'!$A$46:$F$120,6,0)&""
A84: DRPV-11 | B84: =VLOOKUP($A84,Questions!$A$2:$X$333,2,0) | C84: Yes | D84: Privacy Program §6: complaints to legal@edugator.app are acknowledged within 5 business days and answered in writing within 30 days, with escalation paths. | E84: =IF($C84='Auto Responses'!$J$3,VLOOKUP($A84,Questions!$A$2:$X$333,17,0)&"",IF($C84='Auto Responses'!$J$4,VLOOKUP($A84,Questions!$A$2:$X$333,16,0)&"",IF($C84='Auto Responses'!$J$5,VLOOKUP($A84,Questions!$A$2:$X$333,18,0)&"",VLOOKUP($A84,Questions!$A$2:$X$333,15,0)&""))) | F84: =VLOOKUP($A84,'Privacy Analyst Evaluation'!$A$46:$F$120,6,0)&""
A85: DRPV-12 | B85: =VLOOKUP($A85,Questions!$A$2:$X$333,2,0) | C85: No | E85: =IF($C85='Auto Responses'!$J$3,VLOOKUP($A85,Questions!$A$2:$X$333,17,0)&"",IF($C85='Auto Responses'!$J$4,VLOOKUP($A85,Questions!$A$2:$X$333,16,0)&"",IF($C85='Auto Responses'!$J$5,VLOOKUP($A85,Questions!$A$2:$X$333,18,0)&"",VLOOKUP($A85,Questions!$A$2:$X$333,15,0)&""))) | F85: =VLOOKUP($A85,'Privacy Analyst Evaluation'!$A$46:$F$120,6,0)&""
A86: DRPV-13 | B86: =VLOOKUP($A86,Questions!$A$2:$X$333,2,0) | C86: No | E86: =IF($C86='Auto Responses'!$J$3,VLOOKUP($A86,Questions!$A$2:$X$333,17,0)&"",IF($C86='Auto Responses'!$J$4,VLOOKUP($A86,Questions!$A$2:$X$333,16,0)&"",IF($C86='Auto Responses'!$J$5,VLOOKUP($A86,Questions!$A$2:$X$333,18,0)&"",VLOOKUP($A86,Questions!$A$2:$X$333,15,0)&""))) | F86: =VLOOKUP($A86,'Privacy Analyst Evaluation'!$A$46:$F$120,6,0)&""
A87: DRPV-14 | B87: =VLOOKUP($A87,Questions!$A$2:$X$333,2,0) | C87: Yes | D87: Stop-processing and deletion requests are applied to Edugator systems and to vendors holding the data, and completion is confirmed in writing (Privacy Program §5). | E87: =IF($C87='Auto Responses'!$J$3,VLOOKUP($A87,Questions!$A$2:$X$333,17,0)&"",IF($C87='Auto Responses'!$J$4,VLOOKUP($A87,Questions!$A$2:$X$333,16,0)&"",IF($C87='Auto Responses'!$J$5,VLOOKUP($A87,Questions!$A$2:$X$333,18,0)&"",VLOOKUP($A87,Questions!$A$2:$X$333,15,0)&""))) | F87: =VLOOKUP($A87,'Privacy Analyst Evaluation'!$A$46:$F$120,6,0)&""
A88: DRPV-15 | B88: =VLOOKUP($A88,Questions!$A$2:$X$333,2,0) | C88: Yes | D88: Code review includes an ethical-impact check (fairness, academic integrity, transparency, instructor control) for changes touching personal data or AI (Privacy Program §3). | E88: =IF($C88='Auto Responses'!$J$3,VLOOKUP($A88,Questions!$A$2:$X$333,17,0)&"",IF($C88='Auto Responses'!$J$4,VLOOKUP($A88,Questions!$A$2:$X$333,16,0)&"",VLOOKUP($A88,Questions!$A$2:$X$333,15,0)&"")) | F88: =VLOOKUP($A88,'Privacy Analyst Evaluation'!$A$46:$F$120,6,0)&"" | G88: End Table Data
A89: =VLOOKUP(LEFT($A90,4),'Auto Responses'!$N$4:$O$38,2,0)&"" -> Privacy and AI | C89: Answer | D89: Additional Information | E89: Guidance | F89: Analyst Notes
A90: DPAI-01 | B90: =VLOOKUP($A90,Questions!$A$2:$X$333,2,0) | C90: Yes | D90: Student code and questions are processed by OpenAI for the AI tutor. | E90: =IF($C$19='Auto Responses'!$J$4,'Auto Responses'!$A$6,IF($C90='Auto Responses'!$J$3,VLOOKUP($A90,Questions!$A$2:$X$333,17,0)&"",IF($C90='Auto Responses'!$J$4,VLOOKUP($A90,Questions!$A$2:$X$333,16,0)&"",IF($C90='Auto Responses'!$J$5,VLOOKUP($A90,Questions!$A$2:$X$333,18,0)&"",VLOOKUP($A90,Questions!$A$2:$X$333,15,0)&"")))) | F90: =VLOOKUP($A90,'Privacy Analyst Evaluation'!$A$46:$F$120,6,0)&""
A91: DPAI-02 | B91: =VLOOKUP($A91,Questions!$A$2:$X$333,2,0) | C91: No | D91: CONFIRM: OpenAI requests are processed under zero data retention. Chat history is stored in Edugator's own database so students can return to conversations. | E91: =IF($C$19='Auto Responses'!$J$4,'Auto Responses'!$A$6,IF($C91='Auto Responses'!$J$3,VLOOKUP($A91,Questions!$A$2:$X$333,17,0)&"",IF($C91='Auto Responses'!$J$4,VLOOKUP($A91,Questions!$A$2:$X$333,16,0)&"",IF($C91='Auto Responses'!$J$5,VLOOKUP($A91,Questions!$A$2:$X$333,18,0)&"",VLOOKUP($A91,Questions!$A$2:$X$333,15,0)&"")))) | F91: =VLOOKUP($A91,'Privacy Analyst Evaluation'!$A$46:$F$120,6,0)&""
A92: DPAI-03 | B92: =VLOOKUP($A92,Questions!$A$2:$X$333,2,0) | C92: Yes | D92: CONFIRM: OpenAI API data processing terms with zero data retention; OpenAI does not train on API data. | E92: =IF($C$19='Auto Responses'!$J$4,'Auto Responses'!$A$6,IF($C92='Auto Responses'!$J$3,VLOOKUP($A92,Questions!$A$2:$X$333,17,0)&"",IF($C92='Auto Responses'!$J$4,VLOOKUP($A92,Questions!$A$2:$X$333,16,0)&"",IF($C92='Auto Responses'!$J$5,VLOOKUP($A92,Questions!$A$2:$X$333,18,0)&"",VLOOKUP($A92,Questions!$A$2:$X$333,15,0)&"")))) | F92: =VLOOKUP($A92,'Privacy Analyst Evaluation'!$A$46:$F$120,6,0)&""
A93: DPAI-04 | B93: =VLOOKUP($A93,Questions!$A$2:$X$333,2,0) | C93: Yes | D93: OpenAI. | E93: =IF($C$19='Auto Responses'!$J$4,'Auto Responses'!$A$6,IF($C93='Auto Responses'!$J$3,VLOOKUP($A93,Questions!$A$2:$X$333,17,0)&"",IF($C93='Auto Responses'!$J$4,VLOOKUP($A93,Questions!$A$2:$X$333,16,0)&"",IF($C93='Auto Responses'!$J$5,VLOOKUP($A93,Questions!$A$2:$X$333,18,0)&"",VLOOKUP($A93,Questions!$A$2:$X$333,15,0)&"")))) | F93: =VLOOKUP($A93,'Privacy Analyst Evaluation'!$A$46:$F$120,6,0)&""
A94: DPAI-05 | B94: =VLOOKUP($A94,Questions!$A$2:$X$333,2,0) | C94: Yes | D94: OpenAI API (commercial enterprise API, not consumer ChatGPT). | E94: =IF($C$19='Auto Responses'!$J$4,'Auto Responses'!$A$6,IF($C94='Auto Responses'!$J$3,VLOOKUP($A94,Questions!$A$2:$X$333,17,0)&"",IF($C94='Auto Responses'!$J$4,VLOOKUP($A94,Questions!$A$2:$X$333,16,0)&"",IF($C94='Auto Responses'!$J$5,VLOOKUP($A94,Questions!$A$2:$X$333,18,0)&"",VLOOKUP($A94,Questions!$A$2:$X$333,15,0)&"")))) | F94: =VLOOKUP($A94,'Privacy Analyst Evaluation'!$A$46:$F$120,6,0)&""
A95: DPAI-06 | B95: =VLOOKUP($A95,Questions!$A$2:$X$333,2,0) | C95: No | D95: AI processing uses the OpenAI commercial API under zero data retention, not consumer/shared AI tools. | E95: =IF($C$19='Auto Responses'!$J$4,'Auto Responses'!$A$6,IF($C95='Auto Responses'!$J$3,VLOOKUP($A95,Questions!$A$2:$X$333,17,0)&"",IF($C95='Auto Responses'!$J$4,VLOOKUP($A95,Questions!$A$2:$X$333,16,0)&"",IF($C95='Auto Responses'!$J$5,VLOOKUP($A95,Questions!$A$2:$X$333,18,0)&"",VLOOKUP($A95,Questions!$A$2:$X$333,15,0)&"")))) | F95: =VLOOKUP($A95,'Privacy Analyst Evaluation'!$A$46:$F$120,6,0)&""
A96: DPAI-07 | B96: =VLOOKUP($A96,Questions!$A$2:$X$333,2,0) | C96: No | E96: =IF($C$19='Auto Responses'!$J$4,'Auto Responses'!$A$6,IF($C96='Auto Responses'!$J$3,VLOOKUP($A96,Questions!$A$2:$X$333,17,0)&"",IF($C96='Auto Responses'!$J$4,VLOOKUP($A96,Questions!$A$2:$X$333,16,0)&"",IF($C96='Auto Responses'!$J$5,VLOOKUP($A96,Questions!$A$2:$X$333,18,0)&"",VLOOKUP($A96,Questions!$A$2:$X$333,15,0)&"")))) | F96: =VLOOKUP($A96,'Privacy Analyst Evaluation'!$A$46:$F$120,6,0)&""
A97: DPAI-08 | B97: =VLOOKUP($A97,Questions!$A$2:$X$333,2,0) | C97: No | D97: Instructors can hide the AI tutor in a course; students have no individual opt-out. | E97: =IF($C$19='Auto Responses'!$J$4,'Auto Responses'!$A$6,IF($C97='Auto Responses'!$J$3,VLOOKUP($A97,Questions!$A$2:$X$333,17,0)&"",IF($C97='Auto Responses'!$J$4,VLOOKUP($A97,Questions!$A$2:$X$333,16,0)&"",IF($C97='Auto Responses'!$J$5,VLOOKUP($A97,Questions!$A$2:$X$333,18,0)&"",VLOOKUP($A97,Questions!$A$2:$X$333,15,0)&"")))) | F97: =VLOOKUP($A97,'Privacy Analyst Evaluation'!$A$46:$F$120,6,0)&"" | G97: End Table Data
A98: Copyright © 2025 EDUCAUSE
A101: =#REF!
A102: =#REF!
...

Sheet Institution Evaluation
A1: There are cells within this worksheet are auto populated from the previous worksheets and drop down lists.
A2: HECVAT™ Institution Evaluation | I2: ='Auto Responses'!$A$36
A4: Instructions for Analysts
A5: =HLOOKUP($A$4,'Auto Responses'!$F$2:$F$7,2,0)&""
A6: =HLOOKUP($A$4,'Auto Responses'!$F$2:$F$7,3,0)&""
A7: =HLOOKUP($A$4,'Auto Responses'!$F$2:$F$7,4,0)&""
A8: =HLOOKUP($A$4,'Auto Responses'!$F$2:$F$7,5,0)&"" -> 4. Each worksheet shows a report for that section. See the "Analyst Report" sheet for a full report of all sections.
A9: =HLOOKUP($A$4,'Auto Responses'!$F$2:$F$7,6,0)&"" -> 5. If you are evaluating a question that appears in an earlier section, the Importance and Compliant Override cannot be changed but additional notes can be added.
A10: =HLOOKUP($A$4,'Auto Responses'!$F$2:$F$8,7,0)&""
A11: ='START HERE'!$B$13 | C11: =VLOOKUP($A11,'START HERE'!$B$13:$C$21,2,0)&""
A12: ='START HERE'!$B$16 | C12: =VLOOKUP($A12,'START HERE'!$B$13:$C$21,2,0)&""
A13: ='START HERE'!$B$17 | C13: =VLOOKUP($A13,'START HERE'!$B$13:$C$21,2,0)&""
A14: ='START HERE'!$B$18 | C14: =VLOOKUP($A14,'START HERE'!$B$13:$C$21,2,0)&""
A15: ='START HERE'!$B$14 | C15: =VLOOKUP($A15,'START HERE'!$B$13:$C$21,2,0)&""
A16: ='START HERE'!$B$15 | C16: =VLOOKUP($A16,'START HERE'!$B$13:$C$21,2,0)&""
A17: Date Prepared | C17: ='START HERE'!$C$3
A20: Cells A20 to A40 have intentionally been left blank. | B20: Report Sections | C20: Include in Score? | D20: Max Score | E20: Score | F20: Score % | G20: Jump to
B21: =VLOOKUP($K21,'Auto Responses'!$N$4:$O$38,2,0)&"" -> Company Information | C21: TRUE | D21: =IF($C21=TRUE,SUMIF('(backend scoring)'!$B$3:$B$333,$K21,'(backend scoring)'!$O$3:$O$333),"") | E21: =IF($C21=TRUE,SUMIF('(backend scoring)'!$B$3:$B$333,$K21,'(backend scoring)'!$P$3:$P$333),"") | F21: =IFERROR($E21/$D21,'Auto Responses'!$J$5) | G21: =$G$20&B21 | K21: COMP
B22: =VLOOKUP($K22,'Auto Responses'!$N$4:$O$38,2,0)&"" -> Documentation | C22: TRUE | D22: =IF($C22=TRUE,SUMIF('(backend scoring)'!$B$3:$B$333,$K22,'(backend scoring)'!$O$3:$O$333),"") | E22: =IF($C22=TRUE,SUMIF('(backend scoring)'!$B$3:$B$333,$K22,'(backend scoring)'!$P$3:$P$333),"") | F22: =IFERROR($E22/$D22,'Auto Responses'!$J$5) | G22: =$G$20&B22 | K22: DOCU
B23: =VLOOKUP($K23,'Auto Responses'!$N$4:$O$38,2,0)&"" -> Assessment of Third Parties | C23: TRUE | D23: =IF($C23=TRUE,SUMIF('(backend scoring)'!$B$3:$B$333,$K23,'(backend scoring)'!$O$3:$O$333),"") | E23: =IF($C23=TRUE,SUMIF('(backend scoring)'!$B$3:$B$333,$K23,'(backend scoring)'!$P$3:$P$333),"") | F23: =IFERROR($E23/$D23,'Auto Responses'!$J$5) | G23: =$G$20&B23 | K23: THRD
B24: =VLOOKUP($K24,'Auto Responses'!$N$4:$O$38,2,0)&"" -> Change Management | C24: TRUE | D24: =IF($C24=TRUE,SUMIF('(backend scoring)'!$B$3:$B$333,$K24,'(backend scoring)'!$O$3:$O$333),"") | E24: =IF($C24=TRUE,SUMIF('(backend scoring)'!$B$3:$B$333,$K24,'(backend scoring)'!$P$3:$P$333),"") | F24: =IFERROR($E24/$D24,'Auto Responses'!$J$5) | G24: =$G$20&B24 | K24: CHNG
B25: =VLOOKUP($K25,'Auto Responses'!$N$4:$O$38,2,0)&"" -> Policies, Processes, and Procedures | C25: TRUE | D25: =IF($C25=TRUE,SUMIF('(backend scoring)'!$B$3:$B$333,$K25,'(backend scoring)'!$O$3:$O$333),"") | E25: =IF($C25=TRUE,SUMIF('(backend scoring)'!$B$3:$B$333,$K25,'(backend scoring)'!$P$3:$P$333),"") | F25: =IFERROR($E25/$D25,'Auto Responses'!$J$5) | G25: =$G$20&B25 | K25: PPPR
B26: =VLOOKUP($K26,'Auto Responses'!$N$4:$O$38,2,0)&"" -> Authentication, Authorization, and Account Management | C26: TRUE | D26: =IF($C26=TRUE,SUMIF('(backend scoring)'!$B$3:$B$333,$K26,'(backend scoring)'!$O$3:$O$333),"") | E26: =IF($C26=TRUE,SUMIF('(backend scoring)'!$B$3:$B$333,$K26,'(backend scoring)'!$P$3:$P$333),"") | F26: =IFERROR($E26/$D26,'Auto Responses'!$J$5) | G26: =$G$20&B26 | K26: AAAI
B27: =VLOOKUP($K27,'Auto Responses'!$N$4:$O$38,2,0)&"" -> Data | C27: TRUE | D27: =IF($C27=TRUE,SUMIF('(backend scoring)'!$B$3:$B$333,$K27,'(backend scoring)'!$O$3:$O$333),"") | E27: =IF($C27=TRUE,SUMIF('(backend scoring)'!$B$3:$B$333,$K27,'(backend scoring)'!$P$3:$P$333),"") | F27: =IFERROR($E27/$D27,'Auto Responses'!$J$5) | G27: =$G$20&B27 | K27: DATA
B28: =VLOOKUP($K28,'Auto Responses'!$N$4:$O$38,2,0)&"" -> Application/Service Security | C28: TRUE | D28: =IF($C28=TRUE,SUMIF('(backend scoring)'!$B$3:$B$333,$K28,'(backend scoring)'!$O$3:$O$333),"") | E28: =IF($C28=TRUE,SUMIF('(backend scoring)'!$B$3:$B$333,$K28,'(backend scoring)'!$P$3:$P$333),"") | F28: =IFERROR($E28/$D28,'Auto Responses'!$J$5) | G28: =$G$20&B28 | K28: APPL
B29: =VLOOKUP($K29,'Auto Responses'!$N$4:$O$38,2,0)&"" -> Datacenter | C29: TRUE | D29: =IF($C29=TRUE,SUMIF('(backend scoring)'!$B$3:$B$333,$K29,'(backend scoring)'!$O$3:$O$333),"") | E29: =IF($C29=TRUE,SUMIF('(backend scoring)'!$B$3:$B$333,$K29,'(backend scoring)'!$P$3:$P$333),"") | F29: =IFERROR($E29/$D29,'Auto Responses'!$J$5) | G29: =$G$20&B29 | K29: DCTR
B30: =VLOOKUP($K30,'Auto Responses'!$N$4:$O$38,2,0)&"" -> Firewalls, IDS, IPS, and Networking | C30: TRUE | D30: =IF($C30=TRUE,SUMIF('(backend scoring)'!$B$3:$B$333,$K30,'(backend scoring)'!$O$3:$O$333),"") | E30: =IF($C30=TRUE,SUMIF('(backend scoring)'!$B$3:$B$333,$K30,'(backend scoring)'!$P$3:$P$333),"") | F30: =IFERROR($E30/$D30,'Auto Responses'!$J$5) | G30: =$G$20&B30 | K30: FIDP
B31: =VLOOKUP($K31,'Auto Responses'!$N$4:$O$38,2,0)&"" -> Incident Handling | C31: TRUE | D31: =IF($C31=TRUE,SUMIF('(backend scoring)'!$B$3:$B$333,$K31,'(backend scoring)'!$O$3:$O$333),"") | E31: =IF($C31=TRUE,SUMIF('(backend scoring)'!$B$3:$B$333,$K31,'(backend scoring)'!$P$3:$P$333),"") | F31: =IFERROR($E31/$D31,'Auto Responses'!$J$5) | G31: =$G$20&B31 | K31: HFIH
B32: =VLOOKUP($K32,'Auto Responses'!$N$4:$O$38,2,0)&"" -> Vulnerability Management | C32: TRUE | D32: =IF($C32=TRUE,SUMIF('(backend scoring)'!$B$3:$B$333,$K32,'(backend scoring)'!$O$3:$O$333),"") | E32: =IF($C32=TRUE,SUMIF('(backend scoring)'!$B$3:$B$333,$K32,'(backend scoring)'!$P$3:$P$333),"") | F32: =IFERROR($E32/$D32,'Auto Responses'!$J$5) | G32: =$G$20&B32 | K32: VULN
... B37: =VLOOKUP($K37,'Auto Responses'!$N$4:$O$38,2,0)&"" -> IT Accessibility | C37: TRUE | D37: =IF($C37=TRUE,SUMIF('(backend scoring)'!$B$3:$B$333,$K37,'(backend scoring)'!$O$3:$O$333),"") | E37: =IF($C37=TRUE,SUMIF('(backend scoring)'!$B$3:$B$333,$K37,'(backend scoring)'!$P$3:$P$333),"") | F37: =IFERROR($E37/$D37,'Auto Responses'!$J$5) | G37: =$G$20&B37 | K37: ITAC
B38: AI (aggregated) | C38: TRUE | D38: =IF($C38=TRUE,SUMIF('(backend scoring)'!$E$3:$E$333,'Auto Responses'!$L$20,'(backend scoring)'!$O$3:$O$333),"") | E38: =IF($C38=TRUE,SUMIF('(backend scoring)'!$E$3:$E$333,'Auto Responses'!$L$20,'(backend scoring)'!$P$3:$P$333),"") | F38: =IFERROR($E38/$D38,'Auto Responses'!$J$5) | G38: ="Jump to AI Questions"
B39: Privacy (aggregated) | C39: TRUE | D39: =IF($C39=TRUE,'Privacy Analyst Evaluation'!$D$31,"") | E39: =IF($C39=TRUE,'Privacy Analyst Evaluation'!$E$31,"") | F39: =IFERROR($E39/$D39,'Auto Responses'!$J$5) | G39: ="Jump to Privacy Scorecard"
B40: Overall Score | D40: =SUM(D21:D39) | E40: =SUM(E21:E39) | F40: =IFERROR(E40/D40,'Auto Responses'!$J$5) | J40: End Table Data
A44: HECVAT Analyst Report
A45: Institution Assessment
A46: Instructions for Analysts
A47: =HLOOKUP($A$4,'Auto Responses'!$F$2:$F$7,2,0)&""
A48: =HLOOKUP($A$4,'Auto Responses'!$F$2:$F$7,3,0)&""
A49: =HLOOKUP($A$4,'Auto Responses'!$F$2:$F$7,4,0)&""
A50: =HLOOKUP($A$4,'Auto Responses'!$F$2:$F$7,5,0)&"" -> 4. Each worksheet shows a report for that section. See the "Analyst Report" sheet for a full report of all sections.
A51: =HLOOKUP($A$4,'Auto Responses'!$F$2:$F$7,6,0)&"" -> 5. If you are evaluating a question that appears in an earlier section, the Importance and Compliant Override cannot be changed but additional notes can be added.
A52: =HLOOKUP($A$4,'Auto Responses'!$F$2:$F$8,7,0)&""
F53: Analyst Notes | G53: Analysts: Use columns G and I to override the response compliance and importance level.
A54: ID | B54: Question | C54: Answer | D54: Additional Information | E54: Guidance | F54: (Will reflect across applicable tabs) | G54: Compliant Response | H54: Compliant Override | I54: Default Importance | J54: Importance Override | K54: Non-Negotiable?
A55: =VLOOKUP(LEFT($A56,4),'Auto Responses'!$N$4:$O$38,2,0)&"" -> General Information | F55: Back to Scorecard
A56: ='START HERE'!$A$13 | B56: =VLOOKUP($A56,'START HERE'!$A$13:$E$36,2,0)&"" | C56: =VLOOKUP($A56,'START HERE'!$A$13:$E$36,3,0)&"" | D56: =IF(LEFT(VLOOKUP($A56,'START HERE'!$A$13:$E$36,5,0),21)='Auto Responses'!$A$32,'Auto Responses'!$A$33,VLOOKUP($A56,'START HERE'!$A$13:$E$36,4,0))&"" | E56: =VLOOKUP($A56,'START HERE'!$A$13:$E$36,5,0)&"" | G56: =VLOOKUP($A56,Questions!$A$2:$X$333,21,0)&"" | I56: =VLOOKUP($A56,Questions!$A$2:$X$333,23,0)&""
A57: ='START HERE'!$A$14 | B57: =VLOOKUP($A57,'START HERE'!$A$13:$E$36,2,0)&"" | C57: =VLOOKUP($A57,'START HERE'!$A$13:$E$36,3,0)&"" | D57: =IF(LEFT(VLOOKUP($A57,'START HERE'!$A$13:$E$36,5,0),21)='Auto Responses'!$A$32,'Auto Responses'!$A$33,VLOOKUP($A57,'START HERE'!$A$13:$E$36,4,0))&"" | E57: =VLOOKUP($A57,'START HERE'!$A$13:$E$36,5,0)&"" | G57: =VLOOKUP($A57,Questions!$A$2:$X$333,21,0)&"" | I57: =VLOOKUP($A57,Questions!$A$2:$X$333,23,0)&""
A58: ='START HERE'!$A$15 | B58: =VLOOKUP($A58,'START HERE'!$A$13:$E$36,2,0)&"" | C58: =VLOOKUP($A58,'START HERE'!$A$13:$E$36,3,0)&"" | D58: =IF(LEFT(VLOOKUP($A58,'START HERE'!$A$13:$E$36,5,0),21)='Auto Responses'!$A$32,'Auto Responses'!$A$33,VLOOKUP($A58,'START HERE'!$A$13:$E$36,4,0))&"" | E58: =VLOOKUP($A58,'START HERE'!$A$13:$E$36,5,0)&"" | G58: =VLOOKUP($A58,Questions!$A$2:$X$333,21,0)&"" | I58: =VLOOKUP($A58,Questions!$A$2:$X$333,23,0)&""
A59: ='START HERE'!$A$16 | B59: =VLOOKUP($A59,'START HERE'!$A$13:$E$36,2,0)&"" | C59: =VLOOKUP($A59,'START HERE'!$A$13:$E$36,3,0)&"" | D59: =IF(LEFT(VLOOKUP($A59,'START HERE'!$A$13:$E$36,5,0),21)='Auto Responses'!$A$32,'Auto Responses'!$A$33,VLOOKUP($A59,'START HERE'!$A$13:$E$36,4,0))&"" | E59: =VLOOKUP($A59,'START HERE'!$A$13:$E$36,5,0)&"" | G59: =VLOOKUP($A59,Questions!$A$2:$X$333,21,0)&"" | I59: =VLOOKUP($A59,Questions!$A$2:$X$333,23,0)&""
A60: ='START HERE'!$A$17 | B60: =VLOOKUP($A60,'START HERE'!$A$13:$E$36,2,0)&"" | C60: =VLOOKUP($A60,'START HERE'!$A$13:$E$36,3,0)&"" | D60: =IF(LEFT(VLOOKUP($A60,'START HERE'!$A$13:$E$36,5,0),21)='Auto Responses'!$A$32,'Auto Responses'!$A$33,VLOOKUP($A60,'START HERE'!$A$13:$E$36,4,0))&"" | E60: =VLOOKUP($A60,'START HERE'!$A$13:$E$36,5,0)&"" | G60: =VLOOKUP($A60,Questions!$A$2:$X$333,21,0)&"" | I60: =VLOOKUP($A60,Questions!$A$2:$X$333,23,0)&""
A61: ='START HERE'!$A$18 | B61: =VLOOKUP($A61,'START HERE'!$A$13:$E$36,2,0)&"" | C61: =VLOOKUP($A61,'START HERE'!$A$13:$E$36,3,0)&"" | D61: =IF(LEFT(VLOOKUP($A61,'START HERE'!$A$13:$E$36,5,0),21)='Auto Responses'!$A$32,'Auto Responses'!$A$33,VLOOKUP($A61,'START HERE'!$A$13:$E$36,4,0))&"" | E61: =VLOOKUP($A61,'START HERE'!$A$13:$E$36,5,0)&"" | G61: =VLOOKUP($A61,Questions!$A$2:$X$333,21,0)&"" | I61: =VLOOKUP($A61,Questions!$A$2:$X$333,23,0)&""
A62: ='START HERE'!$A$19 | B62: =VLOOKUP($A62,'START HERE'!$A$13:$E$36,2,0)&"" | C62: =VLOOKUP($A62,'START HERE'!$A$13:$E$36,3,0)&"" | D62: =IF(LEFT(VLOOKUP($A62,'START HERE'!$A$13:$E$36,5,0),21)='Auto Responses'!$A$32,'Auto Responses'!$A$33,VLOOKUP($A62,'START HERE'!$A$13:$E$36,4,0))&"" | E62: =VLOOKUP($A62,'START HERE'!$A$13:$E$36,5,0)&"" | G62: =VLOOKUP($A62,Questions!$A$2:$X$333,21,0)&"" | I62: =VLOOKUP($A62,Questions!$A$2:$X$333,23,0)&""
A63: ='START HERE'!$A$20 | B63: =VLOOKUP($A63,'START HERE'!$A$13:$E$36,2,0)&"" | C63: =VLOOKUP($A63,'START HERE'!$A$13:$E$36,3,0)&"" | D63: =IF(LEFT(VLOOKUP($A63,'START HERE'!$A$13:$E$36,5,0),21)='Auto Responses'!$A$32,'Auto Responses'!$A$33,VLOOKUP($A63,'START HERE'!$A$13:$E$36,4,0))&"" | E63: =VLOOKUP($A63,'START HERE'!$A$13:$E$36,5,0)&"" | G63: =VLOOKUP($A63,Questions!$A$2:$X$333,21,0)&"" | I63: =VLOOKUP($A63,Questions!$A$2:$X$333,23,0)&""
A64: ='START HERE'!$A$21 | B64: =VLOOKUP($A64,'START HERE'!$A$13:$E$36,2,0)&"" | C64: =VLOOKUP($A64,'START HERE'!$A$13:$E$36,3,0)&"" | D64: =IF(LEFT(VLOOKUP($A64,'START HERE'!$A$13:$E$36,5,0),21)='Auto Responses'!$A$32,'Auto Responses'!$A$33,VLOOKUP($A64,'START HERE'!$A$13:$E$36,4,0))&"" | E64: =VLOOKUP($A64,'START HERE'!$A$13:$E$36,5,0)&"" | G64: =VLOOKUP($A64,Questions!$A$2:$X$333,21,0)&"" | I64: =VLOOKUP($A64,Questions!$A$2:$X$333,23,0)&""
A65: =VLOOKUP(LEFT($A66,4),'Auto Responses'!$N$4:$O$38,2,0)&"" -> Company Information | F65: Back to Scorecard | G65: Compliant Response | H65: Compliant Override | I65: Default Importance | J65: Importance Override | K65: Non-Negotiable?
A66: ='START HERE'!$A$23 | B66: =VLOOKUP($A66,'START HERE'!$A$13:$E$36,2,0)&"" | C66: =VLOOKUP($A66,'START HERE'!$A$13:$E$36,3,0)&"" | D66: =IF(LEFT(VLOOKUP($A66,'START HERE'!$A$13:$E$36,5,0),21)='Auto Responses'!$A$32,'Auto Responses'!$A$33,VLOOKUP($A66,'START HERE'!$A$13:$E$36,4,0))&"" | E66: =VLOOKUP($A66,'START HERE'!$A$13:$E$36,5,0)&"" | G66: =VLOOKUP($A66,Questions!$A$2:$X$333,21,0)&"" | I66: =VLOOKUP($A66,Questions!$A$2:$X$333,23,0)&"" | K66: FALSE
A67: ='START HERE'!$A$24 | B67: =VLOOKUP($A67,'START HERE'!$A$13:$E$36,2,0)&"" | C67: =VLOOKUP($A67,'START HERE'!$A$13:$E$36,3,0)&"" | D67: =IF(LEFT(VLOOKUP($A67,'START HERE'!$A$13:$E$36,5,0),21)='Auto Responses'!$A$32,'Auto Responses'!$A$33,VLOOKUP($A67,'START HERE'!$A$13:$E$36,4,0))&"" | E67: =VLOOKUP($A67,'START HERE'!$A$13:$E$36,5,0)&"" | G67: =VLOOKUP($A67,Questions!$A$2:$X$333,21,0)&"" | I67: =VLOOKUP($A67,Questions!$A$2:$X$333,23,0)&"" | K67: FALSE
A68: ='START HERE'!$A$25 | B68: =VLOOKUP($A68,'START HERE'!$A$13:$E$36,2,0)&"" | C68: =VLOOKUP($A68,'START HERE'!$A$13:$E$36,3,0)&"" | D68: =IF(LEFT(VLOOKUP($A68,'START HERE'!$A$13:$E$36,5,0),21)='Auto Responses'!$A$32,'Auto Responses'!$A$33,VLOOKUP($A68,'START HERE'!$A$13:$E$36,4,0))&"" | E68: =VLOOKUP($A68,'START HERE'!$A$13:$E$36,5,0)&"" | G68: =VLOOKUP($A68,Questions!$A$2:$X$333,21,0)&"" | I68: =VLOOKUP($A68,Questions!$A$2:$X$333,23,0)&"" | K68: FALSE
A69: ='START HERE'!$A$26 | B69: =VLOOKUP($A69,'START HERE'!$A$13:$E$36,2,0)&"" | C69: =VLOOKUP($A69,'START HERE'!$A$13:$E$36,3,0)&"" | D69: =IF(LEFT(VLOOKUP($A69,'START HERE'!$A$13:$E$36,5,0),21)='Auto Responses'!$A$32,'Auto Responses'!$A$33,VLOOKUP($A69,'START HERE'!$A$13:$E$36,4,0))&"" | E69: =VLOOKUP($A69,'START HERE'!$A$13:$E$36,5,0)&"" | G69: =VLOOKUP($A69,Questions!$A$2:$X$333,21,0)&"" | I69: =VLOOKUP($A69,Questions!$A$2:$X$333,23,0)&"" | K69: FALSE
A70: ='START HERE'!$A$27 | B70: =VLOOKUP($A70,'START HERE'!$A$13:$E$36,2,0)&"" | C70: =VLOOKUP($A70,'START HERE'!$A$13:$E$36,3,0)&"" | D70: =IF(LEFT(VLOOKUP($A70,'START HERE'!$A$13:$E$36,5,0),21)='Auto Responses'!$A$32,'Auto Responses'!$A$33,VLOOKUP($A70,'START HERE'!$A$13:$E$36,4,0))&"" | E70: =VLOOKUP($A70,'START HERE'!$A$13:$E$36,5,0)&"" | G70: =VLOOKUP($A70,Questions!$A$2:$X$333,21,0)&"" | I70: Not scored | K70: FALSE
A71: =VLOOKUP(LEFT($A72,4),'Auto Responses'!$N$4:$O$38,2,0)&"" -> Required Questions | F71: Back to Scorecard | G71: Compliant Response | H71: Compliant Override | I71: Default Importance | J71: Importance Override | K71: Non-Negotiable?
A72: ='START HERE'!$A$29 | B72: =VLOOKUP($A72,'START HERE'!$A$13:$E$36,2,0)&"" | C72: =VLOOKUP($A72,'START HERE'!$A$13:$E$36,3,0)&"" | D72: =IF(LEFT(VLOOKUP($A72,'START HERE'!$A$13:$E$36,5,0),21)='Auto Responses'!$A$32,'Auto Responses'!$A$33,VLOOKUP($A72,'START HERE'!$A$13:$E$36,4,0))&"" | E72: =VLOOKUP($A72,'START HERE'!$A$13:$E$36,5,0)&"" | G72: =VLOOKUP($A72,Questions!$A$2:$X$333,21,0)&"" | I72: =VLOOKUP($A72,Questions!$A$2:$X$333,23,0)&"" | K72: FALSE
A73: ='START HERE'!$A$30 | B73: =VLOOKUP($A73,'START HERE'!$A$13:$E$36,2,0)&"" | C73: =VLOOKUP($A73,'START HERE'!$A$13:$E$36,3,0)&"" | D73: =IF(LEFT(VLOOKUP($A73,'START HERE'!$A$13:$E$36,5,0),21)='Auto Responses'!$A$32,'Auto Responses'!$A$33,VLOOKUP($A73,'START HERE'!$A$13:$E$36,4,0))&"" | E73: =VLOOKUP($A73,'START HERE'!$A$13:$E$36,5,0)&"" | G73: =VLOOKUP($A73,Questions!$A$2:$X$333,21,0)&"" | I73: =VLOOKUP($A73,Questions!$A$2:$X$333,23,0)&"" | K73: FALSE
A74: ='START HERE'!$A$31 | B74: =VLOOKUP($A74,'START HERE'!$A$13:$E$36,2,0)&"" | C74: =VLOOKUP($A74,'START HERE'!$A$13:$E$36,3,0)&"" | D74: =IF(LEFT(VLOOKUP($A74,'START HERE'!$A$13:$E$36,5,0),21)='Auto Responses'!$A$32,'Auto Responses'!$A$33,VLOOKUP($A74,'START HERE'!$A$13:$E$36,4,0))&"" | E74: =VLOOKUP($A74,'START HERE'!$A$13:$E$36,5,0)&"" | G74: =VLOOKUP($A74,Questions!$A$2:$X$333,21,0)&"" | I74: =VLOOKUP($A74,Questions!$A$2:$X$333,23,0)&"" | K74: FALSE
A75: ='START HERE'!$A$32 | B75: =VLOOKUP($A75,'START HERE'!$A$13:$E$36,2,0)&"" | C75: =VLOOKUP($A75,'START HERE'!$A$13:$E$36,3,0)&"" | D75: =IF(LEFT(VLOOKUP($A75,'START HERE'!$A$13:$E$36,5,0),21)='Auto Responses'!$A$32,'Auto Responses'!$A$33,VLOOKUP($A75,'START HERE'!$A$13:$E$36,4,0))&"" | E75: =VLOOKUP($A75,'START HERE'!$A$13:$E$36,5,0)&"" | G75: =VLOOKUP($A75,Questions!$A$2:$X$333,21,0)&"" | I75: =VLOOKUP($A75,Questions!$A$2:$X$333,23,0)&"" | K75: FALSE
A76: ='START HERE'!$A$33 | B76: =VLOOKUP($A76,'START HERE'!$A$13:$E$36,2,0)&"" | C76: =VLOOKUP($A76,'START HERE'!$A$13:$E$36,3,0)&"" | D76: =IF(LEFT(VLOOKUP($A76,'START HERE'!$A$13:$E$36,5,0),21)='Auto Responses'!$A$32,'Auto Responses'!$A$33,VLOOKUP($A76,'START HERE'!$A$13:$E$36,4,0))&"" | E76: =VLOOKUP($A76,'START HERE'!$A$13:$E$36,5,0)&"" | G76: =VLOOKUP($A76,Questions!$A$2:$X$333,21,0)&"" | I76: =VLOOKUP($A76,Questions!$A$2:$X$333,23,0)&"" | K76: FALSE
A77: ='START HERE'!$A$34 | B77: =VLOOKUP($A77,'START HERE'!$A$13:$E$36,2,0)&"" | C77: =VLOOKUP($A77,'START HERE'!$A$13:$E$36,3,0)&"" | D77: =IF(LEFT(VLOOKUP($A77,'START HERE'!$A$13:$E$36,5,0),21)='Auto Responses'!$A$32,'Auto Responses'!$A$33,VLOOKUP($A77,'START HERE'!$A$13:$E$36,4,0))&"" | E77: =VLOOKUP($A77,'START HERE'!$A$13:$E$36,5,0)&"" | G77: =VLOOKUP($A77,Questions!$A$2:$X$333,21,0)&"" | I77: =VLOOKUP($A77,Questions!$A$2:$X$333,23,0)&"" | K77: FALSE
A78: ='START HERE'!$A$35 | B78: =VLOOKUP($A78,'START HERE'!$A$13:$E$36,2,0)&"" | C78: =VLOOKUP($A78,'START HERE'!$A$13:$E$36,3,0)&"" | D78: =IF(LEFT(VLOOKUP($A78,'START HERE'!$A$13:$E$36,5,0),21)='Auto Responses'!$A$32,'Auto Responses'!$A$33,VLOOKUP($A78,'START HERE'!$A$13:$E$36,4,0))&"" | E78: =VLOOKUP($A78,'START HERE'!$A$13:$E$36,5,0)&"" | G78: =VLOOKUP($A78,Questions!$A$2:$X$333,21,0)&"" | I78: =VLOOKUP($A78,Questions!$A$2:$X$333,23,0)&"" | K78: FALSE
A79: ='START HERE'!$A$36 | B79: =VLOOKUP($A79,'START HERE'!$A$13:$E$36,2,0)&"" | C79: =VLOOKUP($A79,'START HERE'!$A$13:$E$36,3,0)&"" | D79: =IF(LEFT(VLOOKUP($A79,'START HERE'!$A$13:$E$36,5,0),21)='Auto Responses'!$A$32,'Auto Responses'!$A$33,VLOOKUP($A79,'START HERE'!$A$13:$E$36,4,0))&"" | E79: =VLOOKUP($A79,'START HERE'!$A$13:$E$36,5,0)&"" | G79: =VLOOKUP($A79,Questions!$A$2:$X$333,21,0)&"" | I79: =VLOOKUP($A79,Questions!$A$2:$X$333,23,0)&"" | K79: FALSE
A80: =VLOOKUP(LEFT($A81,4),'Auto Responses'!$N$4:$O$38,2,0)&"" -> Documentation | F80: Back to Scorecard | G80: Compliant Response | H80: Compliant Override | I80: Default Importance | J80: Importance Override | K80: Non-Negotiable?
A81: =Organization!$A$22 | B81: =VLOOKUP($A81,Organization!$A$13:$E$67,2,0)&"" | C81: =VLOOKUP($A81,Organization!$A$13:$E$67,3,0)&"" | D81: =IF(LEFT(VLOOKUP($A81,Organization!$A$13:$E$67,5,0),21)='Auto Responses'!$A$32,'Auto Responses'!$A$33,VLOOKUP($A81,Organization!$A$13:$E$67,4,0))&"" | E81: =VLOOKUP($A81,Organization!$A$13:$E$67,5,0)&"" | G81: =VLOOKUP($A81,Questions!$A$2:$X$333,21,0)&"" | I81: =VLOOKUP($A81,Questions!$A$2:$X$333,23,0)&"" | K81: FALSE
A82: =Organization!$A$23 | B82: =VLOOKUP($A82,Organization!$A$13:$E$67,2,0)&"" | C82: =VLOOKUP($A82,Organization!$A$13:$E$67,3,0)&"" | D82: =IF(LEFT(VLOOKUP($A82,Organization!$A$13:$E$67,5,0),21)='Auto Responses'!$A$32,'Auto Responses'!$A$33,VLOOKUP($A82,Organization!$A$13:$E$67,4,0))&"" | E82: =VLOOKUP($A82,Organization!$A$13:$E$67,5,0)&"" | G82: =VLOOKUP($A82,Questions!$A$2:$X$333,21,0)&"" | I82: =VLOOKUP($A82,Questions!$A$2:$X$333,23,0)&"" | K82: FALSE
A83: =Organization!$A$24 | B83: =VLOOKUP($A83,Organization!$A$13:$E$67,2,0)&"" | C83: =VLOOKUP($A83,Organization!$A$13:$E$67,3,0)&"" | D83: =IF(LEFT(VLOOKUP($A83,Organization!$A$13:$E$67,5,0),21)='Auto Responses'!$A$32,'Auto Responses'!$A$33,VLOOKUP($A83,Organization!$A$13:$E$67,4,0))&"" | E83: =VLOOKUP($A83,Organization!$A$13:$E$67,5,0)&"" | G83: =VLOOKUP($A83,Questions!$A$2:$X$333,21,0)&"" | I83: =VLOOKUP($A83,Questions!$A$2:$X$333,23,0)&"" | K83: FALSE
A84: =Organization!$A$25 | B84: =VLOOKUP($A84,Organization!$A$13:$E$67,2,0)&"" | C84: =VLOOKUP($A84,Organization!$A$13:$E$67,3,0)&"" | D84: =IF(LEFT(VLOOKUP($A84,Organization!$A$13:$E$67,5,0),21)='Auto Responses'!$A$32,'Auto Responses'!$A$33,VLOOKUP($A84,Organization!$A$13:$E$67,4,0))&"" | E84: =VLOOKUP($A84,Organization!$A$13:$E$67,5,0)&"" | G84: =VLOOKUP($A84,Questions!$A$2:$X$333,21,0)&"" | I84: =VLOOKUP($A84,Questions!$A$2:$X$333,23,0)&"" | K84: FALSE
A85: =Organization!$A$26 | B85: =VLOOKUP($A85,Organization!$A$13:$E$67,2,0)&"" | C85: =VLOOKUP($A85,Organization!$A$13:$E$67,3,0)&"" | D85: =IF(LEFT(VLOOKUP($A85,Organization!$A$13:$E$67,5,0),21)='Auto Responses'!$A$32,'Auto Responses'!$A$33,VLOOKUP($A85,Organization!$A$13:$E$67,4,0))&"" | E85: =VLOOKUP($A85,Organization!$A$13:$E$67,5,0)&"" | G85: =VLOOKUP($A85,Questions!$A$2:$X$333,21,0)&"" | I85: =VLOOKUP($A85,Questions!$A$2:$X$333,23,0)&"" | K85: FALSE
A86: =Organization!$A$27 | B86: =VLOOKUP($A86,Organization!$A$13:$E$67,2,0)&"" | C86: =VLOOKUP($A86,Organization!$A$13:$E$67,3,0)&"" | D86: =IF(LEFT(VLOOKUP($A86,Organization!$A$13:$E$67,5,0),21)='Auto Responses'!$A$32,'Auto Responses'!$A$33,VLOOKUP($A86,Organization!$A$13:$E$67,4,0))&"" | E86: =VLOOKUP($A86,Organization!$A$13:$E$67,5,0)&"" | G86: =VLOOKUP($A86,Questions!$A$2:$X$333,21,0)&"" | I86: =VLOOKUP($A86,Questions!$A$2:$X$333,23,0)&"" | K86: FALSE
A87: =Organization!$A$28 | B87: =VLOOKUP($A87,Organization!$A$13:$E$67,2,0)&"" | C87: =VLOOKUP($A87,Organization!$A$13:$E$67,3,0)&"" | D87: =IF(LEFT(VLOOKUP($A87,Organization!$A$13:$E$67,5,0),21)='Auto Responses'!$A$32,'Auto Responses'!$A$33,VLOOKUP($A87,Organization!$A$13:$E$67,4,0))&"" | E87: =VLOOKUP($A87,Organization!$A$13:$E$67,5,0)&"" | G87: =VLOOKUP($A87,Questions!$A$2:$X$333,21,0)&"" | I87: =VLOOKUP($A87,Questions!$A$2:$X$333,23,0)&"" | K87: FALSE
A88: =VLOOKUP(LEFT($A89,4),'Auto Responses'!$N$4:$O$38,2,0)&"" -> Assessment of Third Parties | F88: Back to Scorecard | G88: Compliant Response | H88: Compliant Override | I88: Default Importance | J88: Importance Override | K88: Non-Negotiable?
A89: =Organization!$A$30 | B89: =VLOOKUP($A89,Organization!$A$13:$E$67,2,0)&"" | C89: =VLOOKUP($A89,Organization!$A$13:$E$67,3,0)&"" | D89: =IF(LEFT(VLOOKUP($A89,Organization!$A$13:$E$67,5,0),21)='Auto Responses'!$A$32,'Auto Responses'!$A$33,VLOOKUP($A89,Organization!$A$13:$E$67,4,0))&"" | E89: =VLOOKUP($A89,Organization!$A$13:$E$67,5,0)&"" | G89: =VLOOKUP($A89,Questions!$A$2:$X$333,21,0)&"" | I89: =VLOOKUP($A89,Questions!$A$2:$X$333,23,0)&"" | K89: FALSE
A90: =Organization!$A$31 | B90: =VLOOKUP($A90,Organization!$A$13:$E$67,2,0)&"" | C90: =VLOOKUP($A90,Organization!$A$13:$E$67,3,0)&"" | D90: =IF(LEFT(VLOOKUP($A90,Organization!$A$13:$E$67,5,0),21)='Auto Responses'!$A$32,'Auto Responses'!$A$33,VLOOKUP($A90,Organization!$A$13:$E$67,4,0))&"" | E90: =VLOOKUP($A90,Organization!$A$13:$E$67,5,0)&"" | G90: =VLOOKUP($A90,Questions!$A$2:$X$333,21,0)&"" | I90: =VLOOKUP($A90,Questions!$A$2:$X$333,23,0)&"" | K90: FALSE
A91: =Organization!$A$32 | B91: =VLOOKUP($A91,Organization!$A$13:$E$67,2,0)&"" | C91: =VLOOKUP($A91,Organization!$A$13:$E$67,3,0)&"" | D91: =IF(LEFT(VLOOKUP($A91,Organization!$A$13:$E$67,5,0),21)='Auto Responses'!$A$32,'Auto Responses'!$A$33,VLOOKUP($A91,Organization!$A$13:$E$67,4,0))&"" | E91: =VLOOKUP($A91,Organization!$A$13:$E$67,5,0)&"" | G91: =VLOOKUP($A91,Questions!$A$2:$X$333,21,0)&"" | I91: =VLOOKUP($A91,Questions!$A$2:$X$333,23,0)&"" | K91: FALSE
A92: =Organization!$A$33 | B92: =VLOOKUP($A92,Organization!$A$13:$E$67,2,0)&"" | C92: =VLOOKUP($A92,Organization!$A$13:$E$67,3,0)&"" | D92: =IF(LEFT(VLOOKUP($A92,Organization!$A$13:$E$67,5,0),21)='Auto Responses'!$A$32,'Auto Responses'!$A$33,VLOOKUP($A92,Organization!$A$13:$E$67,4,0))&"" | E92: =VLOOKUP($A92,Organization!$A$13:$E$67,5,0)&"" | G92: =VLOOKUP($A92,Questions!$A$2:$X$333,21,0)&"" | I92: =VLOOKUP($A92,Questions!$A$2:$X$333,23,0)&"" | K92: FALSE
